Workbook

Sheet START HERE
A1: Cells contained in this worksheet may contain cells with dropdown lists as well as autopopulated formulas.
A2: HECVAT™ Solution Provider Response - Start Here | F2: ='Auto Responses'!$A$36 -> Version 4.1.6
A3: Date Completed | B3: 46307
A4: Instructions for Solution Providers
A5: =HLOOKUP($A$4,'Auto Responses'!$D$2:$D$8,2,0)&"" -> 1. Complete the "Start Here" tab and review the "Required Questions" guidance to find the other sections are required for your product or service.
A6: =HLOOKUP($A$4,'Auto Responses'!$D$2:$D$8,3,0)&"" -> 2. Complete the "Organization" tab and the applicable questions in each of the next 5 tabs (Product through Privacy) that apply, based on your answers to the "Required Questions."
A7: =HLOOKUP($A$4,'Auto Responses'!$D$2:$D$8,4,0)&"" -> 3. Guidance in column E may change based on your answers to prompt details in "Additional Information." If leaving an answer blank, you must also state why in "Additional Information".
A8: =HLOOKUP($A$4,'Auto Responses'!$D$2:$D$8,5,0)&"" -> 4. DO NOT complete any fields in the "Evaluation" sheets or the "Analyst Notes" column.
A9: =HLOOKUP($A$4,'Auto Responses'!$D$2:$D$8,6,0)&"" -> 5. Return the completed file to institutions.
A10: =HLOOKUP($A$4,'Auto Responses'!$D$2:$D$8,7,0)&"" -> * Denotes critical questions. Critical questions are those deemed most important to institutions by higher education volunteers.
A11: =HLOOKUP($A$4,'Auto Responses'!$D$2:$D$9,8,0)&"" -> For full instructions, please visit educause.edu/HECVAT
A12: =VLOOKUP(LEFT($A13,4),'Auto Responses'!$N$4:$O$38,2,0)&"" -> General Information
A13: GNRL-01 | B13: =VLOOKUP($A13,Questions!$A$2:$X$333,2,0)&"" -> Solution Provider Name | C13: SmartPLS GmbH
A14: GNRL-02 | B14: =VLOOKUP($A14,Questions!$A$2:$X$333,2,0)&"" -> Solution Name | C14: SmartPLS 4.1.1.9 (SmartPLS Desktop)
A15: GNRL-03 | B15: =VLOOKUP($A15,Questions!$A$2:$X$333,2,0)&"" -> Solution Description | C15: SmartPLS is a desktop software application for Partial Least Squares Structural Equation Modeling (PLS-SEM) and related multivariate statistical methods. It is used primarily by academic researchers, and increasingly by business analysts, to develop and test theoretical models using survey and other quantitative data.
A16: GNRL-04 | B16: =VLOOKUP($A16,Questions!$A$2:$X$333,2,0)&"" -> Solution Provider Contact Name | C16: Sven Wende
A17: GNRL-05 | B17: =VLOOKUP($A17,Questions!$A$2:$X$333,2,0)&"" -> Solution Provider Contact Title | C17: Co-Founder & Managing Director
A18: GNRL-06 | B18: =VLOOKUP($A18,Questions!$A$2:$X$333,2,0)&"" -> Solution Provider Contact Email | C18: s.wende@smartpls.gmbh
A19: GNRL-07 | B19: =VLOOKUP($A19,Questions!$A$2:$X$333,2,0)&"" -> Solution Provider Contact Phone Number | C19: +49 02173 2643460
A20: GNRL-08 | B20: =VLOOKUP($A20,Questions!$A$2:$X$333,2,0)&"" -> Country of Company Headquarters | C20: Germany
A21: GNRL-09 | B21: =VLOOKUP($A21,Questions!$A$2:$X$333,2,0)&"" -> Employee Work Locations (all) | C21: Germany, Norway
A22: =VLOOKUP(LEFT($A23,4),'Auto Responses'!$N$4:$O$38,2,0)&"" -> Company Information | C22: Answer | D22: Additional Information | E22: Guidance | F22: Analyst Notes
A23: COMP-01 | B23: =VLOOKUP($A23,Questions!$A$2:$X$333,2,0)&"" -> Do you have a dedicated software and system development team(s) (e.g., customer support, implementation, product management, etc.)?* | C23: No | E23: =IF($C23='Auto Responses'!$J$3,VLOOKUP($A23,Questions!$A$2:$X$333,17,0)&"",IF($C23='Auto Responses'!$J$4,VLOOKUP($A23,Questions!$A$2:$X$333,16,0)&"",IF($C23='Auto Responses'!$J$5,VLOOKUP($A23,Questions!$A$2:$X$333,18,0)&"",VLOOKUP($A23,Questions!$A$2:$X$333,15,0)&""))) -> Describe any plans to create a dedicated software and system development team. | F23: =VLOOKUP($A23,'Institution Evaluation'!$A$56:$F$345,6,0)&""
A24: COMP-02 | B24: =VLOOKUP($A24,Questions!$A$2:$X$333,2,0)&"" -> Describe your organization’s business background and ownership structure, including all parent and subsidiary relationships. | C24: SmartPLS GmbH is a privately held, founder-owned German Gesellschaft mit beschränkter Haftung (GmbH), headquartered in Bönningstedt, Germany. It has three shareholders, who are also its only personnel (two based in Germany, one in Norway). SmartPLS GmbH has no parent company and no subsidiaries. | E24: =IF($C24='Auto Responses'!$J$3,VLOOKUP($A24,Questions!$A$2:$X$333,17,0)&"",IF($C24='Auto Responses'!$J$4,VLOOKUP($A24,Questions!$A$2:$X$333,16,0)&"",VLOOKUP($A24,Questions!$A$2:$X$333,15,0)&"")) -> Include circumstances that may involve offshoring or multinational agreements. | F24: =VLOOKUP($A24,'Institution Evaluation'!$A$56:$F$345,6,0)&""
A25: COMP-03 | B25: =VLOOKUP($A25,Questions!$A$2:$X$333,2,0)&"" -> Have you operated without unplanned disruptions to this solution in the past 12 months? | C25: Yes | D25: No unplanned disruptions to the SmartPLS Desktop software or license service in the past 12 months. | E25: =IF($C25='Auto Responses'!$J$3,VLOOKUP($A25,Questions!$A$2:$X$333,17,0)&"",IF($C25='Auto Responses'!$J$4,VLOOKUP($A25,Questions!$A$2:$X$333,16,0)&"",VLOOKUP($A25,Questions!$A$2:$X$333,15,0)&"")) | F25: =VLOOKUP($A25,'Institution Evaluation'!$A$56:$F$345,6,0)&""
A26: COMP-04 | B26: =VLOOKUP($A26,Questions!$A$2:$X$333,2,0)&"" -> Do you have a dedicated information security staff or office? | C26: No | E26: =IF($C26='Auto Responses'!$J$3,VLOOKUP($A26,Questions!$A$2:$X$333,17,0)&"",IF($C26='Auto Responses'!$J$4,VLOOKUP($A26,Questions!$A$2:$X$333,16,0)&"",VLOOKUP($A26,Questions!$A$2:$X$333,15,0)&"")) -> Describe any plans to create an information security office for your organization. | F26: =VLOOKUP($A26,'Institution Evaluation'!$A$56:$F$345,6,0)&""
A27: COMP-05 | B27: =VLOOKUP($A27,Questions!$A$2:$X$333,2,0)&"" -> Use this area to share information about your environment that will assist those who are assessing your company's data security program. | C27: SmartPLS Desktop is a locally installed application: customer research data is created, processed, and stored entirely on the customer’s own device and is never transmitted to or accessible by SmartPLS. The only data SmartPLS GmbH itself handles are (a) license administration data (name, email, institution), processed via our licensing provider Nalpeiron; (b) optional, anonymized usage/crash telemetry received on our own EU-hosted servers (Domainfactory and Strato); and (c) payment data, which is handled entirely by our payment service provider, Adyen, and never touches SmartPLS systems. | E27: =IF($C27='Auto Responses'!$J$3,VLOOKUP($A27,Questions!$A$2:$X$333,17,0)&"",IF($C27='Auto Responses'!$J$4,VLOOKUP($A27,Questions!$A$2:$X$333,16,0)&"",VLOOKUP($A27,Questions!$A$2:$X$333,15,0)&"")) -> Share any details that would help information security analysts assess your solution. | F27: =VLOOKUP($A27,'Institution Evaluation'!$A$56:$F$345,6,0)&"" | G27: End Table Data
A28: =VLOOKUP(LEFT($A29,4),'Auto Responses'!$N$4:$O$38,2,0)&"" -> Required Questions | C28: Answer | D28: Additional Information | E28: Guidance | F28: Analyst Notes
A29: REQU-01 | B29: =VLOOKUP($A29,Questions!$A$2:$X$333,2,0)&"" -> Are you offering a cloud-based product? | C29: No | D29: SmartPLS is a locally installed Java application; it is not a cloud-hosted product. | E29: =IF($C29='Auto Responses'!$J$3,VLOOKUP($A29,Questions!$A$2:$X$333,17,0)&"",IF($C29='Auto Responses'!$J$4,VLOOKUP($A29,Questions!$A$2:$X$333,16,0)&"",VLOOKUP($A29,Questions!$A$2:$X$333,15,0)&"")) -> DO NOT complete the Product and Infrastructure worksheets | F29: =VLOOKUP($A29,'Institution Evaluation'!$A$56:$F$345,6,0)&""
A30: REQU-02 | B30: =VLOOKUP($A30,Questions!$A$2:$X$333,2,0)&"" -> Does your product or service have an interface? | C30: Yes | D30: SmartPLS Desktop has a graphical user interface. | E30: =IF($C30='Auto Responses'!$J$3,VLOOKUP($A30,Questions!$A$2:$X$333,17,0)&"",IF($C30='Auto Responses'!$J$4,VLOOKUP($A30,Questions!$A$2:$X$333,16,0)&"",VLOOKUP($A30,Questions!$A$2:$X$333,15,0)&"")) -> DO complete the IT Accessibility worksheet. | F30: =VLOOKUP($A30,'Institution Evaluation'!$A$56:$F$345,6,0)&""
A31: REQU-03 | B31: =VLOOKUP($A31,Questions!$A$2:$X$333,2,0)&"" -> Are you providing consulting services? | C31: No | D31: SmartPLS does not provide consulting services as part of this engagement. | E31: =IF($C31='Auto Responses'!$J$3,VLOOKUP($A31,Questions!$A$2:$X$333,17,0)&"",IF($C31='Auto Responses'!$J$4,VLOOKUP($A31,Questions!$A$2:$X$333,16,0)&"",VLOOKUP($A31,Questions!$A$2:$X$333,15,0)&"")) -> DO NOT complete the Consulting section in the Case-Specific worksheet | F31: =VLOOKUP($A31,'Institution Evaluation'!$A$56:$F$345,6,0)&""
A32: REQU-04 | B32: =VLOOKUP($A32,Questions!$A$2:$X$333,2,0)&"" -> Does your solution have AI features, or are there plans to implement AI features in the next 12 months? | C32: No | D32: SmartPLS Desktop has no AI or machine-learning features, and none are planned in the next 12 months. | E32: =IF($C32='Auto Responses'!$J$3,VLOOKUP($A32,Questions!$A$2:$X$333,17,0)&"",IF($C32='Auto Responses'!$J$4,VLOOKUP($A32,Questions!$A$2:$X$333,16,0)&"",VLOOKUP($A32,Questions!$A$2:$X$333,15,0)&"")) -> DO NOT complete the Artificial Intelligence (AI) worksheet | F32: =VLOOKUP($A32,'Institution Evaluation'!$A$56:$F$345,6,0)&""
A33: REQU-05 | B33: =VLOOKUP($A33,Questions!$A$2:$X$333,2,0)&"" -> Does your solution process protected health information (PHI) or any data covered by the Health Insurance Portability and Accountability Act (HIPAA)? | C33: No | D33: SmartPLS does not process protected health information or other HIPAA-covered data. | E33: =IF($C33='Auto Responses'!$J$3,VLOOKUP($A33,Questions!$A$2:$X$333,17,0)&"",IF($C33='Auto Responses'!$J$4,VLOOKUP($A33,Questions!$A$2:$X$333,16,0)&"",VLOOKUP($A33,Questions!$A$2:$X$333,15,0)&"")) -> DO NOT complete the HIPAA section in the Case-Specific worksheet | F33: =VLOOKUP($A33,'Institution Evaluation'!$A$56:$F$345,6,0)&""
A34: REQU-06 | B34: =VLOOKUP($A34,Questions!$A$2:$X$333,2,0)&"" -> Is the solution designed to process, store, or transmit credit card information? | C34: No | D34: License purchases are processed by our payment service provider, Adyen; SmartPLS does not itself store, process, or transmit cardholder data. | E34: =IF($C34='Auto Responses'!$J$3,VLOOKUP($A34,Questions!$A$2:$X$333,17,0)&"",IF($C34='Auto Responses'!$J$4,VLOOKUP($A34,Questions!$A$2:$X$333,16,0)&"",VLOOKUP($A34,Questions!$A$2:$X$333,15,0)&"")) -> DO NOT complete the PCI-DSS section in the Case-Specific worksheet | F34: =VLOOKUP($A34,'Institution Evaluation'!$A$56:$F$345,6,0)&""
A35: REQU-07 | B35: =VLOOKUP($A35,Questions!$A$2:$X$333,2,0)&"" -> Does operating your solution require the institution to operate a physical or virtual appliance in their own environment or to provide inbound firewall exceptions to allow your employees to remotely administer systems in the institution's environment? | C35: No | D35: SmartPLS Desktop requires no institution-hosted appliance and no inbound firewall exceptions for remote administration. | E35: =IF($C35='Auto Responses'!$J$3,VLOOKUP($A35,Questions!$A$2:$X$333,17,0)&"",IF($C35='Auto Responses'!$J$4,VLOOKUP($A35,Questions!$A$2:$X$333,16,0)&"",VLOOKUP($A35,Questions!$A$2:$X$333,15,0)&"")) -> DO NOT complete the On-Prem section in the Case-Specific worksheet | F35: =VLOOKUP($A35,'Institution Evaluation'!$A$56:$F$345,6,0)&""
A36: REQU-08 | B36: =VLOOKUP($A36,Questions!$A$2:$X$333,2,0)&"" -> Does your solution have access to personal or institutional data? | C36: Yes | D36: SmartPLS has access to limited personal data used for license administration (name, email, institution) and optional anonymized usage/crash telemetry. It does not have access to institutional research data, which remains on the customer’s own device at all times. | E36: =IF($C36='Auto Responses'!$J$3,VLOOKUP($A36,Questions!$A$2:$X$333,17,0)&"",IF($C36='Auto Responses'!$J$4,VLOOKUP($A36,Questions!$A$2:$X$333,16,0)&"",VLOOKUP($A36,Questions!$A$2:$X$333,15,0)&"")) -> DO complete the Privacy tab | F36: =VLOOKUP($A36,'Institution Evaluation'!$A$56:$F$345,6,0)&"" | G36: End Table Data
A37: Note: The "Organization" tab is required for ALL products and services.
A38: Copyright © 2025 EDUCAUSE

Sheet Organization
A1: Cells contained in this worksheet may contain cells with dropdown lists as well as autopopulated formulas.
A2: HECVAT Solution Provider Response - Organization | F2: ='Auto Responses'!$A$36 -> Version 4.1.6
A3: Date Completed | B3: 46282 | C3: ='START HERE'!$C$3 -> 0
A4: Instructions for Solution Providers
A5: =HLOOKUP($A$4,'Auto Responses'!$D$2:$D$8,2,0)&"" -> 1. Complete the "Start Here" tab and review the "Required Questions" guidance to find the other sections are required for your product or service.
A6: =HLOOKUP($A$4,'Auto Responses'!$D$2:$D$8,3,0)&"" -> 2. Complete the "Organization" tab and the applicable questions in each of the next 5 tabs (Product through Privacy) that apply, based on your answers to the "Required Questions."
A7: =HLOOKUP($A$4,'Auto Responses'!$D$2:$D$8,4,0)&"" -> 3. Guidance in column E may change based on your answers to prompt details in "Additional Information." If leaving an answer blank, you must also state why in "Additional Information".
A8: =HLOOKUP($A$4,'Auto Responses'!$D$2:$D$8,5,0)&"" -> 4. DO NOT complete any fields in the "Evaluation" sheets or the "Analyst Notes" column.
A9: =HLOOKUP($A$4,'Auto Responses'!$D$2:$D$8,6,0)&"" -> 5. Return the completed file to institutions.
A10: =HLOOKUP($A$4,'Auto Responses'!$D$2:$D$8,7,0)&"" -> * Denotes critical questions. Critical questions are those deemed most important to institutions by higher education volunteers.
A11: =HLOOKUP($A$4,'Auto Responses'!$D$2:$D$9,8,0)&"" -> For full instructions, please visit educause.edu/HECVAT
A12: =VLOOKUP(LEFT($A13,4),'Auto Responses'!$N$4:$O$38,2,0)&"" -> General Information | C12: Answer
A13: GNRL-01 | B13: =VLOOKUP($A13,Questions!$A$2:$X$333,2,0)&"" -> Solution Provider Name | C13: =VLOOKUP($A13,'START HERE'!$A$13:$C$21,3,0)&"" -> SmartPLS GmbH
A14: GNRL-02 | B14: =VLOOKUP($A14,Questions!$A$2:$X$333,2,0)&"" -> Solution Name | C14: =VLOOKUP($A14,'START HERE'!$A$13:$C$21,3,0)&"" -> SmartPLS 4.1.1.9 (SmartPLS Desktop)
A15: GNRL-03 | B15: =VLOOKUP($A15,Questions!$A$2:$X$333,2,0)&"" -> Solution Description | C15: =VLOOKUP($A15,'START HERE'!$A$13:$C$21,3,0)&"" -> SmartPLS is a desktop software application for Partial Least Squares Structural Equation Modeling (PLS-SEM) and related multivariate statistical methods. It is used primarily by academic researchers, and increasingly by business analysts, to develop and test theoretical models using survey and other quantitative data.
A16: GNRL-04 | B16: =VLOOKUP($A16,Questions!$A$2:$X$333,2,0)&"" -> Solution Provider Contact Name | C16: =VLOOKUP($A16,'START HERE'!$A$13:$C$21,3,0)&"" -> Sven Wende
A17: GNRL-05 | B17: =VLOOKUP($A17,Questions!$A$2:$X$333,2,0)&"" -> Solution Provider Contact Title | C17: =VLOOKUP($A17,'START HERE'!$A$13:$C$21,3,0)&"" -> Co-Founder & Managing Director
A18: GNRL-06 | B18: =VLOOKUP($A18,Questions!$A$2:$X$333,2,0)&"" -> Solution Provider Contact Email | C18: =VLOOKUP($A18,'START HERE'!$A$13:$C$21,3,0)&"" -> s.wende@smartpls.gmbh
A19: GNRL-07 | B19: =VLOOKUP($A19,Questions!$A$2:$X$333,2,0)&"" -> Solution Provider Contact Phone Number | C19: =VLOOKUP($A19,'START HERE'!$A$13:$C$21,3,0)&"" -> +49 02173 2643460
A20: GNRL-08 | B20: =VLOOKUP($A20,Questions!$A$2:$X$333,2,0)&"" -> Country of Company Headquarters | C20: =VLOOKUP($A20,'START HERE'!$A$13:$C$21,3,0)&"" -> Germany
A21: =VLOOKUP(LEFT($A22,4),'Auto Responses'!$N$4:$O$38,2,0)&"" -> Documentation | C21: Answer | D21: Additional Information | E21: Guidance | F21: Analyst Notes
A22: DOCU-01 | B22: =VLOOKUP($A22,Questions!$A$2:$X$333,2,0) -> Do you have a well-documented business continuity plan (BCP), with a clear owner, that is tested annually?* | C22: No | E22: =IF($C22='Auto Responses'!$J$3,VLOOKUP($A22,Questions!$A$2:$X$333,17,0)&"",IF($C22='Auto Responses'!$J$4,VLOOKUP($A22,Questions!$A$2:$X$333,16,0)&"",VLOOKUP($A22,Questions!$A$2:$X$333,15,0)&"")) | F22: =VLOOKUP($A22,'Institution Evaluation'!$A$56:$F$345,6,0)&""
A23: DOCU-02 | B23: =VLOOKUP($A23,Questions!$A$2:$X$333,2,0) -> Do you have a well-documented disaster recovery plan (DRP), with a clear owner, that is tested annually?* | C23: No | E23: =IF($C23='Auto Responses'!$J$3,VLOOKUP($A23,Questions!$A$2:$X$333,17,0)&"",IF($C23='Auto Responses'!$J$4,VLOOKUP($A23,Questions!$A$2:$X$333,16,0)&"",VLOOKUP($A23,Questions!$A$2:$X$333,15,0)&"")) | F23: =VLOOKUP($A23,'Institution Evaluation'!$A$56:$F$345,6,0)&""
A24: DOCU-03 | B24: =VLOOKUP($A24,Questions!$A$2:$X$333,2,0) -> Have you undergone a SSAE 18/SOC 2 audit? | C24: No | E24: =IF($C24='Auto Responses'!$J$3,VLOOKUP($A24,Questions!$A$2:$X$333,17,0)&"",IF($C24='Auto Responses'!$J$4,VLOOKUP($A24,Questions!$A$2:$X$333,16,0)&"",VLOOKUP($A24,Questions!$A$2:$X$333,15,0)&"")) -> Describe any plans to undergo a SSAE 18 audit. | F24: =VLOOKUP($A24,'Institution Evaluation'!$A$56:$F$345,6,0)&""
A25: DOCU-04 | B25: =VLOOKUP($A25,Questions!$A$2:$X$333,2,0) -> Do you conform with a specific industry standard security framework (e.g., NIST Cybersecurity Framework, CIS Controls, ISO 27001, etc.)? | C25: No | E25: =IF($C25='Auto Responses'!$J$3,VLOOKUP($A25,Questions!$A$2:$X$333,17,0)&"",IF($C25='Auto Responses'!$J$4,VLOOKUP($A25,Questions!$A$2:$X$333,16,0)&"",VLOOKUP($A25,Questions!$A$2:$X$333,15,0)&"")) -> Describe any plans to conform to an industry standard security framework. | F25: =VLOOKUP($A25,'Institution Evaluation'!$A$56:$F$345,6,0)&""
A26: DOCU-05 | B26: =VLOOKUP($A26,Questions!$A$2:$X$333,2,0) -> Can you provide overall system and/or application architecture diagrams, including a full description of the data flow for all components of the system? | C26: No | E26: =IF($C26='Auto Responses'!$J$3,VLOOKUP($A26,Questions!$A$2:$X$333,17,0)&"",IF($C26='Auto Responses'!$J$4,VLOOKUP($A26,Questions!$A$2:$X$333,16,0)&"",VLOOKUP($A26,Questions!$A$2:$X$333,15,0)&"")) -> Provide a detailed summary of overall system and/or application architecture. | F26: =VLOOKUP($A26,'Institution Evaluation'!$A$56:$F$345,6,0)&""
A27: DOCU-06 | B27: =VLOOKUP($A27,Questions!$A$2:$X$333,2,0) -> Does your organization have a data privacy policy? | C27: Yes | D27: A data privacy policy/privacy notice is published: https://smartpls.com/privacy/ | E27: =IF($C27='Auto Responses'!$J$3,VLOOKUP($A27,Questions!$A$2:$X$333,17,0)&"",IF($C27='Auto Responses'!$J$4,VLOOKUP($A27,Questions!$A$2:$X$333,16,0)&"",VLOOKUP($A27,Questions!$A$2:$X$333,15,0)&"")) -> Provide your data privacy document (or a valid link to it) upon submission. | F27: =VLOOKUP($A27,'Institution Evaluation'!$A$56:$F$345,6,0)&""
A28: DOCU-07 | B28: =VLOOKUP($A28,Questions!$A$2:$X$333,2,0) -> Do you have a documented, and currently implemented, employee onboarding and offboarding policy? | C28: No | E28: =IF($C28='Auto Responses'!$J$3,VLOOKUP($A28,Questions!$A$2:$X$333,17,0)&"",IF($C28='Auto Responses'!$J$4,VLOOKUP($A28,Questions!$A$2:$X$333,16,0)&"",VLOOKUP($A28,Questions!$A$2:$X$333,15,0)&"")) -> Briefly summarize your response. | F28: =VLOOKUP($A28,'Institution Evaluation'!$A$56:$F$345,6,0)&"" | G28: End Table Data
A29: =VLOOKUP(LEFT($A30,4),'Auto Responses'!$N$4:$O$38,2,0)&"" -> Assessment of Third Parties | C29: Answer | D29: Additional Information | E29: Guidance | F29: Analyst Notes
A30: THRD-01 | B30: =VLOOKUP($A30,Questions!$A$2:$X$333,2,0) -> Do you perform security assessments of third-party companies with which you share data (e.g., hosting providers, cloud services, PaaS, IaaS, SaaS)?* | C30: No | D30: SmartPLS GmbH selects established providers (Nalpeiron for licensing, Domainfactory and Strato for hosting, Adyen for payments) but does not perform formal, documented security assessments of these third parties given the size of the company. | E30: =IF($C30='Auto Responses'!$J$3,VLOOKUP($A30,Questions!$A$2:$X$333,17,0)&"",IF($C30='Auto Responses'!$J$4,VLOOKUP($A30,Questions!$A$2:$X$333,16,0)&"",IF($C30='Auto Responses'!$J$5,VLOOKUP($A30,Questions!$A$2:$X$333,18,0)&"",VLOOKUP($A30,Questions!$A$2:$X$333,15,0)&""))) -> State your plans to perform security assessments of third-party companies. | F30: =VLOOKUP($A30,'Institution Evaluation'!$A$56:$F$345,6,0)&""
A31: THRD-02 | B31: =VLOOKUP($A31,Questions!$A$2:$X$333,2,0) -> Do you have contractual language in place with third parties governing access to institutional data?* | C31: Yes | D31: Standard data processing agreements (Art. 28 GDPR) are in place with our processors (e.g., hosting and payment providers) governing access to and use of any personal data. | E31: =IF($C31='Auto Responses'!$J$3,VLOOKUP($A31,Questions!$A$2:$X$333,17,0)&"",IF($C31='Auto Responses'!$J$4,VLOOKUP($A31,Questions!$A$2:$X$333,16,0)&"",IF($C31='Auto Responses'!$J$5,VLOOKUP($A31,Questions!$A$2:$X$333,18,0)&"",VLOOKUP($A31,Questions!$A$2:$X$333,15,0)&""))) -> List each third party and why institutional data is shared with them. Format example: [Third Party Name] - Reason | F31: =VLOOKUP($A31,'Institution Evaluation'!$A$56:$F$345,6,0)&""
A32: THRD-03 | B32: =VLOOKUP($A32,Questions!$A$2:$X$333,2,0) -> Do the contracts in place with these third parties address liability in the event of a data breach?* | C32: Yes | D32: Contracts with our third-party processors follow their standard terms, which address liability and breach notification; SmartPLS GmbH has not separately negotiated bespoke breach-liability clauses. | E32: =IF($C32='Auto Responses'!$J$3,VLOOKUP($A32,Questions!$A$2:$X$333,17,0)&"",IF($C32='Auto Responses'!$J$4,VLOOKUP($A32,Questions!$A$2:$X$333,16,0)&"",IF($C32='Auto Responses'!$J$5,VLOOKUP($A32,Questions!$A$2:$X$333,18,0)&"",VLOOKUP($A32,Questions!$A$2:$X$333,15,0)&""))) | F32: =VLOOKUP($A32,'Institution Evaluation'!$A$56:$F$345,6,0)&""
A33: THRD-04 | B33: =VLOOKUP($A33,Questions!$A$2:$X$333,2,0) -> Do you have an implemented third-party management strategy?* | C33: No | E33: =IF($C33='Auto Responses'!$J$3,VLOOKUP($A33,Questions!$A$2:$X$333,17,0)&"",IF($C33='Auto Responses'!$J$4,VLOOKUP($A33,Questions!$A$2:$X$333,16,0)&"",IF($C33='Auto Responses'!$J$5,VLOOKUP($A33,Questions!$A$2:$X$333,18,0)&"",VLOOKUP($A33,Questions!$A$2:$X$333,15,0)&""))) -> State your plans to implement a third-party management strategy. | F33: =VLOOKUP($A33,'Institution Evaluation'!$A$56:$F$345,6,0)&""
A34: THRD-05 | B34: =VLOOKUP($A34,Questions!$A$2:$X$333,2,0) -> Do you have a process and implemented procedures for managing your hardware supply chain (e.g., telecommunications equipment, export licensing, computing devices)? | C34: No | D34: Not applicable — SmartPLS GmbH does not manufacture or distribute hardware; the product is software delivered by download. | E34: =IF($C34='Auto Responses'!$J$3,VLOOKUP($A34,Questions!$A$2:$X$333,17,0)&"",IF($C34='Auto Responses'!$J$4,VLOOKUP($A34,Questions!$A$2:$X$333,16,0)&"",VLOOKUP($A34,Questions!$A$2:$X$333,15,0)&"")) -> State your plans to create a process and implemented procedures for managing your hardware supply chain. | F34: =VLOOKUP($A34,'Institution Evaluation'!$A$56:$F$345,6,0)&"" | G34: End Table Data
A35: =VLOOKUP(LEFT($A36,4),'Auto Responses'!$N$4:$O$38,2,0)&"" -> Change Management | C35: Answer | D35: Additional Information | E35: Guidance | F35: Analyst Notes
A36: CHNG-01 | B36: =VLOOKUP($A36,Questions!$A$2:$X$333,2,0) -> Will the institution be notified of major changes to your environment that could impact the institution's security posture?* | C36: Yes | D36: Customers are informed of major SmartPLS releases via the website and, where relevant, direct email. | E36: =IF($C36='Auto Responses'!$J$3,VLOOKUP($A36,Questions!$A$2:$X$333,17,0)&"",IF($C36='Auto Responses'!$J$4,VLOOKUP($A36,Questions!$A$2:$X$333,16,0)&"",VLOOKUP($A36,Questions!$A$2:$X$333,15,0)&"")) -> State how and when the institution will be notified of major changes to your environment. | F36: =VLOOKUP($A36,'Institution Evaluation'!$A$56:$F$345,6,0)&""
A37: CHNG-02 | B37: =VLOOKUP($A37,Questions!$A$2:$X$333,2,0) -> Does the system support client customizations from one release to another?* | C37: N/A | D37: SmartPLS Desktop is a standard, non-customized product; there is no client-specific customization between releases. | E37: =IF($C37='Auto Responses'!$J$3,VLOOKUP($A37,Questions!$A$2:$X$333,17,0)&"",IF($C37='Auto Responses'!$J$4,VLOOKUP($A37,Questions!$A$2:$X$333,16,0)&"",IF($C37='Auto Responses'!$J$5,VLOOKUP($A37,Questions!$A$2:$X$333,18,0)&"",VLOOKUP($A37,Questions!$A$2:$X$333,15,0)&""))) -> Please explain why this does not apply to your organization, product or service. | F37: =VLOOKUP($A37,'Institution Evaluation'!$A$56:$F$345,6,0)&""
A38: CHNG-03 | B38: =VLOOKUP($A38,Questions!$A$2:$X$333,2,0) -> Do you have an implemented system configuration management process (e.g., secure "gold" images, etc.)?* | C38: N/A | D38: SmartPLS Desktop is a locally installed application; SmartPLS does not operate customer-facing servers requiring configuration-management "gold images." | E38: =IF($C38='Auto Responses'!$J$3,VLOOKUP($A38,Questions!$A$2:$X$333,17,0)&"",IF($C38='Auto Responses'!$J$4,VLOOKUP($A38,Questions!$A$2:$X$333,16,0)&"",IF($C38='Auto Responses'!$J$5,VLOOKUP($A38,Questions!$A$2:$X$333,18,0)&"",VLOOKUP($A38,Questions!$A$2:$X$333,15,0)&""))) -> Please explain why this does not apply to your organization, product or service. | F38: =VLOOKUP($A38,'Institution Evaluation'!$A$56:$F$345,6,0)&""
A39: CHNG-04 | B39: =VLOOKUP($A39,Questions!$A$2:$X$333,2,0) -> Do you have a documented change management process? | C39: Yes | D39: New releases follow an internal review and testing process before publication. | E39: =IF($C39='Auto Responses'!$J$3,VLOOKUP($A39,Questions!$A$2:$X$333,17,0)&"",IF($C39='Auto Responses'!$J$4,VLOOKUP($A39,Questions!$A$2:$X$333,16,0)&"",VLOOKUP($A39,Questions!$A$2:$X$333,15,0)&"")) -> Summarize your current change management process. | F39: =VLOOKUP($A39,'Institution Evaluation'!$A$56:$F$345,6,0)&""
A40: CHNG-05 | B40: =VLOOKUP($A40,Questions!$A$2:$X$333,2,0) -> Does your change management process minimally include authorization, impact analysis, testing, and validation before moving changes to production? | C40: Yes | D40: Releases are tested and validated by the team before being made available for download. | E40: =IF($C40='Auto Responses'!$J$3,VLOOKUP($A40,Questions!$A$2:$X$333,17,0)&"",IF($C40='Auto Responses'!$J$4,VLOOKUP($A40,Questions!$A$2:$X$333,16,0)&"",VLOOKUP($A40,Questions!$A$2:$X$333,15,0)&"")) -> Indicate all procedures that are implemented in your change management process. (a) An impact analysis of the upgrade is performed. (b) The change is appropriately authorized. (c) Changes are made first in a test environment. (d) The ability to implement the upgrades/changes in the production environment is limited to appropriate IT personnel. | F40: =VLOOKUP($A40,'Institution Evaluation'!$A$56:$F$345,6,0)&""
A41: CHNG-06 | B41: =VLOOKUP($A41,Questions!$A$2:$X$333,2,0) -> Does your change management process verify that all required third-party libraries and dependencies are still supported with each major change? | C41: Yes | D41: Third-party libraries are reviewed for continued support as part of each major release cycle. | E41: =IF($C41='Auto Responses'!$J$3,VLOOKUP($A41,Questions!$A$2:$X$333,17,0)&"",IF($C41='Auto Responses'!$J$4,VLOOKUP($A41,Questions!$A$2:$X$333,16,0)&"",VLOOKUP($A41,Questions!$A$2:$X$333,15,0)&"")) -> Please describe your program to track these dependencies. | F41: =VLOOKUP($A41,'Institution Evaluation'!$A$56:$F$345,6,0)&""
A42: CHNG-07 | B42: =VLOOKUP($A42,Questions!$A$2:$X$333,2,0) -> Do you have policy and procedure, currently implemented, managing how critical patches are applied to all systems and applications? | C42: Yes | D42: Critical fixes are released as updates that customers can download and install at any time. | E42: =IF($C42='Auto Responses'!$J$3,VLOOKUP($A42,Questions!$A$2:$X$333,17,0)&"",IF($C42='Auto Responses'!$J$4,VLOOKUP($A42,Questions!$A$2:$X$333,16,0)&"",VLOOKUP($A42,Questions!$A$2:$X$333,15,0)&"")) -> Summarize the policy and procedure(s) managing how critical patches are applied to systems and applications. | F42: =VLOOKUP($A42,'Institution Evaluation'!$A$56:$F$345,6,0)&""
A43: CHNG-08 | B43: =VLOOKUP($A43,Questions!$A$2:$X$333,2,0) -> Have you implemented policies and procedures that guide how security risks are mitigated until patches can be applied? | C43: No | D43: There is no separate, formal policy for mitigating risk while a fix is pending, beyond expediting release of a patch. | E43: =IF($C43='Auto Responses'!$J$3,VLOOKUP($A43,Questions!$A$2:$X$333,17,0)&"",IF($C43='Auto Responses'!$J$4,VLOOKUP($A43,Questions!$A$2:$X$333,16,0)&"",VLOOKUP($A43,Questions!$A$2:$X$333,15,0)&"")) -> State your plans to implement policy and procedure(s) guiding risk mitigation practices before critical patches can be applied. | F43: =VLOOKUP($A43,'Institution Evaluation'!$A$56:$F$345,6,0)&""
A44: CHNG-09 | B44: =VLOOKUP($A44,Questions!$A$2:$X$333,2,0) -> Do clients have the option to not participate in or postpone an upgrade to a new release? | C44: Yes | D44: Because SmartPLS Desktop is installed locally, customers control if and when they install a new version; older versions continue to run. | E44: =IF($C44='Auto Responses'!$J$3,VLOOKUP($A44,Questions!$A$2:$X$333,17,0)&"",IF($C44='Auto Responses'!$J$4,VLOOKUP($A44,Questions!$A$2:$X$333,16,0)&"",IF($C44='Auto Responses'!$J$5,VLOOKUP($A44,Questions!$A$2:$X$333,18,0)&"",VLOOKUP($A44,Questions!$A$2:$X$333,15,0)&""))) -> Provide reference the process/procedure to manage releases. | F44: =VLOOKUP($A44,'Institution Evaluation'!$A$56:$F$345,6,0)&""
A45: CHNG-10 | B45: =VLOOKUP($A45,Questions!$A$2:$X$333,2,0) -> Do you have a fully implemented solution support strategy that defines how many concurrent versions you support? | C45: No | E45: =IF($C45='Auto Responses'!$J$3,VLOOKUP($A45,Questions!$A$2:$X$333,17,0)&"",IF($C45='Auto Responses'!$J$4,VLOOKUP($A45,Questions!$A$2:$X$333,16,0)&"",IF($C45='Auto Responses'!$J$5,VLOOKUP($A45,Questions!$A$2:$X$333,18,0)&"",VLOOKUP($A45,Questions!$A$2:$X$333,15,0)&""))) -> Clarify the lack of support strategy for concurrent versions in your solution. | F45: =VLOOKUP($A45,'Institution Evaluation'!$A$56:$F$345,6,0)&""
A46: CHNG-11 | B46: =VLOOKUP($A46,Questions!$A$2:$X$333,2,0) -> Do you have a release schedule for product updates? | C46: Yes | D46: SmartPLS is updated periodically, with release notes published on smartpls.com. | E46: =IF($C46='Auto Responses'!$J$3,VLOOKUP($A46,Questions!$A$2:$X$333,17,0)&"",IF($C46='Auto Responses'!$J$4,VLOOKUP($A46,Questions!$A$2:$X$333,16,0)&"",IF($C46='Auto Responses'!$J$5,VLOOKUP($A46,Questions!$A$2:$X$333,18,0)&"",VLOOKUP($A46,Questions!$A$2:$X$333,15,0)&""))) -> Provide a reference to this solution's release schedule. | F46: =VLOOKUP($A46,'Institution Evaluation'!$A$56:$F$345,6,0)&""
A47: CHNG-12 | B47: =VLOOKUP($A47,Questions!$A$2:$X$333,2,0) -> Do you have a technology roadmap, for at least the next two years, for enhancements and bug fixes for the solution being assessed? | C47: No | E47: =IF($C47='Auto Responses'!$J$3,VLOOKUP($A47,Questions!$A$2:$X$333,17,0)&"",IF($C47='Auto Responses'!$J$4,VLOOKUP($A47,Questions!$A$2:$X$333,16,0)&"",IF($C47='Auto Responses'!$J$5,VLOOKUP($A47,Questions!$A$2:$X$333,18,0)&"",VLOOKUP($A47,Questions!$A$2:$X$333,15,0)&""))) -> State any plans to release a technology roadmap covering the next two years. | F47: =VLOOKUP($A47,'Institution Evaluation'!$A$56:$F$345,6,0)&""
A48: CHNG-13 | B48: =VLOOKUP($A48,Questions!$A$2:$X$333,2,0) -> Can solution updates be completed without institutional involvement (i.e., technically or organizationally)? | C48: Yes | D48: Customers install updates themselves; no institutional involvement from SmartPLS GmbH is required. | E48: =IF($C48='Auto Responses'!$J$3,VLOOKUP($A48,Questions!$A$2:$X$333,17,0)&"",IF($C48='Auto Responses'!$J$4,VLOOKUP($A48,Questions!$A$2:$X$333,16,0)&"",VLOOKUP($A48,Questions!$A$2:$X$333,15,0)&"")) | F48: =VLOOKUP($A48,'Institution Evaluation'!$A$56:$F$345,6,0)&""
A49: CHNG-14 | B49: =VLOOKUP($A49,Questions!$A$2:$X$333,2,0) -> Are upgrades or system changes installed during off-peak hours or in a manner that does not impact the customer? | C49: Yes | D49: As the customer controls installation timing, updates do not disrupt operations. | E49: =IF($C49='Auto Responses'!$J$3,VLOOKUP($A49,Questions!$A$2:$X$333,17,0)&"",IF($C49='Auto Responses'!$J$4,VLOOKUP($A49,Questions!$A$2:$X$333,16,0)&"",VLOOKUP($A49,Questions!$A$2:$X$333,15,0)&"")) -> Define current off-peak hours, including time zones as necessary. | F49: =VLOOKUP($A49,'Institution Evaluation'!$A$56:$F$345,6,0)&""
A50: CHNG-15 | B50: =VLOOKUP($A50,Questions!$A$2:$X$333,2,0) -> Do procedures exist to provide that emergency changes are documented and authorized (including after-the-fact approval)? | C50: No | E50: =IF($C50='Auto Responses'!$J$3,VLOOKUP($A50,Questions!$A$2:$X$333,17,0)&"",IF($C50='Auto Responses'!$J$4,VLOOKUP($A50,Questions!$A$2:$X$333,16,0)&"",VLOOKUP($A50,Questions!$A$2:$X$333,15,0)&"")) -> Describe plans to implement procedure ensuring that emergency changes are documented and authorized. | F50: =VLOOKUP($A50,'Institution Evaluation'!$A$56:$F$345,6,0)&""
A51: CHNG-16 | B51: =VLOOKUP($A51,Questions!$A$2:$X$333,2,0) -> Do you have a systems management and configuration strategy that encompasses servers, appliances, cloud services, applications, and mobile devices (company and employee owned)? | C51: No | E51: =IF($C51='Auto Responses'!$J$3,VLOOKUP($A51,Questions!$A$2:$X$333,17,0)&"",IF($C51='Auto Responses'!$J$4,VLOOKUP($A51,Questions!$A$2:$X$333,16,0)&"",VLOOKUP($A51,Questions!$A$2:$X$333,15,0)&"")) -> Describe your intent to implement a systems management and configuration strategy. | F51: =VLOOKUP($A51,'Institution Evaluation'!$A$56:$F$345,6,0)&"" | G51: End Table Data
A52: =VLOOKUP(LEFT($A53,4),'Auto Responses'!$N$4:$O$38,2,0)&"" -> Policies, Processes, and Procedures | C52: Answer | D52: Additional Information | E52: Guidance | F52: Analyst Notes
A53: PPPR-01 | B53: =VLOOKUP($A53,Questions!$A$2:$X$333,2,0) -> Do you have a documented patch management process?* | C53: Yes | D53: Updates addressing known issues are released as needed; there is no separate formal written patch-management policy beyond this practice. | E53: =IF($C53='Auto Responses'!$J$3,VLOOKUP($A53,Questions!$A$2:$X$333,17,0)&"",IF($C53='Auto Responses'!$J$4,VLOOKUP($A53,Questions!$A$2:$X$333,16,0)&"",VLOOKUP($A53,Questions!$A$2:$X$333,15,0)&"")) | F53: =VLOOKUP($A53,'Institution Evaluation'!$A$56:$F$345,6,0)&""
A54: PPPR-02 | B54: =VLOOKUP($A54,Questions!$A$2:$X$333,2,0) -> Can your organization comply with institutional policies on privacy and data protection with regard to users of institutional systems, if required?* | C54: Yes | D54: SmartPLS GmbH will work with institutions to accommodate reasonable privacy and data-protection requirements. | E54: =IF($C54='Auto Responses'!$J$3,VLOOKUP($A54,Questions!$A$2:$X$333,17,0)&"",IF($C54='Auto Responses'!$J$4,VLOOKUP($A54,Questions!$A$2:$X$333,16,0)&"",VLOOKUP($A54,Questions!$A$2:$X$333,15,0)&"")) -> State that you have reviewed the institution's IT policies with regards to user privacy and data protection. | F54: =VLOOKUP($A54,'Institution Evaluation'!$A$56:$F$345,6,0)&""
A55: PPPR-03 | B55: =VLOOKUP($A55,Questions!$A$2:$X$333,2,0) -> Is your company subject to the institution's geographic region's laws and regulations?* | C55: Yes | D55: SmartPLS GmbH is subject to German and EU law (including GDPR) and will contractually agree to comply with applicable requirements of an institution’s jurisdiction as needed. | E55: =IF($C55='Auto Responses'!$J$3,VLOOKUP($A55,Questions!$A$2:$X$333,17,0)&"",IF($C55='Auto Responses'!$J$4,VLOOKUP($A55,Questions!$A$2:$X$333,16,0)&"",VLOOKUP($A55,Questions!$A$2:$X$333,15,0)&"")) -> State the country that governs and regulates your company. | F55: =VLOOKUP($A55,'Institution Evaluation'!$A$56:$F$345,6,0)&""
A56: PPPR-04 | B56: =VLOOKUP($A56,Questions!$A$2:$X$333,2,0) -> Can you accommodate encryption requirements using open standards? | C56: Yes | D56: Standard open encryption protocols (e.g., TLS) are used for data in transit to our servers. | E56: =IF($C56='Auto Responses'!$J$3,VLOOKUP($A56,Questions!$A$2:$X$333,17,0)&"",IF($C56='Auto Responses'!$J$4,VLOOKUP($A56,Questions!$A$2:$X$333,16,0)&"",VLOOKUP($A56,Questions!$A$2:$X$333,15,0)&"")) | F56: =VLOOKUP($A56,'Institution Evaluation'!$A$56:$F$345,6,0)&""
A57: PPPR-05 | B57: =VLOOKUP($A57,Questions!$A$2:$X$333,2,0) -> Do you have a documented systems development life cycle (SDLC)? | C57: No | E57: =IF($C57='Auto Responses'!$J$3,VLOOKUP($A57,Questions!$A$2:$X$333,17,0)&"",IF($C57='Auto Responses'!$J$4,VLOOKUP($A57,Questions!$A$2:$X$333,16,0)&"",VLOOKUP($A57,Questions!$A$2:$X$333,15,0)&"")) -> State any plans to implement an SDLC. | F57: =VLOOKUP($A57,'Institution Evaluation'!$A$56:$F$345,6,0)&""
A58: PPPR-06 | B58: =VLOOKUP($A58,Questions!$A$2:$X$333,2,0) -> Do you perform background screenings or multi-state background checks on all employees prior to their first day of work? | C58: No | E58: =IF($C58='Auto Responses'!$J$3,VLOOKUP($A58,Questions!$A$2:$X$333,17,0)&"",IF($C58='Auto Responses'!$J$4,VLOOKUP($A58,Questions!$A$2:$X$333,16,0)&"",VLOOKUP($A58,Questions!$A$2:$X$333,15,0)&"")) -> State plans to implement background check elements into your hiring process. | F58: =VLOOKUP($A58,'Institution Evaluation'!$A$56:$F$345,6,0)&""
A59: PPPR-07 | B59: =VLOOKUP($A59,Questions!$A$2:$X$333,2,0) -> Do you require new employees to fill out agreements and review policies? | C59: No | E59: =IF($C59='Auto Responses'!$J$3,VLOOKUP($A59,Questions!$A$2:$X$333,17,0)&"",IF($C59='Auto Responses'!$J$4,VLOOKUP($A59,Questions!$A$2:$X$333,16,0)&"",VLOOKUP($A59,Questions!$A$2:$X$333,15,0)&"")) -> Summarize why new employees are not required to accept agreements or review policy. | F59: =VLOOKUP($A59,'Institution Evaluation'!$A$56:$F$345,6,0)&""
A60: PPPR-08 | B60: =VLOOKUP($A60,Questions!$A$2:$X$333,2,0) -> Do you have a documented information security policy? | C60: No | E60: =IF($C60='Auto Responses'!$J$3,VLOOKUP($A60,Questions!$A$2:$X$333,17,0)&"",IF($C60='Auto Responses'!$J$4,VLOOKUP($A60,Questions!$A$2:$X$333,16,0)&"",VLOOKUP($A60,Questions!$A$2:$X$333,15,0)&"")) -> State plans to implement information security policy at your company. | F60: =VLOOKUP($A60,'Institution Evaluation'!$A$56:$F$345,6,0)&""
A61: PPPR-09 | B61: =VLOOKUP($A61,Questions!$A$2:$X$333,2,0) -> Are information security principles designed into the product lifecycle? | C61: Yes | D61: Basic security considerations (e.g., least-privilege access, encrypted connections) are taken into account during development. | E61: =IF($C61='Auto Responses'!$J$3,VLOOKUP($A61,Questions!$A$2:$X$333,17,0)&"",IF($C61='Auto Responses'!$J$4,VLOOKUP($A61,Questions!$A$2:$X$333,16,0)&"",VLOOKUP($A61,Questions!$A$2:$X$333,15,0)&"")) -> Summarize the information security principles designed into the product lifecycle. | F61: =VLOOKUP($A61,'Institution Evaluation'!$A$56:$F$345,6,0)&""
A62: PPPR-10 | B62: =VLOOKUP($A62,Questions!$A$2:$X$333,2,0) -> Will you comply with applicable breach notification laws? | C62: Yes | D62: SmartPLS GmbH will comply with applicable breach-notification laws, including under GDPR. | E62: =IF($C62='Auto Responses'!$J$3,VLOOKUP($A62,Questions!$A$2:$X$333,17,0)&"",IF($C62='Auto Responses'!$J$4,VLOOKUP($A62,Questions!$A$2:$X$333,16,0)&"",VLOOKUP($A62,Questions!$A$2:$X$333,15,0)&"")) -> State how quickly the institution will be notified of a data breach or security incident. | F62: =VLOOKUP($A62,'Institution Evaluation'!$A$56:$F$345,6,0)&""
A63: PPPR-11 | B63: =VLOOKUP($A63,Questions!$A$2:$X$333,2,0) -> Do you have an information security awareness program? | C63: No | E63: =IF($C63='Auto Responses'!$J$3,VLOOKUP($A63,Questions!$A$2:$X$333,17,0)&"",IF($C63='Auto Responses'!$J$4,VLOOKUP($A63,Questions!$A$2:$X$333,16,0)&"",VLOOKUP($A63,Questions!$A$2:$X$333,15,0)&"")) -> State plans to implement an information security awareness program. | F63: =VLOOKUP($A63,'Institution Evaluation'!$A$56:$F$345,6,0)&""
A64: PPPR-12 | B64: =VLOOKUP($A64,Questions!$A$2:$X$333,2,0) -> Is security awareness training mandatory for all employees? | C64: No | E64: =IF($C64='Auto Responses'!$J$3,VLOOKUP($A64,Questions!$A$2:$X$333,17,0)&"",IF($C64='Auto Responses'!$J$4,VLOOKUP($A64,Questions!$A$2:$X$333,16,0)&"",VLOOKUP($A64,Questions!$A$2:$X$333,15,0)&"")) -> State plans to make security awareness training mandatory for all employees. | F64: =VLOOKUP($A64,'Institution Evaluation'!$A$56:$F$345,6,0)&""
A65: PPPR-13 | B65: =VLOOKUP($A65,Questions!$A$2:$X$333,2,0) -> Do you have process and procedure(s) documented, and currently followed, that require a review and update of the access list(s) for privileged accounts? | C65: No | E65: =IF($C65='Auto Responses'!$J$3,VLOOKUP($A65,Questions!$A$2:$X$333,17,0)&"",IF($C65='Auto Responses'!$J$4,VLOOKUP($A65,Questions!$A$2:$X$333,16,0)&"",VLOOKUP($A65,Questions!$A$2:$X$333,15,0)&"")) -> Describe plans to implement privileged account access list reviews to your environment. | F65: =VLOOKUP($A65,'Institution Evaluation'!$A$56:$F$345,6,0)&""
A66: PPPR-14 | B66: =VLOOKUP($A66,Questions!$A$2:$X$333,2,0) -> Do you have documented, and currently implemented, internal audit processes and procedures? | C66: No | E66: =IF($C66='Auto Responses'!$J$3,VLOOKUP($A66,Questions!$A$2:$X$333,17,0)&"",IF($C66='Auto Responses'!$J$4,VLOOKUP($A66,Questions!$A$2:$X$333,16,0)&"",VLOOKUP($A66,Questions!$A$2:$X$333,15,0)&"")) -> State plans to document and implement internal audit process and procedure in your environment. | F66: =VLOOKUP($A66,'Institution Evaluation'!$A$56:$F$345,6,0)&""
A67: PPPR-15 | B67: =VLOOKUP($A67,Questions!$A$2:$X$333,2,0) -> Does your organization have physical security controls and policies in place? | C67: Yes | D67: As a small, distributed team working from private home/office premises, physical security consists of standard locked premises; there are no shared offices or data centers to secure. | E67: =IF($C67='Auto Responses'!$J$3,VLOOKUP($A67,Questions!$A$2:$X$333,17,0)&"",IF($C67='Auto Responses'!$J$4,VLOOKUP($A67,Questions!$A$2:$X$333,16,0)&"",IF($C67='Auto Responses'!$J$5,VLOOKUP($A67,Questions!$A$2:$X$333,18,0)&"",VLOOKUP($A67,Questions!$A$2:$X$333,15,0)&""))) -> Provide a copy of your physical security controls and policies along with this document (link or attached). | F67: =VLOOKUP($A67,'Institution Evaluation'!$A$56:$F$345,6,0)&"" | G67: End Table Data
A68: Copyright © 2025 EDUCAUSE
A71: =#REF! -> #REF!
A72: =#REF! -> #REF!
A73: =#REF! -> #REF!
A74: =#REF! -> #REF!
A75: =#REF! -> #REF!
A76: =#REF! -> #REF!
A77: =#REF! -> #REF!

Sheet Product
A1: Cells contained in this worksheet may contain cells with dropdown lists as well as autopopulated formulas.
A2: HECVAT Solution Provider Response - Product | F2: ='Auto Responses'!$A$36 -> Version 4.1.6
A3: Date Completed | B3: 46282 | C3: ='START HERE'!$C$3 -> 0
A4: Instructions for Solution Providers
A5: =HLOOKUP($A$4,'Auto Responses'!$D$2:$D$8,2,0)&"" -> 1. Complete the "Start Here" tab and review the "Required Questions" guidance to find the other sections are required for your product or service.
A6: =HLOOKUP($A$4,'Auto Responses'!$D$2:$D$8,3,0)&"" -> 2. Complete the "Organization" tab and the applicable questions in each of the next 5 tabs (Product through Privacy) that apply, based on your answers to the "Required Questions."
A7: =HLOOKUP($A$4,'Auto Responses'!$D$2:$D$8,4,0)&"" -> 3. Guidance in column E may change based on your answers to prompt details in "Additional Information." If leaving an answer blank, you must also state why in "Additional Information".
A8: =HLOOKUP($A$4,'Auto Responses'!$D$2:$D$8,5,0)&"" -> 4. DO NOT complete any fields in the "Evaluation" sheets or the "Analyst Notes" column.
A9: =HLOOKUP($A$4,'Auto Responses'!$D$2:$D$8,6,0)&"" -> 5. Return the completed file to institutions.
A10: =HLOOKUP($A$4,'Auto Responses'!$D$2:$D$8,7,0)&"" -> * Denotes critical questions. Critical questions are those deemed most important to institutions by higher education volunteers.
A11: =HLOOKUP($A$4,'Auto Responses'!$D$2:$D$9,8,0)&"" -> For full instructions, please visit educause.edu/HECVAT
A12: =VLOOKUP(LEFT($A13,4),'Auto Responses'!$N$4:$O$38,2,0)&"" -> General Information | C12: Answer
A13: GNRL-01 | B13: =VLOOKUP($A13,Questions!$A$2:$X$333,2,0)&"" -> Solution Provider Name | C13: =VLOOKUP($A13,'START HERE'!$A$13:$C$21,3,0)&"" -> SmartPLS GmbH
A14: GNRL-02 | B14: =VLOOKUP($A14,Questions!$A$2:$X$333,2,0)&"" -> Solution Name | C14: =VLOOKUP($A14,'START HERE'!$A$13:$C$21,3,0)&"" -> SmartPLS 4.1.1.9 (SmartPLS Desktop)
A15: GNRL-03 | B15: =VLOOKUP($A15,Questions!$A$2:$X$333,2,0)&"" -> Solution Description | C15: =VLOOKUP($A15,'START HERE'!$A$13:$C$21,3,0)&"" -> SmartPLS is a desktop software application for Partial Least Squares Structural Equation Modeling (PLS-SEM) and related multivariate statistical methods. It is used primarily by academic researchers, and increasingly by business analysts, to develop and test theoretical models using survey and other quantitative data.
A16: GNRL-08 | B16: =VLOOKUP($A16,Questions!$A$2:$X$333,2,0)&"" -> Country of Company Headquarters | C16: =VLOOKUP($A16,'START HERE'!$A$13:$C$21,3,0)&"" -> Germany
A17: =VLOOKUP(LEFT($A18,4),'Auto Responses'!$N$4:$O$38,2,0)&"" -> Required Questions | C17: Answer | E17: Guidance | F17: Analyst Notes
A18: REQU-01 | B18: =VLOOKUP($A18,Questions!$A$2:$X$333,2,0) -> Are you offering a cloud-based product? | C18: =VLOOKUP($A18,'START HERE'!$A$23:$F$36,3,0)&"" -> No | D18: =VLOOKUP($A18,'START HERE'!$A$23:$F$36,4,0)&"" -> SmartPLS is a locally installed Java application; it is not a cloud-hosted product. | E18: =IF($C18='Auto Responses'!$J$3,VLOOKUP($A18,Questions!$A$2:$X$333,17,0)&"",IF($C18='Auto Responses'!$J$4,VLOOKUP($A18,Questions!$A$2:$X$333,16,0)&"",VLOOKUP($A18,Questions!$A$2:$X$333,15,0)&"")) -> DO NOT complete the Product and Infrastructure worksheets | F18: =VLOOKUP($A18,'Institution Evaluation'!$A$56:$F$345,6,0)&"" | G18: End Table Data
A19: =VLOOKUP(LEFT($A20,4),'Auto Responses'!$N$4:$O$38,2,0)&"" -> Authentication, Authorization, and Account Management | C19: Answer | D19: Additional Information | E19: Guidance | F19: Analyst Notes
A20: AAAI-01 | B20: =VLOOKUP($A20,Questions!$A$2:$X$333,2,0) -> Does your solution support single sign-on (SSO) protocols for user and administrator authentication?* | C20: N/A | E20: =IF($C$18='Auto Responses'!$J$4,'Auto Responses'!$A$3,IF($C20='Auto Responses'!$J$3,VLOOKUP($A20,Questions!$A$2:$X$333,17,0)&"",IF($C20='Auto Responses'!$J$4,VLOOKUP($A20,Questions!$A$2:$X$333,16,0)&"",VLOOKUP($A20,Questions!$A$2:$X$333,15,0)&""))) -> Based on the response to REQU-01 on the "START HERE" tab, this question does not apply to this product or service. | F20: =VLOOKUP($A20,'Institution Evaluation'!$A$56:$F$345,6,0)&""
A21: AAAI-02 | B21: =VLOOKUP($A21,Questions!$A$2:$X$333,2,0) -> For customers not using SSO, does your solution support local authentication protocols for user and administrator authentication?* | C21: N/A | E21: =IF($C21='Auto Responses'!$J$3,VLOOKUP($A21,Questions!$A$2:$X$333,17,0)&"",IF($C21='Auto Responses'!$J$4,VLOOKUP($A21,Questions!$A$2:$X$333,16,0)&"",IF($C21='Auto Responses'!$J$5,VLOOKUP($A21,Questions!$A$2:$X$333,18,0)&"",VLOOKUP($A21,Questions!$A$2:$X$333,15,0)&""))) -> N/A is only an acceptable answer if SSO is the only way users are able to log into your product. | F21: =VLOOKUP($A21,'Institution Evaluation'!$A$56:$F$345,6,0)&""
A22: AAAI-03 | B22: =VLOOKUP($A22,Questions!$A$2:$X$333,2,0) -> For customers not using SSO, can you enforce password/passphrase complexity requirements (provided by the institution)?* | C22: N/A | E22: =IF($C22='Auto Responses'!$J$3,VLOOKUP($A22,Questions!$A$2:$X$333,17,0)&"",IF($C22='Auto Responses'!$J$4,VLOOKUP($A22,Questions!$A$2:$X$333,16,0)&"",IF($C22='Auto Responses'!$J$5,VLOOKUP($A22,Questions!$A$2:$X$333,18,0)&"",VLOOKUP($A22,Questions!$A$2:$X$333,15,0)&""))) -> N/A is only an acceptable answer if SSO is the only way users are able to log into your product. | F22: =VLOOKUP($A22,'Institution Evaluation'!$A$56:$F$345,6,0)&""
A23: AAAI-04 | B23: =VLOOKUP($A23,Questions!$A$2:$X$333,2,0) -> For customers not using SSO, does the system have password complexity or length limitations and/or restrictions?* | C23: N/A | E23: =IF($C23='Auto Responses'!$J$3,VLOOKUP($A23,Questions!$A$2:$X$333,17,0)&"",IF($C23='Auto Responses'!$J$4,VLOOKUP($A23,Questions!$A$2:$X$333,16,0)&"",IF($C23='Auto Responses'!$J$5,VLOOKUP($A23,Questions!$A$2:$X$333,18,0)&"",VLOOKUP($A23,Questions!$A$2:$X$333,15,0)&""))) -> N/A is only an acceptable answer if SSO is the only way users are able to log into your product. | F23: =VLOOKUP($A23,'Institution Evaluation'!$A$56:$F$345,6,0)&""
A24: AAAI-05 | B24: =VLOOKUP($A24,Questions!$A$2:$X$333,2,0) -> For customers not using SSO, do you have documented password/passphrase reset procedures that are currently implemented in the system and/or customer support?* | C24: N/A | E24: =IF($C24='Auto Responses'!$J$3,VLOOKUP($A24,Questions!$A$2:$X$333,17,0)&"",IF($C24='Auto Responses'!$J$4,VLOOKUP($A24,Questions!$A$2:$X$333,16,0)&"",IF($C24='Auto Responses'!$J$5,VLOOKUP($A24,Questions!$A$2:$X$333,18,0)&"",VLOOKUP($A24,Questions!$A$2:$X$333,15,0)&""))) -> N/A is only an acceptable answer if SSO is the only way users are able to log into your product. | F24: =VLOOKUP($A24,'Institution Evaluation'!$A$56:$F$345,6,0)&""
A25: AAAI-06 | B25: =VLOOKUP($A25,Questions!$A$2:$X$333,2,0) -> Does your organization participate in InCommon or another eduGAIN-affiliated trust federation?* | C25: N/A | E25: =IF($C$18='Auto Responses'!$J$4,'Auto Responses'!$A$3,IF($C25='Auto Responses'!$J$3,VLOOKUP($A25,Questions!$A$2:$X$333,17,0)&"",IF($C25='Auto Responses'!$J$4,VLOOKUP($A25,Questions!$A$2:$X$333,16,0)&"",VLOOKUP($A25,Questions!$A$2:$X$333,15,0)&""))) -> Based on the response to REQU-01 on the "START HERE" tab, this question does not apply to this product or service. | F25: =VLOOKUP($A25,'Institution Evaluation'!$A$56:$F$345,6,0)&""
A26: AAAI-07 | B26: =VLOOKUP($A26,Questions!$A$2:$X$333,2,0) -> Are there any passwords/passphrases hard-coded into your systems or solutions?* | C26: N/A | E26: =IF($C$18='Auto Responses'!$J$4,'Auto Responses'!$A$3,IF($C26='Auto Responses'!$J$3,VLOOKUP($A26,Questions!$A$2:$X$333,17,0)&"",IF($C26='Auto Responses'!$J$4,VLOOKUP($A26,Questions!$A$2:$X$333,16,0)&"",VLOOKUP($A26,Questions!$A$2:$X$333,15,0)&""))) -> Based on the response to REQU-01 on the "START HERE" tab, this question does not apply to this product or service. | F26: =VLOOKUP($A26,'Institution Evaluation'!$A$56:$F$345,6,0)&""
A27: AAAI-08 | B27: =VLOOKUP($A27,Questions!$A$2:$X$333,2,0) -> Are you storing any passwords in plaintext?* | C27: N/A | E27: =IF($C$18='Auto Responses'!$J$4,'Auto Responses'!$A$3,IF($C27='Auto Responses'!$J$3,VLOOKUP($A27,Questions!$A$2:$X$333,17,0)&"",IF($C27='Auto Responses'!$J$4,VLOOKUP($A27,Questions!$A$2:$X$333,16,0)&"",VLOOKUP($A27,Questions!$A$2:$X$333,15,0)&""))) -> Based on the response to REQU-01 on the "START HERE" tab, this question does not apply to this product or service. | F27: =VLOOKUP($A27,'Institution Evaluation'!$A$56:$F$345,6,0)&""
A28: AAAI-09 | B28: =VLOOKUP($A28,Questions!$A$2:$X$333,2,0) -> Are audit logs available that include AT LEAST all of the following: login, logout, actions performed, and source IP address?* | C28: N/A | E28: =IF($C$18='Auto Responses'!$J$4,'Auto Responses'!$A$3,IF($C28='Auto Responses'!$J$3,VLOOKUP($A28,Questions!$A$2:$X$333,17,0)&"",IF($C28='Auto Responses'!$J$4,VLOOKUP($A28,Questions!$A$2:$X$333,16,0)&"",VLOOKUP($A28,Questions!$A$2:$X$333,15,0)&""))) -> Based on the response to REQU-01 on the "START HERE" tab, this question does not apply to this product or service. | F28: =VLOOKUP($A28,'Institution Evaluation'!$A$56:$F$345,6,0)&""
A29: AAAI-10 | B29: =VLOOKUP($A29,Questions!$A$2:$X$333,2,0) -> Describe or provide a reference to the (a) system capability to log security/authorization changes, as well as user and administrator security events (i.e., physical or electronic), such as login failures, access denied, changes accepted; and (b) all requirements necessary to implement logging and monitoring on the system. Include (c) information about SIEM/log collector usage.* | C29: N/A | E29: =IF($C$18='Auto Responses'!$J$4,'Auto Responses'!$A$3,IF($C29='Auto Responses'!$J$3,VLOOKUP($A29,Questions!$A$2:$X$333,17,0)&"",IF($C29='Auto Responses'!$J$4,VLOOKUP($A29,Questions!$A$2:$X$333,16,0)&"",VLOOKUP($A29,Questions!$A$2:$X$333,15,0)&""))) -> Based on the response to REQU-01 on the "START HERE" tab, this question does not apply to this product or service. | F29: =VLOOKUP($A29,'Institution Evaluation'!$A$56:$F$345,6,0)&""
A30: AAAI-11 | B30: =VLOOKUP($A30,Questions!$A$2:$X$333,2,0) -> Can you provide the institution documentation regarding the retention period for those logs, how logs are protected, and whether they are accessible to the customer (and if so, how)?* | C30: N/A | E30: =IF($C$18='Auto Responses'!$J$4,'Auto Responses'!$A$3,IF($C30='Auto Responses'!$J$3,VLOOKUP($A30,Questions!$A$2:$X$333,17,0)&"",IF($C30='Auto Responses'!$J$4,VLOOKUP($A30,Questions!$A$2:$X$333,16,0)&"",VLOOKUP($A30,Questions!$A$2:$X$333,15,0)&""))) -> Based on the response to REQU-01 on the "START HERE" tab, this question does not apply to this product or service. | F30: =VLOOKUP($A30,'Institution Evaluation'!$A$56:$F$345,6,0)&""
A31: AAAI-12 | B31: =VLOOKUP($A31,Questions!$A$2:$X$333,2,0) -> For customers not using SSO, does your application support integration with other authentication and authorization systems? | C31: N/A | E31: =IF($C$18='Auto Responses'!$J$4,'Auto Responses'!$A$3,IF($C31='Auto Responses'!$J$3,VLOOKUP($A31,Questions!$A$2:$X$333,17,0)&"",IF($C31='Auto Responses'!$J$4,VLOOKUP($A31,Questions!$A$2:$X$333,16,0)&"",VLOOKUP($A31,Questions!$A$2:$X$333,15,0)&""))) -> Based on the response to REQU-01 on the "START HERE" tab, this question does not apply to this product or service. | F31: =VLOOKUP($A31,'Institution Evaluation'!$A$56:$F$345,6,0)&""
A32: AAAI-13 | B32: =VLOOKUP($A32,Questions!$A$2:$X$333,2,0) -> Do you allow the customer to specify attribute mappings for any needed information beyond a user identifier? (e.g., Reference eduPerson, ePPA/ePPN/ePE) | C32: N/A | E32: =IF($C$18='Auto Responses'!$J$4,'Auto Responses'!$A$3,IF($C32='Auto Responses'!$J$3,VLOOKUP($A32,Questions!$A$2:$X$333,17,0)&"",IF($C32='Auto Responses'!$J$4,VLOOKUP($A32,Questions!$A$2:$X$333,16,0)&"",VLOOKUP($A32,Questions!$A$2:$X$333,15,0)&""))) -> Based on the response to REQU-01 on the "START HERE" tab, this question does not apply to this product or service. | F32: =VLOOKUP($A32,'Institution Evaluation'!$A$56:$F$345,6,0)&""
A33: AAAI-14 | B33: =VLOOKUP($A33,Questions!$A$2:$X$333,2,0) -> For customers not using SSO, does your application support directory integration for user accounts? | C33: N/A | E33: =IF($C33='Auto Responses'!$J$3,VLOOKUP($A33,Questions!$A$2:$X$333,17,0)&"",IF($C33='Auto Responses'!$J$4,VLOOKUP($A33,Questions!$A$2:$X$333,16,0)&"",IF($C33='Auto Responses'!$J$5,VLOOKUP($A33,Questions!$A$2:$X$333,18,0)&"",VLOOKUP($A33,Questions!$A$2:$X$333,15,0)&""))) -> N/A is only an acceptable answer if SSO is the only way users are able to log into your product. | F33: =VLOOKUP($A33,'Institution Evaluation'!$A$56:$F$345,6,0)&""
A34: AAAI-15 | B34: =VLOOKUP($A34,Questions!$A$2:$X$333,2,0) -> Does your solution support any of the following web SSO standards: SAML2 (with redirect flow), OIDC, CAS, or other? | C34: N/A | E34: =IF($C$18='Auto Responses'!$J$4,'Auto Responses'!$A$3,IF($C34='Auto Responses'!$J$3,VLOOKUP($A34,Questions!$A$2:$X$333,17,0)&"",IF($C34='Auto Responses'!$J$4,VLOOKUP($A34,Questions!$A$2:$X$333,16,0)&"",VLOOKUP($A34,Questions!$A$2:$X$333,15,0)&""))) -> Based on the response to REQU-01 on the "START HERE" tab, this question does not apply to this product or service. | F34: =VLOOKUP($A34,'Institution Evaluation'!$A$56:$F$345,6,0)&""
A35: AAAI-16 | B35: =VLOOKUP($A35,Questions!$A$2:$X$333,2,0) -> Do you support differentiation between email address and user identifier? | C35: N/A | E35: =IF($C$18='Auto Responses'!$J$4,'Auto Responses'!$A$3,IF($C35='Auto Responses'!$J$3,VLOOKUP($A35,Questions!$A$2:$X$333,17,0)&"",IF($C35='Auto Responses'!$J$4,VLOOKUP($A35,Questions!$A$2:$X$333,16,0)&"",VLOOKUP($A35,Questions!$A$2:$X$333,15,0)&""))) -> Based on the response to REQU-01 on the "START HERE" tab, this question does not apply to this product or service. | F35: =VLOOKUP($A35,'Institution Evaluation'!$A$56:$F$345,6,0)&""
A36: AAAI-17 | B36: =VLOOKUP($A36,Questions!$A$2:$X$333,2,0) -> For customers not using SSO, does your application and/or user frontend/portal support multifactor authentication (e.g., Duo, Google Authenticator, OTP, etc.)? | C36: N/A | E36: =IF($C36='Auto Responses'!$J$3,VLOOKUP($A36,Questions!$A$2:$X$333,17,0)&"",IF($C36='Auto Responses'!$J$4,VLOOKUP($A36,Questions!$A$2:$X$333,16,0)&"",IF($C36='Auto Responses'!$J$5,VLOOKUP($A36,Questions!$A$2:$X$333,18,0)&"",VLOOKUP($A36,Questions!$A$2:$X$333,15,0)&""))) -> N/A is only an acceptable answer if SSO is the only way users are able to log into your product. | F36: =VLOOKUP($A36,'Institution Evaluation'!$A$56:$F$345,6,0)&""
A37: AAAI-18 | B37: =VLOOKUP($A37,Questions!$A$2:$X$333,2,0) -> Does your application automatically lock the session or log out an account after a period of inactivity? | C37: N/A | E37: =IF($C$18='Auto Responses'!$J$4,'Auto Responses'!$A$3,IF($C37='Auto Responses'!$J$3,VLOOKUP($A37,Questions!$A$2:$X$333,17,0)&"",IF($C37='Auto Responses'!$J$4,VLOOKUP($A37,Questions!$A$2:$X$333,16,0)&"",VLOOKUP($A37,Questions!$A$2:$X$333,15,0)&""))) -> Based on the response to REQU-01 on the "START HERE" tab, this question does not apply to this product or service. | F37: =VLOOKUP($A37,'Institution Evaluation'!$A$56:$F$345,6,0)&"" | G37: End Table Data
A38: =VLOOKUP(LEFT($A39,4),'Auto Responses'!$N$4:$O$38,2,0)&"" -> Data | C38: Answer | D38: Additional Information | E38: Guidance | F38: Analyst Notes
A39: DATA-01 | B39: =VLOOKUP($A39,Questions!$A$2:$X$333,2,0) -> Will the institution's data be stored on any devices (database servers, file servers, SAN, NAS, etc.) configured with non-RFC 1918/4193 (i.e., publicly routable) IP addresses?* | C39: N/A | E39: =IF($C$18='Auto Responses'!$J$4,'Auto Responses'!$A$3,IF($C39='Auto Responses'!$J$3,VLOOKUP($A39,Questions!$A$2:$X$333,17,0)&"",IF($C39='Auto Responses'!$J$4,VLOOKUP($A39,Questions!$A$2:$X$333,16,0)&"",VLOOKUP($A39,Questions!$A$2:$X$333,15,0)&""))) -> Based on the response to REQU-01 on the "START HERE" tab, this question does not apply to this product or service. | F39: =VLOOKUP($A39,'Institution Evaluation'!$A$56:$F$345,6,0)&""
A40: DATA-02 | B40: =VLOOKUP($A40,Questions!$A$2:$X$333,2,0) -> Is the transport of sensitive data encrypted using security protocols/algorithms (e.g., system-to-client)?* | C40: N/A | E40: =IF($C$18='Auto Responses'!$J$4,'Auto Responses'!$A$3,IF($C40='Auto Responses'!$J$3,VLOOKUP($A40,Questions!$A$2:$X$333,17,0)&"",IF($C40='Auto Responses'!$J$4,VLOOKUP($A40,Questions!$A$2:$X$333,16,0)&"",VLOOKUP($A40,Questions!$A$2:$X$333,15,0)&""))) -> Based on the response to REQU-01 on the "START HERE" tab, this question does not apply to this product or service. | F40: =VLOOKUP($A40,'Institution Evaluation'!$A$56:$F$345,6,0)&""
A41: DATA-03 | B41: =VLOOKUP($A41,Questions!$A$2:$X$333,2,0) -> Is the storage of sensitive data encrypted using security protocols/algorithms (e.g., disk encryption, at-rest, files, and within a running database)?* | C41: N/A | E41: =IF($C$18='Auto Responses'!$J$4,'Auto Responses'!$A$3,IF($C41='Auto Responses'!$J$3,VLOOKUP($A41,Questions!$A$2:$X$333,17,0)&"",IF($C41='Auto Responses'!$J$4,VLOOKUP($A41,Questions!$A$2:$X$333,16,0)&"",VLOOKUP($A41,Questions!$A$2:$X$333,15,0)&""))) -> Based on the response to REQU-01 on the "START HERE" tab, this question does not apply to this product or service. | F41: =VLOOKUP($A41,'Institution Evaluation'!$A$56:$F$345,6,0)&""
A42: DATA-04 | B42: =VLOOKUP($A42,Questions!$A$2:$X$333,2,0) -> Do all cryptographic modules in use in your solution conform to the Federal Information Processing Standards (FIPS PUB 140-2 or 140-3)?* | C42: N/A | E42: =IF($C$18='Auto Responses'!$J$4,'Auto Responses'!$A$3,IF($C42='Auto Responses'!$J$3,VLOOKUP($A42,Questions!$A$2:$X$333,17,0)&"",IF($C42='Auto Responses'!$J$4,VLOOKUP($A42,Questions!$A$2:$X$333,16,0)&"",VLOOKUP($A42,Questions!$A$2:$X$333,15,0)&""))) -> Based on the response to REQU-01 on the "START HERE" tab, this question does not apply to this product or service. | F42: =VLOOKUP($A42,'Institution Evaluation'!$A$56:$F$345,6,0)&""
A43: DATA-05 | B43: =VLOOKUP($A43,Questions!$A$2:$X$333,2,0) -> Will the institution's data be available within the system for a period of time at the completion of this contract?* | C43: N/A | E43: =IF($C$18='Auto Responses'!$J$4,'Auto Responses'!$A$3,IF($C43='Auto Responses'!$J$3,VLOOKUP($A43,Questions!$A$2:$X$333,17,0)&"",IF($C43='Auto Responses'!$J$4,VLOOKUP($A43,Questions!$A$2:$X$333,16,0)&"",VLOOKUP($A43,Questions!$A$2:$X$333,15,0)&""))) -> Based on the response to REQU-01 on the "START HERE" tab, this question does not apply to this product or service. | F43: =VLOOKUP($A43,'Institution Evaluation'!$A$56:$F$345,6,0)&""
A44: DATA-06 | B44: =VLOOKUP($A44,Questions!$A$2:$X$333,2,0) -> Are ownership rights to all data, inputs, outputs, and metadata retained even through a provider acquisition or bankruptcy event?* | C44: N/A | E44: =IF($C$18='Auto Responses'!$J$4,'Auto Responses'!$A$3,IF($C44='Auto Responses'!$J$3,VLOOKUP($A44,Questions!$A$2:$X$333,17,0)&"",IF($C44='Auto Responses'!$J$4,VLOOKUP($A44,Questions!$A$2:$X$333,16,0)&"",VLOOKUP($A44,Questions!$A$2:$X$333,15,0)&""))) -> Based on the response to REQU-01 on the "START HERE" tab, this question does not apply to this product or service. | F44: =VLOOKUP($A44,'Institution Evaluation'!$A$56:$F$345,6,0)&""
A45: DATA-07 | B45: =VLOOKUP($A45,Questions!$A$2:$X$333,2,0) -> Do backups containing the institution's data ever leave the institution's data zone either physically or via network routing?* | C45: N/A | E45: =IF($C$18='Auto Responses'!$J$4,'Auto Responses'!$A$3,IF($C45='Auto Responses'!$J$3,VLOOKUP($A45,Questions!$A$2:$X$333,17,0)&"",IF($C45='Auto Responses'!$J$4,VLOOKUP($A45,Questions!$A$2:$X$333,16,0)&"",VLOOKUP($A45,Questions!$A$2:$X$333,15,0)&""))) -> Based on the response to REQU-01 on the "START HERE" tab, this question does not apply to this product or service. | F45: =VLOOKUP($A45,'Institution Evaluation'!$A$56:$F$345,6,0)&""
A46: DATA-08 | B46: =VLOOKUP($A46,Questions!$A$2:$X$333,2,0) -> Is media used for long-term retention of business data and archival purposes stored in a secure, environmentally protected area?* | C46: N/A | E46: =IF($C$18='Auto Responses'!$J$4,'Auto Responses'!$A$3,IF($C46='Auto Responses'!$J$3,VLOOKUP($A46,Questions!$A$2:$X$333,17,0)&"",IF($C46='Auto Responses'!$J$4,VLOOKUP($A46,Questions!$A$2:$X$333,16,0)&"",VLOOKUP($A46,Questions!$A$2:$X$333,15,0)&""))) -> Based on the response to REQU-01 on the "START HERE" tab, this question does not apply to this product or service. | F46: =VLOOKUP($A46,'Institution Evaluation'!$A$56:$F$345,6,0)&""
A47: DATA-09 | B47: =VLOOKUP($A47,Questions!$A$2:$X$333,2,0) -> At the completion of this contract, will data be returned to the institution and/or deleted from all your systems and archives? | C47: N/A | E47: =IF($C$18='Auto Responses'!$J$4,'Auto Responses'!$A$3,IF($C47='Auto Responses'!$J$3,VLOOKUP($A47,Questions!$A$2:$X$333,17,0)&"",IF($C47='Auto Responses'!$J$4,VLOOKUP($A47,Questions!$A$2:$X$333,16,0)&"",VLOOKUP($A47,Questions!$A$2:$X$333,15,0)&""))) -> Based on the response to REQU-01 on the "START HERE" tab, this question does not apply to this product or service. | F47: =VLOOKUP($A47,'Institution Evaluation'!$A$56:$F$345,6,0)&""
A48: DATA-10 | B48: =VLOOKUP($A48,Questions!$A$2:$X$333,2,0) -> Can the institution extract a full or partial backup of data? | C48: N/A | E48: =IF($C$18='Auto Responses'!$J$4,'Auto Responses'!$A$3,IF($C48='Auto Responses'!$J$3,VLOOKUP($A48,Questions!$A$2:$X$333,17,0)&"",IF($C48='Auto Responses'!$J$4,VLOOKUP($A48,Questions!$A$2:$X$333,16,0)&"",VLOOKUP($A48,Questions!$A$2:$X$333,15,0)&""))) -> Based on the response to REQU-01 on the "START HERE" tab, this question does not apply to this product or service. | F48: =VLOOKUP($A48,'Institution Evaluation'!$A$56:$F$345,6,0)&""
A49: DATA-11 | B49: =VLOOKUP($A49,Questions!$A$2:$X$333,2,0) -> Do current backups include all operating system software, utilities, security software, application software, and data files necessary for recovery? | C49: N/A | E49: =IF($C$18='Auto Responses'!$J$4,'Auto Responses'!$A$3,IF($C49='Auto Responses'!$J$3,VLOOKUP($A49,Questions!$A$2:$X$333,17,0)&"",IF($C49='Auto Responses'!$J$4,VLOOKUP($A49,Questions!$A$2:$X$333,16,0)&"",VLOOKUP($A49,Questions!$A$2:$X$333,15,0)&""))) -> Based on the response to REQU-01 on the "START HERE" tab, this question does not apply to this product or service. | F49: =VLOOKUP($A49,'Institution Evaluation'!$A$56:$F$345,6,0)&""
A50: DATA-12 | B50: =VLOOKUP($A50,Questions!$A$2:$X$333,2,0) -> Are you performing off-site backups (i.e., digitally moved off site)? | C50: N/A | E50: =IF($C$18='Auto Responses'!$J$4,'Auto Responses'!$A$3,IF($C50='Auto Responses'!$J$3,VLOOKUP($A50,Questions!$A$2:$X$333,17,0)&"",IF($C50='Auto Responses'!$J$4,VLOOKUP($A50,Questions!$A$2:$X$333,16,0)&"",VLOOKUP($A50,Questions!$A$2:$X$333,15,0)&""))) -> Based on the response to REQU-01 on the "START HERE" tab, this question does not apply to this product or service. | F50: =VLOOKUP($A50,'Institution Evaluation'!$A$56:$F$345,6,0)&""
A51: DATA-13 | B51: =VLOOKUP($A51,Questions!$A$2:$X$333,2,0) -> Are physical backups taken off-site (i.e., physically moved off site)? | C51: N/A | E51: =IF($C51='Auto Responses'!$J$3,VLOOKUP($A51,Questions!$A$2:$X$333,17,0)&"",IF($C51='Auto Responses'!$J$4,VLOOKUP($A51,Questions!$A$2:$X$333,16,0)&"",IF($C51='Auto Responses'!$J$5,VLOOKUP($A51,Questions!$A$2:$X$333,18,0)&"",VLOOKUP($A51,Questions!$A$2:$X$333,15,0)&""))) -> Please explain why this does not apply to your organization, product or service. | F51: =VLOOKUP($A51,'Institution Evaluation'!$A$56:$F$345,6,0)&""
A52: DATA-14 | B52: =VLOOKUP($A52,Questions!$A$2:$X$333,2,0) -> Are data backups encrypted? | C52: N/A | E52: =IF($C$18='Auto Responses'!$J$4,'Auto Responses'!$A$3,IF($C52='Auto Responses'!$J$3,VLOOKUP($A52,Questions!$A$2:$X$333,17,0)&"",IF($C52='Auto Responses'!$J$4,VLOOKUP($A52,Questions!$A$2:$X$333,16,0)&"",VLOOKUP($A52,Questions!$A$2:$X$333,15,0)&""))) -> Based on the response to REQU-01 on the "START HERE" tab, this question does not apply to this product or service. | F52: =VLOOKUP($A52,'Institution Evaluation'!$A$56:$F$345,6,0)&""
A53: DATA-15 | B53: =VLOOKUP($A53,Questions!$A$2:$X$333,2,0) -> Do you have a media handling process that is documented and currently implemented that meets established business needs and regulatory requirements, including end-of-life, repurposing, and data-sanitization procedures? | C53: N/A | E53: =IF($C$18='Auto Responses'!$J$4,'Auto Responses'!$A$3,IF($C53='Auto Responses'!$J$3,VLOOKUP($A53,Questions!$A$2:$X$333,17,0)&"",IF($C53='Auto Responses'!$J$4,VLOOKUP($A53,Questions!$A$2:$X$333,16,0)&"",VLOOKUP($A53,Questions!$A$2:$X$333,15,0)&""))) -> Based on the response to REQU-01 on the "START HERE" tab, this question does not apply to this product or service. | F53: =VLOOKUP($A53,'Institution Evaluation'!$A$56:$F$345,6,0)&""
A54: DATA-16 | B54: =VLOOKUP($A54,Questions!$A$2:$X$333,2,0) -> Does the process described in DATA-15 adhere to DoD 5220.22-M and/or NIST SP 800-88 standards? | C54: N/A | E54: =IF($C$18='Auto Responses'!$J$4,'Auto Responses'!$A$3,IF($C54='Auto Responses'!$J$3,VLOOKUP($A54,Questions!$A$2:$X$333,17,0)&"",IF($C54='Auto Responses'!$J$4,VLOOKUP($A54,Questions!$A$2:$X$333,16,0)&"",VLOOKUP($A54,Questions!$A$2:$X$333,15,0)&""))) -> Based on the response to REQU-01 on the "START HERE" tab, this question does not apply to this product or service. | F54: =VLOOKUP($A54,'Institution Evaluation'!$A$56:$F$345,6,0)&""
A55: DATA-17 | B55: =VLOOKUP($A55,Questions!$A$2:$X$333,2,0) -> Does your staff (or third party) have access to institutional data (e.g., financial, PHI, or other sensitive information) through any means? | C55: N/A | E55: =IF($C$18='Auto Responses'!$J$4,'Auto Responses'!$A$3,IF($C55='Auto Responses'!$J$3,VLOOKUP($A55,Questions!$A$2:$X$333,17,0)&"",IF($C55='Auto Responses'!$J$4,VLOOKUP($A55,Questions!$A$2:$X$333,16,0)&"",VLOOKUP($A55,Questions!$A$2:$X$333,15,0)&""))) -> Based on the response to REQU-01 on the "START HERE" tab, this question does not apply to this product or service. | F55: =VLOOKUP($A55,'Institution Evaluation'!$A$56:$F$345,6,0)&""
A56: DATA-18 | B56: =VLOOKUP($A56,Questions!$A$2:$X$333,2,0) -> Do you have a documented and currently implemented strategy for securing employee workstations when they work remotely (i.e., not in a trusted computing environment)? | C56: N/A | E56: =IF($C$18='Auto Responses'!$J$4,'Auto Responses'!$A$3,IF($C56='Auto Responses'!$J$3,VLOOKUP($A56,Questions!$A$2:$X$333,17,0)&"",IF($C56='Auto Responses'!$J$4,VLOOKUP($A56,Questions!$A$2:$X$333,16,0)&"",VLOOKUP($A56,Questions!$A$2:$X$333,15,0)&""))) -> Based on the response to REQU-01 on the "START HERE" tab, this question does not apply to this product or service. | F56: =VLOOKUP($A56,'Institution Evaluation'!$A$56:$F$345,6,0)&""
A57: DATA-19 | B57: =VLOOKUP($A57,Questions!$A$2:$X$333,2,0) -> Does the environment provide for dedicated single-tenant capabilities? If not, describe how your solution or environment separates data from different customers (e.g., logically, physically, single tenancy, multi-tenancy). | C57: N/A | E57: =IF($C$18='Auto Responses'!$J$4,'Auto Responses'!$A$3,IF($C57='Auto Responses'!$J$3,VLOOKUP($A57,Questions!$A$2:$X$333,17,0)&"",IF($C57='Auto Responses'!$J$4,VLOOKUP($A57,Questions!$A$2:$X$333,16,0)&"",VLOOKUP($A57,Questions!$A$2:$X$333,15,0)&""))) -> Based on the response to REQU-01 on the "START HERE" tab, this question does not apply to this product or service. | F57: =VLOOKUP($A57,'Institution Evaluation'!$A$56:$F$345,6,0)&""
A58: DATA-20 | B58: =VLOOKUP($A58,Questions!$A$2:$X$333,2,0) -> Are ownership rights to all data, inputs, outputs, and metadata retained by the institution? | C58: N/A | E58: =IF($C$18='Auto Responses'!$J$4,'Auto Responses'!$A$3,IF($C58='Auto Responses'!$J$3,VLOOKUP($A58,Questions!$A$2:$X$333,17,0)&"",IF($C58='Auto Responses'!$J$4,VLOOKUP($A58,Questions!$A$2:$X$333,16,0)&"",VLOOKUP($A58,Questions!$A$2:$X$333,15,0)&""))) -> Based on the response to REQU-01 on the "START HERE" tab, this question does not apply to this product or service. | F58: =VLOOKUP($A58,'Institution Evaluation'!$A$56:$F$345,6,0)&""
A59: DATA-21 | B59: =VLOOKUP($A59,Questions!$A$2:$X$333,2,0) -> In the event of imminent bankruptcy, closing of business, or retirement of service, will you provide 90 days for customers to get their data out of the system and migrate applications? | C59: N/A | E59: =IF($C$18='Auto Responses'!$J$4,'Auto Responses'!$A$3,IF($C59='Auto Responses'!$J$3,VLOOKUP($A59,Questions!$A$2:$X$333,17,0)&"",IF($C59='Auto Responses'!$J$4,VLOOKUP($A59,Questions!$A$2:$X$333,16,0)&"",VLOOKUP($A59,Questions!$A$2:$X$333,15,0)&""))) -> Based on the response to REQU-01 on the "START HERE" tab, this question does not apply to this product or service. | F59: =VLOOKUP($A59,'Institution Evaluation'!$A$56:$F$345,6,0)&""
A60: DATA-22 | B60: =VLOOKUP($A60,Questions!$A$2:$X$333,2,0) -> Are involatile backup copies made according to predefined schedules and securely stored and protected? | C60: N/A | E60: =IF($C$18='Auto Responses'!$J$4,'Auto Responses'!$A$3,IF($C60='Auto Responses'!$J$3,VLOOKUP($A60,Questions!$A$2:$X$333,17,0)&"",IF($C60='Auto Responses'!$J$4,VLOOKUP($A60,Questions!$A$2:$X$333,16,0)&"",VLOOKUP($A60,Questions!$A$2:$X$333,15,0)&""))) -> Based on the response to REQU-01 on the "START HERE" tab, this question does not apply to this product or service. | F60: =VLOOKUP($A60,'Institution Evaluation'!$A$56:$F$345,6,0)&""
A61: DATA-23 | B61: =VLOOKUP($A61,Questions!$A$2:$X$333,2,0) -> Do you have a cryptographic key management process (generation, exchange, storage, safeguards, use, vetting, and replacement) that is documented and currently implemented, for all system components (e.g., database, system, web, etc.)? | C61: N/A | E61: =IF($C$18='Auto Responses'!$J$4,'Auto Responses'!$A$3,IF($C61='Auto Responses'!$J$3,VLOOKUP($A61,Questions!$A$2:$X$333,17,0)&"",IF($C61='Auto Responses'!$J$4,VLOOKUP($A61,Questions!$A$2:$X$333,16,0)&"",VLOOKUP($A61,Questions!$A$2:$X$333,15,0)&""))) -> Based on the response to REQU-01 on the "START HERE" tab, this question does not apply to this product or service. | F61: =VLOOKUP($A61,'Institution Evaluation'!$A$56:$F$345,6,0)&"" | G61: End Table Data
A62: Copyright © 2025 EDUCAUSE
A66: =#REF! -> #REF!
A67: =#REF! -> #REF!
A68: =#REF! -> #REF!
A69: =#REF! -> #REF!
A70: =#REF! -> #REF!
A71: =#REF! -> #REF!
A72: =#REF! -> #REF!

Sheet Infrastructure
A1: Cells contained in this worksheet may contain cells with dropdown lists as well as autopopulated formulas.
A2: HECVAT Solution Provider Response - Infrastructure | F2: ='Auto Responses'!$A$36 -> Version 4.1.6
A3: Date Completed | B3: 46282 | C3: ='START HERE'!$C$3 -> 0
A4: Instructions for Solution Providers
A5: =HLOOKUP($A$4,'Auto Responses'!$D$2:$D$8,2,0)&"" -> 1. Complete the "Start Here" tab and review the "Required Questions" guidance to find the other sections are required for your product or service.
A6: =HLOOKUP($A$4,'Auto Responses'!$D$2:$D$8,3,0)&"" -> 2. Complete the "Organization" tab and the applicable questions in each of the next 5 tabs (Product through Privacy) that apply, based on your answers to the "Required Questions."
A7: =HLOOKUP($A$4,'Auto Responses'!$D$2:$D$8,4,0)&"" -> 3. Guidance in column E may change based on your answers to prompt details in "Additional Information." If leaving an answer blank, you must also state why in "Additional Information".
A8: =HLOOKUP($A$4,'Auto Responses'!$D$2:$D$8,5,0)&"" -> 4. DO NOT complete any fields in the "Evaluation" sheets or the "Analyst Notes" column.
A9: =HLOOKUP($A$4,'Auto Responses'!$D$2:$D$8,6,0)&"" -> 5. Return the completed file to institutions.
A10: =HLOOKUP($A$4,'Auto Responses'!$D$2:$D$8,7,0)&"" -> * Denotes critical questions. Critical questions are those deemed most important to institutions by higher education volunteers.
A11: =HLOOKUP($A$4,'Auto Responses'!$D$2:$D$9,8,0)&"" -> For full instructions, please visit educause.edu/HECVAT
A12: =VLOOKUP(LEFT($A13,4),'Auto Responses'!$N$4:$O$38,2,0)&"" -> General Information | C12: Answer
A13: GNRL-01 | B13: =VLOOKUP($A13,Questions!$A$2:$X$333,2,0)&"" -> Solution Provider Name | C13: =VLOOKUP($A13,'START HERE'!$A$13:$C$21,3,0)&"" -> SmartPLS GmbH
A14: GNRL-02 | B14: =VLOOKUP($A14,Questions!$A$2:$X$333,2,0)&"" -> Solution Name | C14: =VLOOKUP($A14,'START HERE'!$A$13:$C$21,3,0)&"" -> SmartPLS 4.1.1.9 (SmartPLS Desktop)
A15: GNRL-03 | B15: =VLOOKUP($A15,Questions!$A$2:$X$333,2,0)&"" -> Solution Description | C15: =VLOOKUP($A15,'START HERE'!$A$13:$C$21,3,0)&"" -> SmartPLS is a desktop software application for Partial Least Squares Structural Equation Modeling (PLS-SEM) and related multivariate statistical methods. It is used primarily by academic researchers, and increasingly by business analysts, to develop and test theoretical models using survey and other quantitative data.
A16: GNRL-08 | B16: =VLOOKUP($A16,Questions!$A$2:$X$333,2,0)&"" -> Country of Company Headquarters | C16: =VLOOKUP($A16,'START HERE'!$A$13:$C$21,3,0)&"" -> Germany
A17: =VLOOKUP(LEFT($A18,4),'Auto Responses'!$N$4:$O$38,2,0)&"" -> Required Questions | C17: Answer | E17: Guidance | F17: Analyst Notes
A18: REQU-01 | B18: =VLOOKUP($A18,Questions!$A$2:$X$333,2,0) -> Are you offering a cloud-based product? | C18: =VLOOKUP($A18,'START HERE'!$A$23:$F$36,3,0)&"" -> No | D18: =VLOOKUP($A18,'START HERE'!$A$23:$F$36,4,0)&"" -> SmartPLS is a locally installed Java application; it is not a cloud-hosted product. | E18: =IF($C18='Auto Responses'!$J$3,VLOOKUP($A18,Questions!$A$2:$X$333,17,0)&"",IF($C18='Auto Responses'!$J$4,VLOOKUP($A18,Questions!$A$2:$X$333,16,0)&"",VLOOKUP($A18,Questions!$A$2:$X$333,15,0)&"")) -> DO NOT complete the Product and Infrastructure worksheets | F18: =VLOOKUP($A18,'Institution Evaluation'!$A$56:$F$345,6,0)&"" | G18: End Table Data
A19: =VLOOKUP(LEFT($A20,4),'Auto Responses'!$N$4:$O$38,2,0)&"" -> Application/Service Security | C19: Answer | D19: Additional Information | E19: Guidance | F19: Analyst Notes
A20: APPL-01 | B20: =VLOOKUP($A20,Questions!$A$2:$X$333,2,0) -> Are access controls for institutional accounts based on structured rules, such as role-based access control (RBAC), attribute-based access control (ABAC), or policy-based access control (PBAC)?* | C20: N/A | E20: =IF($C$18='Auto Responses'!$J$4,'Auto Responses'!$A$3,IF($C20='Auto Responses'!$J$3,VLOOKUP($A20,Questions!$A$2:$X$333,17,0)&"",IF($C20='Auto Responses'!$J$4,VLOOKUP($A20,Questions!$A$2:$X$333,16,0)&"",VLOOKUP($A20,Questions!$A$2:$X$333,15,0)&""))) -> Based on the response to REQU-01 on the "START HERE" tab, this question does not apply to this product or service. | F20: =VLOOKUP($A20,'Institution Evaluation'!$A$56:$F$345,6,0)&""
A21: APPL-02 | B21: =VLOOKUP($A21,Questions!$A$2:$X$333,2,0) -> Are you using a web application firewall (WAF)?* | C21: N/A | E21: =IF($C$18='Auto Responses'!$J$4,'Auto Responses'!$A$3,IF($C21='Auto Responses'!$J$3,VLOOKUP($A21,Questions!$A$2:$X$333,17,0)&"",IF($C21='Auto Responses'!$J$4,VLOOKUP($A21,Questions!$A$2:$X$333,16,0)&"",VLOOKUP($A21,Questions!$A$2:$X$333,15,0)&""))) -> Based on the response to REQU-01 on the "START HERE" tab, this question does not apply to this product or service. | F21: =VLOOKUP($A21,'Institution Evaluation'!$A$56:$F$345,6,0)&""
A22: APPL-03 | B22: =VLOOKUP($A22,Questions!$A$2:$X$333,2,0) -> Are only currently supported operating system(s), software, and libraries leveraged by the system(s)/application(s) that will have access to institution's data?* | C22: N/A | E22: =IF($C$18='Auto Responses'!$J$4,'Auto Responses'!$A$3,IF($C22='Auto Responses'!$J$3,VLOOKUP($A22,Questions!$A$2:$X$333,17,0)&"",IF($C22='Auto Responses'!$J$4,VLOOKUP($A22,Questions!$A$2:$X$333,16,0)&"",VLOOKUP($A22,Questions!$A$2:$X$333,15,0)&""))) -> Based on the response to REQU-01 on the "START HERE" tab, this question does not apply to this product or service. | F22: =VLOOKUP($A22,'Institution Evaluation'!$A$56:$F$345,6,0)&""
A23: APPL-04 | B23: =VLOOKUP($A23,Questions!$A$2:$X$333,2,0) -> Does your application require access to location or GPS data?* | C23: N/A | E23: =IF($C$18='Auto Responses'!$J$4,'Auto Responses'!$A$3,IF($C23='Auto Responses'!$J$3,VLOOKUP($A23,Questions!$A$2:$X$333,17,0)&"",IF($C23='Auto Responses'!$J$4,VLOOKUP($A23,Questions!$A$2:$X$333,16,0)&"",VLOOKUP($A23,Questions!$A$2:$X$333,15,0)&""))) -> Based on the response to REQU-01 on the "START HERE" tab, this question does not apply to this product or service. | F23: =VLOOKUP($A23,'Institution Evaluation'!$A$56:$F$345,6,0)&""
A24: APPL-05 | B24: =VLOOKUP($A24,Questions!$A$2:$X$333,2,0) -> Does your application provide separation of duties between security administration, system administration, and standard user functions?* | C24: N/A | E24: =IF($C$18='Auto Responses'!$J$4,'Auto Responses'!$A$3,IF($C24='Auto Responses'!$J$3,VLOOKUP($A24,Questions!$A$2:$X$333,17,0)&"",IF($C24='Auto Responses'!$J$4,VLOOKUP($A24,Questions!$A$2:$X$333,16,0)&"",VLOOKUP($A24,Questions!$A$2:$X$333,15,0)&""))) -> Based on the response to REQU-01 on the "START HERE" tab, this question does not apply to this product or service. | F24: =VLOOKUP($A24,'Institution Evaluation'!$A$56:$F$345,6,0)&""
A25: APPL-06 | B25: =VLOOKUP($A25,Questions!$A$2:$X$333,2,0) -> Do you subject your code to static code analysis and/or static application security testing prior to release?* | C25: N/A | E25: =IF($C$18='Auto Responses'!$J$4,'Auto Responses'!$A$3,IF($C25='Auto Responses'!$J$3,VLOOKUP($A25,Questions!$A$2:$X$333,17,0)&"",IF($C25='Auto Responses'!$J$4,VLOOKUP($A25,Questions!$A$2:$X$333,16,0)&"",VLOOKUP($A25,Questions!$A$2:$X$333,15,0)&""))) -> Based on the response to REQU-01 on the "START HERE" tab, this question does not apply to this product or service. | F25: =VLOOKUP($A25,'Institution Evaluation'!$A$56:$F$345,6,0)&""
A26: APPL-07 | B26: =VLOOKUP($A26,Questions!$A$2:$X$333,2,0) -> Do you have software testing processes (dynamic or static) that are established and followed?* | C26: N/A | E26: =IF($C$18='Auto Responses'!$J$4,'Auto Responses'!$A$3,IF($C26='Auto Responses'!$J$3,VLOOKUP($A26,Questions!$A$2:$X$333,17,0)&"",IF($C26='Auto Responses'!$J$4,VLOOKUP($A26,Questions!$A$2:$X$333,16,0)&"",VLOOKUP($A26,Questions!$A$2:$X$333,15,0)&""))) -> Based on the response to REQU-01 on the "START HERE" tab, this question does not apply to this product or service. | F26: =VLOOKUP($A26,'Institution Evaluation'!$A$56:$F$345,6,0)&""
A27: APPL-08 | B27: =VLOOKUP($A27,Questions!$A$2:$X$333,2,0) -> Are access controls for staff within your organization based on structured rules, such as RBAC, ABAC, or PBAC? | C27: N/A | E27: =IF($C$18='Auto Responses'!$J$4,'Auto Responses'!$A$3,IF($C27='Auto Responses'!$J$3,VLOOKUP($A27,Questions!$A$2:$X$333,17,0)&"",IF($C27='Auto Responses'!$J$4,VLOOKUP($A27,Questions!$A$2:$X$333,16,0)&"",VLOOKUP($A27,Questions!$A$2:$X$333,15,0)&""))) -> Based on the response to REQU-01 on the "START HERE" tab, this question does not apply to this product or service. | F27: =VLOOKUP($A27,'Institution Evaluation'!$A$56:$F$345,6,0)&""
A28: APPL-09 | B28: =VLOOKUP($A28,Questions!$A$2:$X$333,2,0) -> Does the system provide data input validation and error messages? | C28: N/A | E28: =IF($C$18='Auto Responses'!$J$4,'Auto Responses'!$A$3,IF($C28='Auto Responses'!$J$3,VLOOKUP($A28,Questions!$A$2:$X$333,17,0)&"",IF($C28='Auto Responses'!$J$4,VLOOKUP($A28,Questions!$A$2:$X$333,16,0)&"",VLOOKUP($A28,Questions!$A$2:$X$333,15,0)&""))) -> Based on the response to REQU-01 on the "START HERE" tab, this question does not apply to this product or service. | F28: =VLOOKUP($A28,'Institution Evaluation'!$A$56:$F$345,6,0)&""
A29: APPL-10 | B29: =VLOOKUP($A29,Questions!$A$2:$X$333,2,0) -> Do you have a process and implemented procedures for managing your software supply chain (e.g., libraries, repositories, frameworks, etc.)? | C29: N/A | E29: =IF($C$18='Auto Responses'!$J$4,'Auto Responses'!$A$3,IF($C29='Auto Responses'!$J$3,VLOOKUP($A29,Questions!$A$2:$X$333,17,0)&"",IF($C29='Auto Responses'!$J$4,VLOOKUP($A29,Questions!$A$2:$X$333,16,0)&"",VLOOKUP($A29,Questions!$A$2:$X$333,15,0)&""))) -> Based on the response to REQU-01 on the "START HERE" tab, this question does not apply to this product or service. | F29: =VLOOKUP($A29,'Institution Evaluation'!$A$56:$F$345,6,0)&""
A30: APPL-11 | B30: =VLOOKUP($A30,Questions!$A$2:$X$333,2,0) -> Have your developers been trained in secure coding techniques? | C30: N/A | E30: =IF($C$18='Auto Responses'!$J$4,'Auto Responses'!$A$3,IF($C30='Auto Responses'!$J$3,VLOOKUP($A30,Questions!$A$2:$X$333,17,0)&"",IF($C30='Auto Responses'!$J$4,VLOOKUP($A30,Questions!$A$2:$X$333,16,0)&"",VLOOKUP($A30,Questions!$A$2:$X$333,15,0)&""))) -> Based on the response to REQU-01 on the "START HERE" tab, this question does not apply to this product or service. | F30: =VLOOKUP($A30,'Institution Evaluation'!$A$56:$F$345,6,0)&""
A31: APPL-12 | B31: =VLOOKUP($A31,Questions!$A$2:$X$333,2,0) -> Was your application developed using secure coding techniques? | C31: N/A | E31: =IF($C$18='Auto Responses'!$J$4,'Auto Responses'!$A$3,IF($C31='Auto Responses'!$J$3,VLOOKUP($A31,Questions!$A$2:$X$333,17,0)&"",IF($C31='Auto Responses'!$J$4,VLOOKUP($A31,Questions!$A$2:$X$333,16,0)&"",VLOOKUP($A31,Questions!$A$2:$X$333,15,0)&""))) -> Based on the response to REQU-01 on the "START HERE" tab, this question does not apply to this product or service. | F31: =VLOOKUP($A31,'Institution Evaluation'!$A$56:$F$345,6,0)&""
A32: APPL-13 | B32: =VLOOKUP($A32,Questions!$A$2:$X$333,2,0) -> If mobile, is the application available from a trusted source (e.g., App Store, Google Play Store)? | C32: N/A | E32: =IF($C$18='Auto Responses'!$J$4,'Auto Responses'!$A$3,IF($C32='Auto Responses'!$J$3,VLOOKUP($A32,Questions!$A$2:$X$333,17,0)&"",IF($C32='Auto Responses'!$J$4,VLOOKUP($A32,Questions!$A$2:$X$333,16,0)&"",IF($C32='Auto Responses'!$J$5,VLOOKUP($A32,Questions!$A$2:$X$333,18,0)&"",VLOOKUP($A32,Questions!$A$2:$X$333,15,0)&"")))) -> Based on the response to REQU-01 on the "START HERE" tab, this question does not apply to this product or service. | F32: =VLOOKUP($A32,'Institution Evaluation'!$A$56:$F$345,6,0)&""
A33: APPL-14 | B33: =VLOOKUP($A33,Questions!$A$2:$X$333,2,0) -> Do you have a fully implemented policy or procedure that details how your employees obtain administrator access to institutional instance of the application? | C33: N/A | E33: =IF($C$18='Auto Responses'!$J$4,'Auto Responses'!$A$3,IF($C33='Auto Responses'!$J$3,VLOOKUP($A33,Questions!$A$2:$X$333,17,0)&"",IF($C33='Auto Responses'!$J$4,VLOOKUP($A33,Questions!$A$2:$X$333,16,0)&"",VLOOKUP($A33,Questions!$A$2:$X$333,15,0)&""))) -> Based on the response to REQU-01 on the "START HERE" tab, this question does not apply to this product or service. | F33: =VLOOKUP($A33,'Institution Evaluation'!$A$56:$F$345,6,0)&"" | G33: End Table Data
A34: =VLOOKUP(LEFT($A35,4),'Auto Responses'!$N$4:$O$38,2,0)&"" -> Datacenter | C34: Answer | D34: Additional Information | E34: Guidance | F34: Analyst Notes
A35: DCTR-01 | B35: =VLOOKUP($A35,Questions!$A$2:$X$333,2,0) -> Select your hosting option. | C35: N/A | E35: =IF(OR($C35="",$C35="Other"),VLOOKUP($A35,Questions!$A$2:$X$333,15,0),"")&"" | F35: =VLOOKUP($A35,'Institution Evaluation'!$A$56:$F$345,6,0)&""
A36: DCTR-02 | B36: =VLOOKUP($A36,Questions!$A$2:$X$333,2,0) -> Is a SOC 2 Type 2 report available for the hosting environment? | C36: N/A | E36: =IF($C$35="","",IF(OR($C$35='Auto Responses'!$J$20,$C$35='Auto Responses'!$J$21,$C$35='Auto Responses'!$J$22),'Auto Responses'!$A$26,IF($C36='Auto Responses'!$J$3,VLOOKUP($A36,Questions!$A$2:$X$333,17,0)&"",IF($C36='Auto Responses'!$J$4,VLOOKUP($A36,Questions!$A$2:$X$333,16,0)&"",VLOOKUP($A36,Questions!$A$2:$X$333,15,0)&"")))) | F36: =VLOOKUP($A36,'Institution Evaluation'!$A$56:$F$345,6,0)&""
A37: DCTR-03 | B37: =VLOOKUP($A37,Questions!$A$2:$X$333,2,0) -> Are you generally able to accommodate storing each institution's data within its geographic region? | C37: N/A | E37: =IF($C$35="","",IF($C37='Auto Responses'!$J$3,VLOOKUP($A37,Questions!$A$2:$X$333,17,0)&"",IF($C37='Auto Responses'!$J$4,VLOOKUP($A37,Questions!$A$2:$X$333,16,0)&"",VLOOKUP($A37,Questions!$A$2:$X$333,15,0)&""))) -> Please indicate which geographic regions you can provide storage in the Additional Info column. | F37: =VLOOKUP($A37,'Institution Evaluation'!$A$56:$F$345,6,0)&""
A38: DCTR-04 | B38: =VLOOKUP($A38,Questions!$A$2:$X$333,2,0) -> Are the data centers staffed 24 hours a day, seven days a week (i.e., 24 x 7 x 365)? | C38: N/A | E38: =IF($C$35="","",IF(OR($C$35='Auto Responses'!$J$20,$C$35='Auto Responses'!$J$21,$C$35='Auto Responses'!$J$22),'Auto Responses'!$A$26,IF($C38='Auto Responses'!$J$3,VLOOKUP($A38,Questions!$A$2:$X$333,17,0)&"",IF($C38='Auto Responses'!$J$4,VLOOKUP($A38,Questions!$A$2:$X$333,16,0)&"",VLOOKUP($A38,Questions!$A$2:$X$333,15,0)&"")))) | F38: =VLOOKUP($A38,'Institution Evaluation'!$A$56:$F$345,6,0)&""
A39: DCTR-05 | B39: =VLOOKUP($A39,Questions!$A$2:$X$333,2,0) -> Are your servers separated from other companies via a physical barrier, such as a cage or hard walls? | C39: N/A | E39: =IF($C$35="","",IF(OR($C$35='Auto Responses'!$J$17,$C$35='Auto Responses'!$J$19,$C$35='Auto Responses'!$J$20,$C$35='Auto Responses'!$J$21,$C$35='Auto Responses'!$J$22),'Auto Responses'!$A$26,IF($C39='Auto Responses'!$J$3,VLOOKUP($A39,Questions!$A$2:$X$333,17,0)&"",IF($C39='Auto Responses'!$J$4,VLOOKUP($A39,Questions!$A$2:$X$333,16,0)&"",VLOOKUP($A39,Questions!$A$2:$X$333,15,0)&"")))) | F39: =VLOOKUP($A39,'Institution Evaluation'!$A$56:$F$345,6,0)&""
A40: DCTR-06 | B40: =VLOOKUP($A40,Questions!$A$2:$X$333,2,0) -> Does a physical barrier fully enclose the physical space, preventing unauthorized physical contact with any of your devices?* | C40: N/A | E40: =IF($C$35="","",IF(OR($C$35='Auto Responses'!$J$19,$C$35='Auto Responses'!$J$20,$C$35='Auto Responses'!$J$21,$C$35='Auto Responses'!$J$22),'Auto Responses'!$A$26,IF($C40='Auto Responses'!$J$3,VLOOKUP($A40,Questions!$A$2:$X$333,17,0)&"",IF($C40='Auto Responses'!$J$4,VLOOKUP($A40,Questions!$A$2:$X$333,16,0)&"",VLOOKUP($A40,Questions!$A$2:$X$333,15,0)&"")))) | F40: =VLOOKUP($A40,'Institution Evaluation'!$A$56:$F$345,6,0)&""
A41: DCTR-07 | B41: =VLOOKUP($A41,Questions!$A$2:$X$333,2,0) -> Are your primary and secondary data centers geographically diverse? | C41: N/A | E41: =IF($C$35="","",IF($C41='Auto Responses'!$J$3,VLOOKUP($A41,Questions!$A$2:$X$333,17,0)&"",IF($C41='Auto Responses'!$J$4,VLOOKUP($A41,Questions!$A$2:$X$333,16,0)&"",VLOOKUP($A41,Questions!$A$2:$X$333,15,0)&""))) | F41: =VLOOKUP($A41,'Institution Evaluation'!$A$56:$F$345,6,0)&""
A42: DCTR-08 | B42: =VLOOKUP($A42,Questions!$A$2:$X$333,2,0) -> Is the service hosted in a high-availability environment? | C42: N/A | E42: =IF($C$35="","",IF($C42='Auto Responses'!$J$3,VLOOKUP($A42,Questions!$A$2:$X$333,17,0)&"",IF($C42='Auto Responses'!$J$4,VLOOKUP($A42,Questions!$A$2:$X$333,16,0)&"",VLOOKUP($A42,Questions!$A$2:$X$333,15,0)&""))) | F42: =VLOOKUP($A42,'Institution Evaluation'!$A$56:$F$345,6,0)&""
A43: DCTR-09 | B43: =VLOOKUP($A43,Questions!$A$2:$X$333,2,0) -> Is redundant power available for all data centers where institutional data will reside? | C43: N/A | E43: =IF($C$35="","",IF(OR($C$35='Auto Responses'!$J$20,$C$35='Auto Responses'!$J$21,$C$35='Auto Responses'!$J$22),'Auto Responses'!$A$26,IF($C43='Auto Responses'!$J$3,VLOOKUP($A43,Questions!$A$2:$X$333,17,0)&"",IF($C43='Auto Responses'!$J$4,VLOOKUP($A43,Questions!$A$2:$X$333,16,0)&"",VLOOKUP($A43,Questions!$A$2:$X$333,15,0)&"")))) | F43: =VLOOKUP($A43,'Institution Evaluation'!$A$56:$F$345,6,0)&""
A44: DCTR-10 | B44: =VLOOKUP($A44,Questions!$A$2:$X$333,2,0) -> Are redundant power strategies tested?* | C44: N/A | E44: =IF($C$35="","",IF(OR($C$35='Auto Responses'!$J$20,$C$35='Auto Responses'!$J$21,$C$35='Auto Responses'!$J$22),'Auto Responses'!$A$26,IF($C44='Auto Responses'!$J$3,VLOOKUP($A44,Questions!$A$2:$X$333,17,0)&"",IF($C44='Auto Responses'!$J$4,VLOOKUP($A44,Questions!$A$2:$X$333,16,0)&"",VLOOKUP($A44,Questions!$A$2:$X$333,15,0)&"")))) | F44: =VLOOKUP($A44,'Institution Evaluation'!$A$56:$F$345,6,0)&""
A45: DCTR-11 | B45: =VLOOKUP($A45,Questions!$A$2:$X$333,2,0) -> Does the center where the data will reside have cooling and fire-suppression systems that are active and regularly tested? | C45: N/A | E45: =IF($C$35="","",IF(OR($C$35='Auto Responses'!$J$19,$C$35='Auto Responses'!$J$20,$C$35='Auto Responses'!$J$21,$C$35='Auto Responses'!$J$22,$C$35='Auto Responses'!$J$23),'Auto Responses'!$A$26,IF($C45='Auto Responses'!$J$3,VLOOKUP($A45,Questions!$A$2:$X$333,17,0)&"",IF($C45='Auto Responses'!$J$4,VLOOKUP($A45,Questions!$A$2:$X$333,16,0)&"",VLOOKUP($A45,Questions!$A$2:$X$333,15,0)&"")))) | F45: =VLOOKUP($A45,'Institution Evaluation'!$A$56:$F$345,6,0)&""
A46: DCTR-12 | B46: =VLOOKUP($A46,Questions!$A$2:$X$333,2,0) -> Do you have Internet Service Provider (ISP) redundancy? | C46: N/A | E46: =IF($C$35="","",IF(OR($C$35='Auto Responses'!$J$20,$C$35='Auto Responses'!$J$21,$C$35='Auto Responses'!$J$22),'Auto Responses'!$A$26,IF($C46='Auto Responses'!$J$3,VLOOKUP($A46,Questions!$A$2:$X$333,17,0)&"",IF($C46='Auto Responses'!$J$4,VLOOKUP($A46,Questions!$A$2:$X$333,16,0)&"",VLOOKUP($A46,Questions!$A$2:$X$333,15,0)&"")))) -> State the ISP provider(s) in addition to the number of ISPs that provide connectivity. | F46: =VLOOKUP($A46,'Institution Evaluation'!$A$56:$F$345,6,0)&""
A47: DCTR-13 | B47: =VLOOKUP($A47,Questions!$A$2:$X$333,2,0) -> Does every data center where the institution's data will reside have multiple telephone company or network provider entrances to the facility? | C47: N/A | E47: =IF($C$35="","",IF(OR($C$35='Auto Responses'!$J$20,$C$35='Auto Responses'!$J$21,$C$35='Auto Responses'!$J$22),'Auto Responses'!$A$26,IF($C47='Auto Responses'!$J$3,VLOOKUP($A47,Questions!$A$2:$X$333,17,0)&"",IF($C47='Auto Responses'!$J$4,VLOOKUP($A47,Questions!$A$2:$X$333,16,0)&"",VLOOKUP($A47,Questions!$A$2:$X$333,15,0)&"")))) | F47: =VLOOKUP($A47,'Institution Evaluation'!$A$56:$F$345,6,0)&""
A48: DCTR-14 | B48: =VLOOKUP($A48,Questions!$A$2:$X$333,2,0) -> Do you require multifactor authentication for all administrative accounts in your environment? | C48: N/A | E48: =IF($C$35="","",IF($C48='Auto Responses'!$J$3,VLOOKUP($A48,Questions!$A$2:$X$333,17,0)&"",IF($C48='Auto Responses'!$J$4,VLOOKUP($A48,Questions!$A$2:$X$333,16,0)&"",VLOOKUP($A48,Questions!$A$2:$X$333,15,0)&""))) | F48: =VLOOKUP($A48,'Institution Evaluation'!$A$56:$F$345,6,0)&""
A49: DCTR-15 | B49: =VLOOKUP($A49,Questions!$A$2:$X$333,2,0) -> Are you using your cloud provider's available hardening tools or pre-hardened images? | C49: N/A | E49: =IF($C$35="","",IF(OR($C$35='Auto Responses'!$J$17,$C$35='Auto Responses'!$J$18),'Auto Responses'!$A$26,IF($C49='Auto Responses'!$J$3,VLOOKUP($A49,Questions!$A$2:$X$333,17,0)&"",IF($C49='Auto Responses'!$J$4,VLOOKUP($A49,Questions!$A$2:$X$333,16,0)&"",VLOOKUP($A49,Questions!$A$2:$X$333,15,0)&"")))) | F49: =VLOOKUP($A49,'Institution Evaluation'!$A$56:$F$345,6,0)&""
A50: DCTR-16 | B50: =VLOOKUP($A50,Questions!$A$2:$X$333,2,0) -> Does your cloud solution provider have access to your encryption keys? | C50: N/A | E50: =IF($C$35="","",IF(OR($C$35='Auto Responses'!$J$17,$C$35='Auto Responses'!$J$18),'Auto Responses'!$A$26,IF($C50='Auto Responses'!$J$3,VLOOKUP($A50,Questions!$A$2:$X$333,17,0)&"",IF($C50='Auto Responses'!$J$4,VLOOKUP($A50,Questions!$A$2:$X$333,16,0)&"",VLOOKUP($A50,Questions!$A$2:$X$333,15,0)&"")))) -> Describe your key management practices. | F50: =VLOOKUP($A50,'Institution Evaluation'!$A$56:$F$345,6,0)&""
A51: =VLOOKUP(LEFT($A52,4),'Auto Responses'!$N$4:$O$38,2,0)&"" -> Firewalls, IDS, IPS, and Networking | C51: Answer | D51: Additional Information | E51: Guidance | F51: Analyst Notes
A52: FIDP-01 | B52: =VLOOKUP($A52,Questions!$A$2:$X$333,2,0) -> Are you utilizing a stateful packet inspection (SPI) firewall?* | C52: N/A | E52: =IF($C$18='Auto Responses'!$J$4,'Auto Responses'!$A$3,IF($C52='Auto Responses'!$J$3,VLOOKUP($A52,Questions!$A$2:$X$333,17,0)&"",IF($C52='Auto Responses'!$J$4,VLOOKUP($A52,Questions!$A$2:$X$333,16,0)&"",VLOOKUP($A52,Questions!$A$2:$X$333,15,0)&""))) -> Based on the response to REQU-01 on the "START HERE" tab, this question does not apply to this product or service. | F52: =VLOOKUP($A52,'Institution Evaluation'!$A$56:$F$345,6,0)&""
A53: FIDP-02 | B53: =VLOOKUP($A53,Questions!$A$2:$X$333,2,0) -> Do you have a documented policy for firewall change requests?* | C53: N/A | E53: =IF($C$18='Auto Responses'!$J$4,'Auto Responses'!$A$3,IF($C53='Auto Responses'!$J$3,VLOOKUP($A53,Questions!$A$2:$X$333,17,0)&"",IF($C53='Auto Responses'!$J$4,VLOOKUP($A53,Questions!$A$2:$X$333,16,0)&"",VLOOKUP($A53,Questions!$A$2:$X$333,15,0)&""))) -> Based on the response to REQU-01 on the "START HERE" tab, this question does not apply to this product or service. | F53: =VLOOKUP($A53,'Institution Evaluation'!$A$56:$F$345,6,0)&""
A54: FIDP-03 | B54: =VLOOKUP($A54,Questions!$A$2:$X$333,2,0) -> Have you implemented an intrusion detection system (network-based)?* | C54: N/A | E54: =IF($C$18='Auto Responses'!$J$4,'Auto Responses'!$A$3,IF($C54='Auto Responses'!$J$3,VLOOKUP($A54,Questions!$A$2:$X$333,17,0)&"",IF($C54='Auto Responses'!$J$4,VLOOKUP($A54,Questions!$A$2:$X$333,16,0)&"",VLOOKUP($A54,Questions!$A$2:$X$333,15,0)&""))) -> Based on the response to REQU-01 on the "START HERE" tab, this question does not apply to this product or service. | F54: =VLOOKUP($A54,'Institution Evaluation'!$A$56:$F$345,6,0)&""
A55: FIDP-04 | B55: =VLOOKUP($A55,Questions!$A$2:$X$333,2,0) -> Do you employ host-based intrusion detection?* | C55: N/A | E55: =IF($C$18='Auto Responses'!$J$4,'Auto Responses'!$A$3,IF($C55='Auto Responses'!$J$3,VLOOKUP($A55,Questions!$A$2:$X$333,17,0)&"",IF($C55='Auto Responses'!$J$4,VLOOKUP($A55,Questions!$A$2:$X$333,16,0)&"",IF($C55='Auto Responses'!$J$5,VLOOKUP($A55,Questions!$A$2:$X$333,18,0)&"",VLOOKUP($A55,Questions!$A$2:$X$333,15,0)&"")))) -> Based on the response to REQU-01 on the "START HERE" tab, this question does not apply to this product or service. | F55: =VLOOKUP($A55,'Institution Evaluation'!$A$56:$F$345,6,0)&""
A56: FIDP-05 | B56: =VLOOKUP($A56,Questions!$A$2:$X$333,2,0) -> Are audit logs available for all changes to the network, firewall, IDS, and IPS systems?* | C56: N/A | E56: =IF($C$18='Auto Responses'!$J$4,'Auto Responses'!$A$3,IF($C56='Auto Responses'!$J$3,VLOOKUP($A56,Questions!$A$2:$X$333,17,0)&"",IF($C56='Auto Responses'!$J$4,VLOOKUP($A56,Questions!$A$2:$X$333,16,0)&"",VLOOKUP($A56,Questions!$A$2:$X$333,15,0)&""))) -> Based on the response to REQU-01 on the "START HERE" tab, this question does not apply to this product or service. | F56: =VLOOKUP($A56,'Institution Evaluation'!$A$56:$F$345,6,0)&""
A57: FIDP-06 | B57: =VLOOKUP($A57,Questions!$A$2:$X$333,2,0) -> Is authority for firewall change approval documented? Please list approver names or titles in Additional Info. | C57: N/A | E57: =IF($C$18='Auto Responses'!$J$4,'Auto Responses'!$A$3,IF($C57='Auto Responses'!$J$3,VLOOKUP($A57,Questions!$A$2:$X$333,17,0)&"",IF($C57='Auto Responses'!$J$4,VLOOKUP($A57,Questions!$A$2:$X$333,16,0)&"",VLOOKUP($A57,Questions!$A$2:$X$333,15,0)&""))) -> Based on the response to REQU-01 on the "START HERE" tab, this question does not apply to this product or service. | F57: =VLOOKUP($A57,'Institution Evaluation'!$A$56:$F$345,6,0)&""
A58: FIDP-07 | B58: =VLOOKUP($A58,Questions!$A$2:$X$333,2,0) -> Have you implemented an intrusion prevention system (network-based)? | C58: N/A | E58: =IF($C$18='Auto Responses'!$J$4,'Auto Responses'!$A$3,IF($C58='Auto Responses'!$J$3,VLOOKUP($A58,Questions!$A$2:$X$333,17,0)&"",IF($C58='Auto Responses'!$J$4,VLOOKUP($A58,Questions!$A$2:$X$333,16,0)&"",VLOOKUP($A58,Questions!$A$2:$X$333,15,0)&""))) -> Based on the response to REQU-01 on the "START HERE" tab, this question does not apply to this product or service. | F58: =VLOOKUP($A58,'Institution Evaluation'!$A$56:$F$345,6,0)&""
A59: FIDP-08 | B59: =VLOOKUP($A59,Questions!$A$2:$X$333,2,0) -> Do you employ host-based intrusion prevention? | C59: N/A | E59: =IF($C$18='Auto Responses'!$J$4,'Auto Responses'!$A$3,IF($C59='Auto Responses'!$J$3,VLOOKUP($A59,Questions!$A$2:$X$333,17,0)&"",IF($C59='Auto Responses'!$J$4,VLOOKUP($A59,Questions!$A$2:$X$333,16,0)&"",IF($C59='Auto Responses'!$J$5,VLOOKUP($A59,Questions!$A$2:$X$333,18,0)&"",VLOOKUP($A59,Questions!$A$2:$X$333,15,0)&"")))) -> Based on the response to REQU-01 on the "START HERE" tab, this question does not apply to this product or service. | F59: =VLOOKUP($A59,'Institution Evaluation'!$A$56:$F$345,6,0)&""
A60: FIDP-09 | B60: =VLOOKUP($A60,Questions!$A$2:$X$333,2,0) -> Are you employing any next-generation persistent threat (NGPT) monitoring? | C60: N/A | E60: =IF($C$18='Auto Responses'!$J$4,'Auto Responses'!$A$3,IF($C60='Auto Responses'!$J$3,VLOOKUP($A60,Questions!$A$2:$X$333,17,0)&"",IF($C60='Auto Responses'!$J$4,VLOOKUP($A60,Questions!$A$2:$X$333,16,0)&"",VLOOKUP($A60,Questions!$A$2:$X$333,15,0)&""))) -> Based on the response to REQU-01 on the "START HERE" tab, this question does not apply to this product or service. | F60: =VLOOKUP($A60,'Institution Evaluation'!$A$56:$F$345,6,0)&""
A61: FIDP-10 | B61: =VLOOKUP($A61,Questions!$A$2:$X$333,2,0) -> Is intrusion monitoring performed internally or by a third-party service? | C61: N/A | E61: =IF($C$18='Auto Responses'!$J$4,'Auto Responses'!$A$3,IF($C61='Auto Responses'!$J$3,VLOOKUP($A61,Questions!$A$2:$X$333,17,0)&"",IF($C61='Auto Responses'!$J$4,VLOOKUP($A61,Questions!$A$2:$X$333,16,0)&"",VLOOKUP($A61,Questions!$A$2:$X$333,15,0)&""))) -> Based on the response to REQU-01 on the "START HERE" tab, this question does not apply to this product or service. | F61: =VLOOKUP($A61,'Institution Evaluation'!$A$56:$F$345,6,0)&""
A62: FIDP-11 | B62: =VLOOKUP($A62,Questions!$A$2:$X$333,2,0) -> Do you monitor for intrusions on a 24 x 7 x 365 basis? | C62: N/A | E62: =IF($C$18='Auto Responses'!$J$4,'Auto Responses'!$A$3,IF($C62='Auto Responses'!$J$3,VLOOKUP($A62,Questions!$A$2:$X$333,17,0)&"",IF($C62='Auto Responses'!$J$4,VLOOKUP($A62,Questions!$A$2:$X$333,16,0)&"",VLOOKUP($A62,Questions!$A$2:$X$333,15,0)&""))) -> Based on the response to REQU-01 on the "START HERE" tab, this question does not apply to this product or service. | F62: =VLOOKUP($A62,'Institution Evaluation'!$A$56:$F$345,6,0)&"" | G62: End Table Data
A63: =VLOOKUP(LEFT($A64,4),'Auto Responses'!$N$4:$O$38,2,0)&"" -> Incident Handling | C63: Answer | D63: Additional Information | E63: Guidance | F63: Analyst Notes
A64: HFIH-01 | B64: =VLOOKUP($A64,Questions!$A$2:$X$333,2,0) -> Do you have a formal incident response plan? | C64: N/A | E64: =IF($C$18='Auto Responses'!$J$4,'Auto Responses'!$A$3,IF($C64='Auto Responses'!$J$3,VLOOKUP($A64,Questions!$A$2:$X$333,17,0)&"",IF($C64='Auto Responses'!$J$4,VLOOKUP($A64,Questions!$A$2:$X$333,16,0)&"",VLOOKUP($A64,Questions!$A$2:$X$333,15,0)&""))) -> Based on the response to REQU-01 on the "START HERE" tab, this question does not apply to this product or service. | F64: =VLOOKUP($A64,'Institution Evaluation'!$A$56:$F$345,6,0)&""
A65: HFIH-02 | B65: =VLOOKUP($A65,Questions!$A$2:$X$333,2,0) -> Do you either have an internal incident response team or retain an external team? | C65: N/A | E65: =IF($C$18='Auto Responses'!$J$4,'Auto Responses'!$A$3,IF($C65='Auto Responses'!$J$3,VLOOKUP($A65,Questions!$A$2:$X$333,17,0)&"",IF($C65='Auto Responses'!$J$4,VLOOKUP($A65,Questions!$A$2:$X$333,16,0)&"",VLOOKUP($A65,Questions!$A$2:$X$333,15,0)&""))) -> Based on the response to REQU-01 on the "START HERE" tab, this question does not apply to this product or service. | F65: =VLOOKUP($A65,'Institution Evaluation'!$A$56:$F$345,6,0)&""
A66: HFIH-03 | B66: =VLOOKUP($A66,Questions!$A$2:$X$333,2,0) -> Do you have the capability to respond to incidents on a 24 x 7 x 365 basis? | C66: N/A | E66: =IF($C$18='Auto Responses'!$J$4,'Auto Responses'!$A$3,IF($C66='Auto Responses'!$J$3,VLOOKUP($A66,Questions!$A$2:$X$333,17,0)&"",IF($C66='Auto Responses'!$J$4,VLOOKUP($A66,Questions!$A$2:$X$333,16,0)&"",VLOOKUP($A66,Questions!$A$2:$X$333,15,0)&""))) -> Based on the response to REQU-01 on the "START HERE" tab, this question does not apply to this product or service. | F66: =VLOOKUP($A66,'Institution Evaluation'!$A$56:$F$345,6,0)&""
A67: HFIH-04 | B67: =VLOOKUP($A67,Questions!$A$2:$X$333,2,0) -> Do you carry cyber-risk insurance to protect against unforeseen service outages, data that is lost or stolen, and security incidents? | C67: N/A | E67: =IF($C$18='Auto Responses'!$J$4,'Auto Responses'!$A$3,IF($C67='Auto Responses'!$J$3,VLOOKUP($A67,Questions!$A$2:$X$333,17,0)&"",IF($C67='Auto Responses'!$J$4,VLOOKUP($A67,Questions!$A$2:$X$333,16,0)&"",VLOOKUP($A67,Questions!$A$2:$X$333,15,0)&""))) -> Based on the response to REQU-01 on the "START HERE" tab, this question does not apply to this product or service. | F67: =VLOOKUP($A67,'Institution Evaluation'!$A$56:$F$345,6,0)&"" | G67: End Table Data
A68: =VLOOKUP(LEFT($A69,4),'Auto Responses'!$N$4:$O$38,2,0)&"" -> Vulnerability Management | C68: Answer | D68: Additional Information | E68: Guidance | F68: Analyst Notes
A69: VULN-01 | B69: =VLOOKUP($A69,Questions!$A$2:$X$333,2,0) -> Are your systems and applications scanned with an authenticated user account for vulnerabilities (that are remediated) prior to new releases?* | C69: N/A | E69: =IF($C$18='Auto Responses'!$J$4,'Auto Responses'!$A$3,IF($C69='Auto Responses'!$J$3,VLOOKUP($A69,Questions!$A$2:$X$333,17,0)&"",IF($C69='Auto Responses'!$J$4,VLOOKUP($A69,Questions!$A$2:$X$333,16,0)&"",VLOOKUP($A69,Questions!$A$2:$X$333,15,0)&""))) -> Based on the response to REQU-01 on the "START HERE" tab, this question does not apply to this product or service. | F69: =VLOOKUP($A69,'Institution Evaluation'!$A$56:$F$345,6,0)&""
A70: VULN-02 | B70: =VLOOKUP($A70,Questions!$A$2:$X$333,2,0) -> Will you provide results of application and system vulnerability scans to the institution?* | C70: N/A | E70: =IF($C$18='Auto Responses'!$J$4,'Auto Responses'!$A$3,IF($C70='Auto Responses'!$J$3,VLOOKUP($A70,Questions!$A$2:$X$333,17,0)&"",IF($C70='Auto Responses'!$J$4,VLOOKUP($A70,Questions!$A$2:$X$333,16,0)&"",VLOOKUP($A70,Questions!$A$2:$X$333,15,0)&""))) -> Based on the response to REQU-01 on the "START HERE" tab, this question does not apply to this product or service. | F70: =VLOOKUP($A70,'Institution Evaluation'!$A$56:$F$345,6,0)&""
A71: VULN-03 | B71: =VLOOKUP($A71,Questions!$A$2:$X$333,2,0) -> Will you allow the institution to perform its own vulnerability testing and/or scanning of your systems and/or application, provided that testing is performed at a mutually agreed upon time and date?* | C71: N/A | E71: =IF($C$18='Auto Responses'!$J$4,'Auto Responses'!$A$3,IF($C71='Auto Responses'!$J$3,VLOOKUP($A71,Questions!$A$2:$X$333,17,0)&"",IF($C71='Auto Responses'!$J$4,VLOOKUP($A71,Questions!$A$2:$X$333,16,0)&"",VLOOKUP($A71,Questions!$A$2:$X$333,15,0)&""))) -> Based on the response to REQU-01 on the "START HERE" tab, this question does not apply to this product or service. | F71: =VLOOKUP($A71,'Institution Evaluation'!$A$56:$F$345,6,0)&""
A72: VULN-04 | B72: =VLOOKUP($A72,Questions!$A$2:$X$333,2,0) -> Have your systems and applications had a third-party security assessment completed in the last year? | C72: N/A | E72: =IF($C$18='Auto Responses'!$J$4,'Auto Responses'!$A$3,IF($C72='Auto Responses'!$J$3,VLOOKUP($A72,Questions!$A$2:$X$333,17,0)&"",IF($C72='Auto Responses'!$J$4,VLOOKUP($A72,Questions!$A$2:$X$333,16,0)&"",VLOOKUP($A72,Questions!$A$2:$X$333,15,0)&""))) -> Based on the response to REQU-01 on the "START HERE" tab, this question does not apply to this product or service. | F72: =VLOOKUP($A72,'Institution Evaluation'!$A$56:$F$345,6,0)&""
A73: VULN-05 | B73: =VLOOKUP($A73,Questions!$A$2:$X$333,2,0) -> Do you regularly scan for common web application security vulnerabilities (e.g., SQL injection, XSS, XSRF, etc.)? | C73: N/A | E73: =IF($C$18='Auto Responses'!$J$4,'Auto Responses'!$A$3,IF($C73='Auto Responses'!$J$3,VLOOKUP($A73,Questions!$A$2:$X$333,17,0)&"",IF($C73='Auto Responses'!$J$4,VLOOKUP($A73,Questions!$A$2:$X$333,16,0)&"",VLOOKUP($A73,Questions!$A$2:$X$333,15,0)&""))) -> Based on the response to REQU-01 on the "START HERE" tab, this question does not apply to this product or service. | F73: =VLOOKUP($A73,'Institution Evaluation'!$A$56:$F$345,6,0)&""
A74: VULN-06 | B74: =VLOOKUP($A74,Questions!$A$2:$X$333,2,0) -> Are your systems and applications regularly scanned externally for vulnerabilities? | C74: N/A | E74: =IF($C$18='Auto Responses'!$J$4,'Auto Responses'!$A$3,IF($C74='Auto Responses'!$J$3,VLOOKUP($A74,Questions!$A$2:$X$333,17,0)&"",IF($C74='Auto Responses'!$J$4,VLOOKUP($A74,Questions!$A$2:$X$333,16,0)&"",VLOOKUP($A74,Questions!$A$2:$X$333,15,0)&""))) -> Based on the response to REQU-01 on the "START HERE" tab, this question does not apply to this product or service. | F74: =VLOOKUP($A74,'Institution Evaluation'!$A$56:$F$345,6,0)&"" | G74: End Table Data
A75: Copyright © 2025 EDUCAUSE
A78: =#REF! -> #REF!
A79: =#REF! -> #REF!
A80: =#REF! -> #REF!
A81: =#REF! -> #REF!
A82: =#REF! -> #REF!
A83: =#REF! -> #REF!
A84: =#REF! -> #REF!

Sheet IT Accessibility
A1: Cells contained in this worksheet may contain cells with dropdown lists as well as autopopulated formulas.
A2: HECVAT Solution Provider Response - IT Accessibility | F2: ='Auto Responses'!$A$36 -> Version 4.1.6
A3: Date Completed | B3: 46282 | C3: ='START HERE'!$C$3 -> 0
A4: Instructions for Solution Providers
A5: =HLOOKUP($A$4,'Auto Responses'!$D$2:$D$8,2,0)&"" -> 1. Complete the "Start Here" tab and review the "Required Questions" guidance to find the other sections are required for your product or service.
A6: =HLOOKUP($A$4,'Auto Responses'!$D$2:$D$8,3,0)&"" -> 2. Complete the "Organization" tab and the applicable questions in each of the next 5 tabs (Product through Privacy) that apply, based on your answers to the "Required Questions."
A7: =HLOOKUP($A$4,'Auto Responses'!$D$2:$D$8,4,0)&"" -> 3. Guidance in column E may change based on your answers to prompt details in "Additional Information." If leaving an answer blank, you must also state why in "Additional Information".
A8: =HLOOKUP($A$4,'Auto Responses'!$D$2:$D$8,5,0)&"" -> 4. DO NOT complete any fields in the "Evaluation" sheets or the "Analyst Notes" column.
A9: =HLOOKUP($A$4,'Auto Responses'!$D$2:$D$8,6,0)&"" -> 5. Return the completed file to institutions.
A10: =HLOOKUP($A$4,'Auto Responses'!$D$2:$D$8,7,0)&"" -> * Denotes critical questions. Critical questions are those deemed most important to institutions by higher education volunteers.
A11: =HLOOKUP($A$4,'Auto Responses'!$D$2:$D$9,8,0)&"" -> For full instructions, please visit educause.edu/HECVAT
A12: =VLOOKUP(LEFT($A13,4),'Auto Responses'!$N$4:$O$38,2,0)&"" -> General Information | C12: Answer
A13: GNRL-01 | B13: =VLOOKUP($A13,Questions!$A$2:$X$333,2,0)&"" -> Solution Provider Name | C13: =VLOOKUP($A13,'START HERE'!$A$13:$C$21,3,0)&"" -> SmartPLS GmbH
A14: GNRL-02 | B14: =VLOOKUP($A14,Questions!$A$2:$X$333,2,0)&"" -> Solution Name | C14: =VLOOKUP($A14,'START HERE'!$A$13:$C$21,3,0)&"" -> SmartPLS 4.1.1.9 (SmartPLS Desktop)
A15: GNRL-03 | B15: =VLOOKUP($A15,Questions!$A$2:$X$333,2,0)&"" -> Solution Description | C15: =VLOOKUP($A15,'START HERE'!$A$13:$C$21,3,0)&"" -> SmartPLS is a desktop software application for Partial Least Squares Structural Equation Modeling (PLS-SEM) and related multivariate statistical methods. It is used primarily by academic researchers, and increasingly by business analysts, to develop and test theoretical models using survey and other quantitative data.
A16: GNRL-08 | B16: =VLOOKUP($A16,Questions!$A$2:$X$333,2,0)&"" -> Country of Company Headquarters | C16: =VLOOKUP($A16,'START HERE'!$A$13:$C$21,3,0)&"" -> Germany
A17: =VLOOKUP(LEFT($A18,4),'Auto Responses'!$N$4:$O$38,2,0)&"" -> Required Questions | C17: Answer | E17: Guidance | F17: Analyst Notes
A18: REQU-02 | B18: =VLOOKUP($A18,Questions!$A$2:$X$333,2,0) -> Does your product or service have an interface? | C18: =VLOOKUP($A18,'START HERE'!$A$23:$F$36,3,0)&"" -> Yes | D18: =VLOOKUP($A18,'START HERE'!$A$23:$F$36,4,0)&"" -> SmartPLS Desktop has a graphical user interface. | E18: =IF($C18='Auto Responses'!$J$3,VLOOKUP($A18,Questions!$A$2:$X$333,17,0)&"",IF($C18='Auto Responses'!$J$4,VLOOKUP($A18,Questions!$A$2:$X$333,16,0)&"",VLOOKUP($A18,Questions!$A$2:$X$333,15,0)&"")) -> DO complete the IT Accessibility worksheet. | F18: =VLOOKUP($A18,'Institution Evaluation'!$A$56:$F$345,6,0)&"" | G18: End Table Data
A19: =VLOOKUP(LEFT($A20,4),'Auto Responses'!$N$4:$O$38,2,0)&"" -> IT Accessibility | C19: Answer | D19: Additional Information | E19: Guidance | F19: Analyst Notes
A20: ITAC-01 | B20: =VLOOKUP($A20,Questions!$A$2:$X$333,2,0) -> Solution Provider Accessibility Contact Name | C20: Sven Wende | E20: =IF($C$18='Auto Responses'!$J$4,'Auto Responses'!$A$4,IF($C20='Auto Responses'!$J$3,VLOOKUP($A20,Questions!$A$2:$X$333,17,0)&"",IF($C20='Auto Responses'!$J$4,VLOOKUP($A20,Questions!$A$2:$X$333,16,0)&"",VLOOKUP($A20,Questions!$A$2:$X$333,15,0)&""))) | F20: =VLOOKUP($A20,'Institution Evaluation'!$A$56:$F$345,6,0)&""
A21: ITAC-02 | B21: =VLOOKUP($A21,Questions!$A$2:$X$333,2,0) -> Solution Provider Accessibility Contact Title | C21: Co-Founder & Managing Director | E21: =IF($C$18='Auto Responses'!$J$4,'Auto Responses'!$A$4,IF($C21='Auto Responses'!$J$3,VLOOKUP($A21,Questions!$A$2:$X$333,17,0)&"",IF($C21='Auto Responses'!$J$4,VLOOKUP($A21,Questions!$A$2:$X$333,16,0)&"",VLOOKUP($A21,Questions!$A$2:$X$333,15,0)&""))) | F21: =VLOOKUP($A21,'Institution Evaluation'!$A$56:$F$345,6,0)&""
A22: ITAC-03 | B22: =VLOOKUP($A22,Questions!$A$2:$X$333,2,0) -> Solution Provider Accessibility Contact Email | C22: s.wende@smartpls.gmbh | E22: =IF($C$18='Auto Responses'!$J$4,'Auto Responses'!$A$4,IF($C22='Auto Responses'!$J$3,VLOOKUP($A22,Questions!$A$2:$X$333,17,0)&"",IF($C22='Auto Responses'!$J$4,VLOOKUP($A22,Questions!$A$2:$X$333,16,0)&"",VLOOKUP($A22,Questions!$A$2:$X$333,15,0)&""))) | F22: =VLOOKUP($A22,'Institution Evaluation'!$A$56:$F$345,6,0)&""
A23: ITAC-04 | B23: =VLOOKUP($A23,Questions!$A$2:$X$333,2,0) -> Solution Provider Accessibility Contact Phone Number | C23: +49 21732643460 | E23: =IF($C$18='Auto Responses'!$J$4,'Auto Responses'!$A$4,IF($C23='Auto Responses'!$J$3,VLOOKUP($A23,Questions!$A$2:$X$333,17,0)&"",IF($C23='Auto Responses'!$J$4,VLOOKUP($A23,Questions!$A$2:$X$333,16,0)&"",VLOOKUP($A23,Questions!$A$2:$X$333,15,0)&""))) | F23: =VLOOKUP($A23,'Institution Evaluation'!$A$56:$F$345,6,0)&""
A24: ITAC-05 | B24: =VLOOKUP($A24,Questions!$A$2:$X$333,2,0) -> Web Link to Accessibility Statement or VPAT | C24: https://smartpls.com/vpat | E24: =IF($C$18='Auto Responses'!$J$4,'Auto Responses'!$A$4,IF($C24='Auto Responses'!$J$3,VLOOKUP($A24,Questions!$A$2:$X$333,17,0)&"",IF($C24='Auto Responses'!$J$4,VLOOKUP($A24,Questions!$A$2:$X$333,16,0)&"",VLOOKUP($A24,Questions!$A$2:$X$333,15,0)&""))) -> VPAT can also be added as an attachment | F24: =VLOOKUP($A24,'Institution Evaluation'!$A$56:$F$345,6,0)&""
A25: ITAC-06 | B25: =VLOOKUP($A25,Questions!$A$2:$X$333,2,0) -> Has a VPAT or ACR been created or updated for the solution and version under consideration within the past 12 months?* | C25: Yes | D25: The VPAT/Accessibility Conformance Report was updated for SmartPLS 4.1.1.9 and is published at https://smartpls.com/accessibility. | E25: =IF($C$18='Auto Responses'!$J$4,'Auto Responses'!$A$4,IF($C25='Auto Responses'!$J$3,VLOOKUP($A25,Questions!$A$2:$X$333,17,0)&"",IF($C25='Auto Responses'!$J$4,VLOOKUP($A25,Questions!$A$2:$X$333,16,0)&"",VLOOKUP($A25,Questions!$A$2:$X$333,15,0)&""))) -> State the date the VPAT was completed. Include this VPAT in your submission and/or link to its web location. | F25: =VLOOKUP($A25,'Institution Evaluation'!$A$56:$F$345,6,0)&""
A26: ITAC-07 | B26: =VLOOKUP($A26,Questions!$A$2:$X$333,2,0) -> Will your company agree to meet your stated accessibility standard or WCAG 2.1 AA as part of your contractual agreement for the solution?* | C26: No | D26: SmartPLS GmbH does not currently offer a contractual commitment to WCAG 2.1 AA conformance. | E26: =IF($C$18='Auto Responses'!$J$4,'Auto Responses'!$A$4,IF($C26='Auto Responses'!$J$3,VLOOKUP($A26,Questions!$A$2:$X$333,17,0)&"",IF($C26='Auto Responses'!$J$4,VLOOKUP($A26,Questions!$A$2:$X$333,16,0)&"",VLOOKUP($A26,Questions!$A$2:$X$333,15,0)&""))) | F26: =VLOOKUP($A26,'Institution Evaluation'!$A$56:$F$345,6,0)&""
A27: ITAC-08 | B27: =VLOOKUP($A27,Questions!$A$2:$X$333,2,0) -> Does the solution substantially conform to WCAG 2.1 AA?* | C27: No | D27: SmartPLS 4.1.1.9 provides partial conformance with substantial improvements. Core model-building is keyboard accessible; the toolbar is reachable with Tab and Shift+Tab; projects and files open with Enter; and context menus open with the Context Menu key or Shift+F10. Focus is visible on nearly all controls, contrast was reviewed, and zoom behavior was largely improved. Remaining limitations include a model that is not meaningfully accessible to screen readers, status and error messages that are not announced automatically, information conveyed only by color, minor keyboard barriers, and no completed Windows screen-reader testing. | E27: =IF($C$18='Auto Responses'!$J$4,'Auto Responses'!$A$4,IF($C27='Auto Responses'!$J$3,VLOOKUP($A27,Questions!$A$2:$X$333,17,0)&"",IF($C27='Auto Responses'!$J$4,VLOOKUP($A27,Questions!$A$2:$X$333,16,0)&"",VLOOKUP($A27,Questions!$A$2:$X$333,15,0)&""))) -> Solutions "substantially conform" if they entirely meet WCAG 2.1 AA or if almost all user and administrator features conform. Documentation about limitations and/or workarounds should be provided where WCAG conformance is not presently achieved. If the solution substantially conforms to a newer standard such as WCAG 2.2 AA, answer "yes." | F27: =VLOOKUP($A27,'Institution Evaluation'!$A$56:$F$345,6,0)&""
A28: ITAC-09 | B28: =VLOOKUP($A28,Questions!$A$2:$X$333,2,0) -> Do you have a documented and implemented process for reporting and tracking accessibility issues?* | C28: Yes | D28: A documented support and ticket process is used to report, track, and address accessibility issues. | E28: =IF($C$18='Auto Responses'!$J$4,'Auto Responses'!$A$4,IF($C28='Auto Responses'!$J$3,VLOOKUP($A28,Questions!$A$2:$X$333,17,0)&"",IF($C28='Auto Responses'!$J$4,VLOOKUP($A28,Questions!$A$2:$X$333,16,0)&"",VLOOKUP($A28,Questions!$A$2:$X$333,15,0)&""))) -> Describe the process and any recent examples of fixes as a result of the process. | F28: =VLOOKUP($A28,'Institution Evaluation'!$A$56:$F$345,6,0)&""
A29: ITAC-10 | B29: =VLOOKUP($A29,Questions!$A$2:$X$333,2,0) -> Do you have documentation to support the accessibility features of your solution? | C29: Yes | D29: A short public accessibility guide is available at https://smartpls.com/accessibility. The current VPAT is also available at https://smartpls.com/accessibility. | E29: =IF($C$18='Auto Responses'!$J$4,'Auto Responses'!$A$4,IF($C29='Auto Responses'!$J$3,VLOOKUP($A29,Questions!$A$2:$X$333,17,0)&"",IF($C29='Auto Responses'!$J$4,VLOOKUP($A29,Questions!$A$2:$X$333,16,0)&"",VLOOKUP($A29,Questions!$A$2:$X$333,15,0)&""))) -> Provide examples with links where possible. | F29: =VLOOKUP($A29,'Institution Evaluation'!$A$56:$F$345,6,0)&""
A30: ITAC-11 | B30: =VLOOKUP($A30,Questions!$A$2:$X$333,2,0) -> Has a third-party expert conducted an audit of the most recent version of your solution? | C30: No | D30: The most recent version, SmartPLS 4.1.1.9, was self-assessed. No independent third-party accessibility audit has been performed. | E30: =IF($C$18='Auto Responses'!$J$4,'Auto Responses'!$A$4,IF($C30='Auto Responses'!$J$3,VLOOKUP($A30,Questions!$A$2:$X$333,17,0)&"",IF($C30='Auto Responses'!$J$4,VLOOKUP($A30,Questions!$A$2:$X$333,16,0)&"",VLOOKUP($A30,Questions!$A$2:$X$333,15,0)&""))) -> Please provide plans (when and by whom) of any planned audit, or a rationale if no third-party audit is planned. | F30: =VLOOKUP($A30,'Institution Evaluation'!$A$56:$F$345,6,0)&""
A31: ITAC-12 | B31: =VLOOKUP($A31,Questions!$A$2:$X$333,2,0) -> Do you have a documented and implemented process for verifying accessibility conformance? | C31: Yes | D31: A documented accessibility checklist is applied to every release. It covers keyboard operation, focus visibility, contrast, zoom behavior, and targeted checks of individual controls with VoiceOver. | E31: =IF($C$18='Auto Responses'!$J$4,'Auto Responses'!$A$4,IF($C31='Auto Responses'!$J$3,VLOOKUP($A31,Questions!$A$2:$X$333,17,0)&"",IF($C31='Auto Responses'!$J$4,VLOOKUP($A31,Questions!$A$2:$X$333,16,0)&"",VLOOKUP($A31,Questions!$A$2:$X$333,15,0)&""))) -> Describe your processes and methodologies for validating accessibility conformance. | F31: =VLOOKUP($A31,'Institution Evaluation'!$A$56:$F$345,6,0)&""
A32: ITAC-13 | B32: =VLOOKUP($A32,Questions!$A$2:$X$333,2,0) -> Have you adopted a technical or legal standard of conformance for the solution? | C32: No | D32: WCAG 2.1 AA is used as guidance, but it has not been formally adopted as a binding technical or legal conformance standard. | E32: =IF($C$18='Auto Responses'!$J$4,'Auto Responses'!$A$4,IF($C32='Auto Responses'!$J$3,VLOOKUP($A32,Questions!$A$2:$X$333,17,0)&"",IF($C32='Auto Responses'!$J$4,VLOOKUP($A32,Questions!$A$2:$X$333,16,0)&"",VLOOKUP($A32,Questions!$A$2:$X$333,15,0)&""))) -> Summarize your decision to not adopt a technical or legal standard of conformance for the solution. | F32: =VLOOKUP($A32,'Institution Evaluation'!$A$56:$F$345,6,0)&""
A33: ITAC-14 | B33: =VLOOKUP($A33,Questions!$A$2:$X$333,2,0) -> Can you provide a current, detailed accessibility roadmap with delivery timelines? | C33: No | D33: Internal accessibility planning exists, but there is no current detailed public roadmap with fixed delivery timelines. | E33: =IF($C$18='Auto Responses'!$J$4,'Auto Responses'!$A$4,IF($C33='Auto Responses'!$J$3,VLOOKUP($A33,Questions!$A$2:$X$333,17,0)&"",IF($C33='Auto Responses'!$J$4,VLOOKUP($A33,Questions!$A$2:$X$333,16,0)&"",VLOOKUP($A33,Questions!$A$2:$X$333,15,0)&""))) -> Please provide any plans to develop and share an accessibility roadmap in the future. | F33: =VLOOKUP($A33,'Institution Evaluation'!$A$56:$F$345,6,0)&""
A34: ITAC-15 | B34: =VLOOKUP($A34,Questions!$A$2:$X$333,2,0) -> Do you expect your staff to maintain a current skill set in IT accessibility? | C34: Yes | D34: The team maintains accessibility knowledge through continuous internal engagement, review, and work on the topic. | E34: =IF($C$18='Auto Responses'!$J$4,'Auto Responses'!$A$4,IF($C34='Auto Responses'!$J$3,VLOOKUP($A34,Questions!$A$2:$X$333,17,0)&"",IF($C34='Auto Responses'!$J$4,VLOOKUP($A34,Questions!$A$2:$X$333,16,0)&"",VLOOKUP($A34,Questions!$A$2:$X$333,15,0)&""))) -> Provide any further relevant information about how expertise is maintained; include any accessibility certifications staff may hold (e.g., IAAP WAS <https://www.accessibilityassociation.org/certifications> or DHS Trusted Tester <https://section508.gov/test/trusted-tester>). | F34: =VLOOKUP($A34,'Institution Evaluation'!$A$56:$F$345,6,0)&""
A35: ITAC-16 | B35: =VLOOKUP($A35,Questions!$A$2:$X$333,2,0) -> Do you have documented processes and procedures for implementing accessibility into your development lifecycle? | C35: No | D35: Accessibility is verified through a documented checklist for each release, but it is not yet formally embedded throughout the complete development lifecycle. | E35: =IF($C$18='Auto Responses'!$J$4,'Auto Responses'!$A$4,IF($C35='Auto Responses'!$J$3,VLOOKUP($A35,Questions!$A$2:$X$333,17,0)&"",IF($C35='Auto Responses'!$J$4,VLOOKUP($A35,Questions!$A$2:$X$333,16,0)&"",VLOOKUP($A35,Questions!$A$2:$X$333,15,0)&""))) -> Describe any plans to update processes and procedures to better incorporate accessibility. | F35: =VLOOKUP($A35,'Institution Evaluation'!$A$56:$F$345,6,0)&""
A36: ITAC-17 | B36: =VLOOKUP($A36,Questions!$A$2:$X$333,2,0) -> Can all functions of the application or service be performed using only the keyboard? | C36: No | D36: Most core workflows are now keyboard accessible: users can create complete models through menus or context menus, move constructs with the keyboard, reach the toolbar with Tab and Shift+Tab, open projects and files with Enter, and invoke context menus with the Context Menu key or Shift+F10. Minor barriers remain in tables or editable cells, focus order, and individual rarely used functions; therefore, not all functions are currently reachable using only the keyboard. | E36: =IF($C$18='Auto Responses'!$J$4,'Auto Responses'!$A$4,IF($C36='Auto Responses'!$J$3,VLOOKUP($A36,Questions!$A$2:$X$333,17,0)&"",IF($C36='Auto Responses'!$J$4,VLOOKUP($A36,Questions!$A$2:$X$333,16,0)&"",VLOOKUP($A36,Questions!$A$2:$X$333,15,0)&""))) -> Indicate a plan to test the solution; develop a roadmap for keyboard accessibility or any further context. | F36: =VLOOKUP($A36,'Institution Evaluation'!$A$56:$F$345,6,0)&""
A37: ITAC-18 | B37: =VLOOKUP($A37,Questions!$A$2:$X$333,2,0) -> Does your product rely on activating a special "accessibility mode," a "lite version," or using an alternate interface (including “overlay” or AI-based alternates) for accessibility purposes? | C37: No | D37: SmartPLS Desktop has a single, unified interface; it does not rely on a separate "accessibility mode," lite version, or overlay. | E37: =IF($C$18='Auto Responses'!$J$4,'Auto Responses'!$A$4,IF($C37='Auto Responses'!$J$3,VLOOKUP($A37,Questions!$A$2:$X$333,17,0)&"",IF($C37='Auto Responses'!$J$4,VLOOKUP($A37,Questions!$A$2:$X$333,16,0)&"",VLOOKUP($A37,Questions!$A$2:$X$333,15,0)&""))) -> Third-party overlays or add-ons are not sufficient for products to conform with accessibility standards. If there is an accessibility mode, does it address a specific accessibility need? Are plans in place to remove the accessible version, and are these distinctions delineated on your roadmap and timeline? | F37: =VLOOKUP($A37,'Institution Evaluation'!$A$56:$F$345,6,0)&"" | G37: End Table Data
A38: Copyright © 2025 EDUCAUSE
A41: =#REF! -> #REF!
A42: =#REF! -> #REF!
A43: =#REF! -> #REF!
A44: =#REF! -> #REF!
A45: =#REF! -> #REF!
A46: =#REF! -> #REF!
A47: =#REF! -> #REF!

Sheet Case-Specific
A1: Cells contained in this worksheet may contain cells with dropdown lists as well as autopopulated formulas.
A2: HECVAT Solution Provider Response - Case-Specific Questions | F2: ='Auto Responses'!$A$36 -> Version 4.1.6
A3: Date Completed | B3: 46282 | C3: ='START HERE'!$C$3 -> 0
A4: Instructions for Solution Providers
A5: =HLOOKUP($A$4,'Auto Responses'!$D$2:$D$8,2,0)&"" -> 1. Complete the "Start Here" tab and review the "Required Questions" guidance to find the other sections are required for your product or service.
A6: =HLOOKUP($A$4,'Auto Responses'!$D$2:$D$8,3,0)&"" -> 2. Complete the "Organization" tab and the applicable questions in each of the next 5 tabs (Product through Privacy) that apply, based on your answers to the "Required Questions."
A7: =HLOOKUP($A$4,'Auto Responses'!$D$2:$D$8,4,0)&"" -> 3. Guidance in column E may change based on your answers to prompt details in "Additional Information." If leaving an answer blank, you must also state why in "Additional Information".
A8: =HLOOKUP($A$4,'Auto Responses'!$D$2:$D$8,5,0)&"" -> 4. DO NOT complete any fields in the "Evaluation" sheets or the "Analyst Notes" column.
A9: =HLOOKUP($A$4,'Auto Responses'!$D$2:$D$8,6,0)&"" -> 5. Return the completed file to institutions.
A10: =HLOOKUP($A$4,'Auto Responses'!$D$2:$D$8,7,0)&"" -> * Denotes critical questions. Critical questions are those deemed most important to institutions by higher education volunteers.
A11: =HLOOKUP($A$4,'Auto Responses'!$D$2:$D$9,8,0)&"" -> For full instructions, please visit educause.edu/HECVAT
A12: =VLOOKUP(LEFT($A13,4),'Auto Responses'!$N$4:$O$38,2,0)&"" -> General Information | C12: Answer
A13: GNRL-01 | B13: =VLOOKUP($A13,Questions!$A$2:$X$333,2,0)&"" -> Solution Provider Name | C13: =VLOOKUP($A13,'START HERE'!$A$13:$C$21,3,0)&"" -> SmartPLS GmbH
A14: GNRL-02 | B14: =VLOOKUP($A14,Questions!$A$2:$X$333,2,0)&"" -> Solution Name | C14: =VLOOKUP($A14,'START HERE'!$A$13:$C$21,3,0)&"" -> SmartPLS 4.1.1.9 (SmartPLS Desktop)
A15: GNRL-03 | B15: =VLOOKUP($A15,Questions!$A$2:$X$333,2,0)&"" -> Solution Description | C15: =VLOOKUP($A15,'START HERE'!$A$13:$C$21,3,0)&"" -> SmartPLS is a desktop software application for Partial Least Squares Structural Equation Modeling (PLS-SEM) and related multivariate statistical methods. It is used primarily by academic researchers, and increasingly by business analysts, to develop and test theoretical models using survey and other quantitative data.
A16: GNRL-08 | B16: =VLOOKUP($A16,Questions!$A$2:$X$333,2,0)&"" -> Country of Company Headquarters | C16: =VLOOKUP($A16,'START HERE'!$A$13:$C$21,3,0)&"" -> Germany
A17: =VLOOKUP(LEFT($A18,4),'Auto Responses'!$N$4:$O$38,2,0)&"" -> Required Questions | C17: Answer | D17: Additional Information | E17: Guidance | F17: Analyst Notes
A18: REQU-03 | B18: =VLOOKUP($A18,Questions!$A$2:$X$333,2,0) -> Are you providing consulting services? | C18: =VLOOKUP($A18,'START HERE'!$A$23:$F$36,3,0)&"" -> No | D18: =VLOOKUP($A18,'START HERE'!$A$23:$F$36,4,0)&"" -> SmartPLS does not provide consulting services as part of this engagement. | E18: =IF($C18='Auto Responses'!$J$3,VLOOKUP($A18,Questions!$A$2:$X$333,17,0)&"",IF($C18='Auto Responses'!$J$4,VLOOKUP($A18,Questions!$A$2:$X$333,16,0)&"",VLOOKUP($A18,Questions!$A$2:$X$333,15,0)&"")) -> DO NOT complete the Consulting section in the Case-Specific worksheet | F18: =VLOOKUP($A18,'Institution Evaluation'!$A$56:$F$345,6,0)&""
A19: REQU-05 | B19: =VLOOKUP($A19,Questions!$A$2:$X$333,2,0) -> Does your solution process protected health information (PHI) or any data covered by the Health Insurance Portability and Accountability Act (HIPAA)? | C19: =VLOOKUP($A19,'START HERE'!$A$23:$F$36,3,0)&"" -> No | D19: =VLOOKUP($A19,'START HERE'!$A$23:$F$36,4,0)&"" -> SmartPLS does not process protected health information or other HIPAA-covered data. | E19: =IF($C19='Auto Responses'!$J$3,VLOOKUP($A19,Questions!$A$2:$X$333,17,0)&"",IF($C19='Auto Responses'!$J$4,VLOOKUP($A19,Questions!$A$2:$X$333,16,0)&"",VLOOKUP($A19,Questions!$A$2:$X$333,15,0)&"")) -> DO NOT complete the HIPAA section in the Case-Specific worksheet | F19: =VLOOKUP($A19,'Institution Evaluation'!$A$56:$F$345,6,0)&""
A20: REQU-06 | B20: =VLOOKUP($A20,Questions!$A$2:$X$333,2,0) -> Is the solution designed to process, store, or transmit credit card information? | C20: =VLOOKUP($A20,'START HERE'!$A$23:$F$36,3,0)&"" -> No | D20: =VLOOKUP($A20,'START HERE'!$A$23:$F$36,4,0)&"" -> License purchases are processed by our payment service provider, Adyen; SmartPLS does not itself store, process, or transmit cardholder data. | E20: =IF($C20='Auto Responses'!$J$3,VLOOKUP($A20,Questions!$A$2:$X$333,17,0)&"",IF($C20='Auto Responses'!$J$4,VLOOKUP($A20,Questions!$A$2:$X$333,16,0)&"",VLOOKUP($A20,Questions!$A$2:$X$333,15,0)&"")) -> DO NOT complete the PCI-DSS section in the Case-Specific worksheet | F20: =VLOOKUP($A20,'Institution Evaluation'!$A$56:$F$345,6,0)&""
A21: REQU-07 | B21: =VLOOKUP($A21,Questions!$A$2:$X$333,2,0) -> Does operating your solution require the institution to operate a physical or virtual appliance in their own environment or to provide inbound firewall exceptions to allow your employees to remotely administer systems in the institution's environment? | C21: =VLOOKUP($A21,'START HERE'!$A$23:$F$36,3,0)&"" -> No | D21: =VLOOKUP($A21,'START HERE'!$A$23:$F$36,4,0)&"" -> SmartPLS Desktop requires no institution-hosted appliance and no inbound firewall exceptions for remote administration. | E21: =IF($C21='Auto Responses'!$J$3,VLOOKUP($A21,Questions!$A$2:$X$333,17,0)&"",IF($C21='Auto Responses'!$J$4,VLOOKUP($A21,Questions!$A$2:$X$333,16,0)&"",VLOOKUP($A21,Questions!$A$2:$X$333,15,0)&"")) -> DO NOT complete the On-Prem section in the Case-Specific worksheet | F21: =VLOOKUP($A21,'Institution Evaluation'!$A$56:$F$345,6,0)&"" | G21: End Table Data
A22: =VLOOKUP(LEFT($A23,4),'Auto Responses'!$N$4:$O$38,2,0)&"" -> Consulting Services | C22: Answer | D22: Additional Information | E22: Guidance | F22: Analyst Notes
A23: CONS-01 | B23: =VLOOKUP($A23,Questions!$A$2:$X$333,2,0) -> Will the consultant require access to the institution's network resources?* | C23: N/A | E23: =IF($C$18='Auto Responses'!$J$4,'Auto Responses'!$A$5,IF($C23='Auto Responses'!$J$3,VLOOKUP($A23,Questions!$A$2:$X$333,17,0)&"",IF($C23='Auto Responses'!$J$4,VLOOKUP($A23,Questions!$A$2:$X$333,16,0)&"",VLOOKUP($A23,Questions!$A$2:$X$333,15,0)&""))) -> Based on the response to REQU-03 on the "START HERE" tab, this question does not apply to this product or service. | F23: =VLOOKUP($A23,'Institution Evaluation'!$A$56:$F$345,6,0)&""
A24: CONS-02 | B24: =VLOOKUP($A24,Questions!$A$2:$X$333,2,0) -> Has the consultant received training on (sensitive, HIPAA, PCI, etc.) data handling?* | C24: N/A | E24: =IF($C$18='Auto Responses'!$J$4,'Auto Responses'!$A$5,IF($C24='Auto Responses'!$J$3,VLOOKUP($A24,Questions!$A$2:$X$333,17,0)&"",IF($C24='Auto Responses'!$J$4,VLOOKUP($A24,Questions!$A$2:$X$333,16,0)&"",VLOOKUP($A24,Questions!$A$2:$X$333,15,0)&""))) -> Based on the response to REQU-03 on the "START HERE" tab, this question does not apply to this product or service. | F24: =VLOOKUP($A24,'Institution Evaluation'!$A$56:$F$345,6,0)&""
A25: CONS-03 | B25: =VLOOKUP($A25,Questions!$A$2:$X$333,2,0) -> Is the data encrypted (at rest) while in the consultant's possession?* | C25: N/A | E25: =IF($C$18='Auto Responses'!$J$4,'Auto Responses'!$A$5,IF($C25='Auto Responses'!$J$3,VLOOKUP($A25,Questions!$A$2:$X$333,17,0)&"",IF($C25='Auto Responses'!$J$4,VLOOKUP($A25,Questions!$A$2:$X$333,16,0)&"",IF($C25='Auto Responses'!$J$5,VLOOKUP($A25,Questions!$A$2:$X$333,18,0)&"",VLOOKUP($A25,Questions!$A$2:$X$333,15,0)&"")))) -> Based on the response to REQU-03 on the "START HERE" tab, this question does not apply to this product or service. | F25: =VLOOKUP($A25,'Institution Evaluation'!$A$56:$F$345,6,0)&""
A26: CONS-04 | B26: =VLOOKUP($A26,Questions!$A$2:$X$333,2,0) -> Can access be restricted based on source IP address?* | C26: N/A | E26: =IF($C$18='Auto Responses'!$J$4,'Auto Responses'!$A$5,IF($C26='Auto Responses'!$J$3,VLOOKUP($A26,Questions!$A$2:$X$333,17,0)&"",IF($C26='Auto Responses'!$J$4,VLOOKUP($A26,Questions!$A$2:$X$333,16,0)&"",IF($C26='Auto Responses'!$J$5,VLOOKUP($A26,Questions!$A$2:$X$333,18,0)&"",VLOOKUP($A26,Questions!$A$2:$X$333,15,0)&"")))) -> Based on the response to REQU-03 on the "START HERE" tab, this question does not apply to this product or service. | F26: =VLOOKUP($A26,'Institution Evaluation'!$A$56:$F$345,6,0)&""
A27: CONS-05 | B27: =VLOOKUP($A27,Questions!$A$2:$X$333,2,0) -> Will the consulting take place on-premises? | C27: N/A | E27: =IF($C$18='Auto Responses'!$J$4,'Auto Responses'!$A$5,IF($C27='Auto Responses'!$J$3,VLOOKUP($A27,Questions!$A$2:$X$333,17,0)&"",IF($C27='Auto Responses'!$J$4,VLOOKUP($A27,Questions!$A$2:$X$333,16,0)&"",VLOOKUP($A27,Questions!$A$2:$X$333,15,0)&""))) -> Based on the response to REQU-03 on the "START HERE" tab, this question does not apply to this product or service. | F27: =VLOOKUP($A27,'Institution Evaluation'!$A$56:$F$345,6,0)&""
A28: CONS-06 | B28: =VLOOKUP($A28,Questions!$A$2:$X$333,2,0) -> Will the consultant require access to hardware in the institution's data centers? | C28: N/A | E28: =IF($C$18='Auto Responses'!$J$4,'Auto Responses'!$A$5,IF($C28='Auto Responses'!$J$3,VLOOKUP($A28,Questions!$A$2:$X$333,17,0)&"",IF($C28='Auto Responses'!$J$4,VLOOKUP($A28,Questions!$A$2:$X$333,16,0)&"",VLOOKUP($A28,Questions!$A$2:$X$333,15,0)&""))) -> Based on the response to REQU-03 on the "START HERE" tab, this question does not apply to this product or service. | F28: =VLOOKUP($A28,'Institution Evaluation'!$A$56:$F$345,6,0)&""
A29: CONS-07 | B29: =VLOOKUP($A29,Questions!$A$2:$X$333,2,0) -> Will the consultant require an account within the institution's domain (@*.edu)? | C29: N/A | E29: =IF($C$18='Auto Responses'!$J$4,'Auto Responses'!$A$5,IF($C29='Auto Responses'!$J$3,VLOOKUP($A29,Questions!$A$2:$X$333,17,0)&"",IF($C29='Auto Responses'!$J$4,VLOOKUP($A29,Questions!$A$2:$X$333,16,0)&"",VLOOKUP($A29,Questions!$A$2:$X$333,15,0)&""))) -> Based on the response to REQU-03 on the "START HERE" tab, this question does not apply to this product or service. | F29: =VLOOKUP($A29,'Institution Evaluation'!$A$56:$F$345,6,0)&""
A30: CONS-08 | B30: =VLOOKUP($A30,Questions!$A$2:$X$333,2,0) -> Will any data be transferred to the consultant's possession? | C30: N/A | E30: =IF($C$18='Auto Responses'!$J$4,'Auto Responses'!$A$5,IF($C30='Auto Responses'!$J$3,VLOOKUP($A30,Questions!$A$2:$X$333,17,0)&"",IF($C30='Auto Responses'!$J$4,VLOOKUP($A30,Questions!$A$2:$X$333,16,0)&"",VLOOKUP($A30,Questions!$A$2:$X$333,15,0)&""))) -> Based on the response to REQU-03 on the "START HERE" tab, this question does not apply to this product or service. | F30: =VLOOKUP($A30,'Institution Evaluation'!$A$56:$F$345,6,0)&""
A31: CONS-09 | B31: =VLOOKUP($A31,Questions!$A$2:$X$333,2,0) -> Will the consultant need remote access to the institution's network or systems? | C31: N/A | E31: =IF($C$18='Auto Responses'!$J$4,'Auto Responses'!$A$5,IF($C31='Auto Responses'!$J$3,VLOOKUP($A31,Questions!$A$2:$X$333,17,0)&"",IF($C31='Auto Responses'!$J$4,VLOOKUP($A31,Questions!$A$2:$X$333,16,0)&"",VLOOKUP($A31,Questions!$A$2:$X$333,15,0)&""))) -> Based on the response to REQU-03 on the "START HERE" tab, this question does not apply to this product or service. | F31: =VLOOKUP($A31,'Institution Evaluation'!$A$56:$F$345,6,0)&"" | G31: End Table Data
A32: =VLOOKUP(LEFT($A33,4),'Auto Responses'!$N$4:$O$38,2,0)&"" -> HIPAA Compliance | C32: Answer | D32: Additional Information | E32: Guidance | F32: Analyst Notes
A33: HIPA-01 | B33: =VLOOKUP($A33,Questions!$A$2:$X$333,2,0) -> Do your workforce members receive regular training related to the Health Insurance Portability and Accountability Act (HIPAA) Privacy and Security Rules and the HITECH Act?* | C33: N/A | E33: =IF($C$19='Auto Responses'!$J$4,'Auto Responses'!$A$7,IF($C33='Auto Responses'!$J$3,VLOOKUP($A33,Questions!$A$2:$X$333,17,0)&"",IF($C33='Auto Responses'!$J$4,VLOOKUP($A33,Questions!$A$2:$X$333,16,0)&"",VLOOKUP($A33,Questions!$A$2:$X$333,15,0)&""))) -> Based on the response to REQU-05 on the "START HERE" tab, this question does not apply to this product or service. | F33: =VLOOKUP($A33,'Institution Evaluation'!$A$56:$F$345,6,0)&""
A34: HIPA-02 | B34: =VLOOKUP($A34,Questions!$A$2:$X$333,2,0) -> Have you identified areas of risk?* | C34: N/A | E34: =IF($C$19='Auto Responses'!$J$4,'Auto Responses'!$A$7,IF($C34='Auto Responses'!$J$3,VLOOKUP($A34,Questions!$A$2:$X$333,17,0)&"",IF($C34='Auto Responses'!$J$4,VLOOKUP($A34,Questions!$A$2:$X$333,16,0)&"",VLOOKUP($A34,Questions!$A$2:$X$333,15,0)&""))) -> Based on the response to REQU-05 on the "START HERE" tab, this question does not apply to this product or service. | F34: =VLOOKUP($A34,'Institution Evaluation'!$A$56:$F$345,6,0)&""
A35: HIPA-03 | B35: =VLOOKUP($A35,Questions!$A$2:$X$333,2,0) -> Have the relevant policies/plans been tested?* | C35: N/A | E35: =IF($C$19='Auto Responses'!$J$4,'Auto Responses'!$A$7,IF($C35='Auto Responses'!$J$3,VLOOKUP($A35,Questions!$A$2:$X$333,17,0)&"",IF($C35='Auto Responses'!$J$4,VLOOKUP($A35,Questions!$A$2:$X$333,16,0)&"",VLOOKUP($A35,Questions!$A$2:$X$333,15,0)&""))) -> Based on the response to REQU-05 on the "START HERE" tab, this question does not apply to this product or service. | F35: =VLOOKUP($A35,'Institution Evaluation'!$A$56:$F$345,6,0)&""
A36: HIPA-04 | B36: =VLOOKUP($A36,Questions!$A$2:$X$333,2,0) -> Have you entered into a Business Associate Agreements with all subcontractors who may have access to protected health information (PHI)?* | C36: N/A | E36: =IF($C$19='Auto Responses'!$J$4,'Auto Responses'!$A$7,IF($C36='Auto Responses'!$J$3,VLOOKUP($A36,Questions!$A$2:$X$333,17,0)&"",IF($C36='Auto Responses'!$J$4,VLOOKUP($A36,Questions!$A$2:$X$333,16,0)&"",VLOOKUP($A36,Questions!$A$2:$X$333,15,0)&""))) -> Based on the response to REQU-05 on the "START HERE" tab, this question does not apply to this product or service. | F36: =VLOOKUP($A36,'Institution Evaluation'!$A$56:$F$345,6,0)&""
A37: HIPA-05 | B37: =VLOOKUP($A37,Questions!$A$2:$X$333,2,0) -> Do you monitor or receive information regarding changes in HIPAA regulations? | C37: N/A | E37: =IF($C$19='Auto Responses'!$J$4,'Auto Responses'!$A$7,IF($C37='Auto Responses'!$J$3,VLOOKUP($A37,Questions!$A$2:$X$333,17,0)&"",IF($C37='Auto Responses'!$J$4,VLOOKUP($A37,Questions!$A$2:$X$333,16,0)&"",VLOOKUP($A37,Questions!$A$2:$X$333,15,0)&""))) -> Based on the response to REQU-05 on the "START HERE" tab, this question does not apply to this product or service. | F37: =VLOOKUP($A37,'Institution Evaluation'!$A$56:$F$345,6,0)&""
A38: HIPA-06 | B38: =VLOOKUP($A38,Questions!$A$2:$X$333,2,0) -> Has your organization designated HIPAA Privacy and Security officers as required by the rules? | C38: N/A | E38: =IF($C$19='Auto Responses'!$J$4,'Auto Responses'!$A$7,IF($C38='Auto Responses'!$J$3,VLOOKUP($A38,Questions!$A$2:$X$333,17,0)&"",IF($C38='Auto Responses'!$J$4,VLOOKUP($A38,Questions!$A$2:$X$333,16,0)&"",VLOOKUP($A38,Questions!$A$2:$X$333,15,0)&""))) -> Based on the response to REQU-05 on the "START HERE" tab, this question does not apply to this product or service. | F38: =VLOOKUP($A38,'Institution Evaluation'!$A$56:$F$345,6,0)&""
A39: HIPA-07 | B39: =VLOOKUP($A39,Questions!$A$2:$X$333,2,0) -> Do you comply with the requirements of the Health Information Technology for Economic and Clinical Health Act (HITECH)? | C39: N/A | E39: =IF($C$19='Auto Responses'!$J$4,'Auto Responses'!$A$7,IF($C39='Auto Responses'!$J$3,VLOOKUP($A39,Questions!$A$2:$X$333,17,0)&"",IF($C39='Auto Responses'!$J$4,VLOOKUP($A39,Questions!$A$2:$X$333,16,0)&"",VLOOKUP($A39,Questions!$A$2:$X$333,15,0)&""))) -> Based on the response to REQU-05 on the "START HERE" tab, this question does not apply to this product or service. | F39: =VLOOKUP($A39,'Institution Evaluation'!$A$56:$F$345,6,0)&""
A40: HIPA-08 | B40: =VLOOKUP($A40,Questions!$A$2:$X$333,2,0) -> Have you conducted a risk analysis as required under the HIPAA Security Rule? | C40: N/A | E40: =IF($C$19='Auto Responses'!$J$4,'Auto Responses'!$A$7,IF($C40='Auto Responses'!$J$3,VLOOKUP($A40,Questions!$A$2:$X$333,17,0)&"",IF($C40='Auto Responses'!$J$4,VLOOKUP($A40,Questions!$A$2:$X$333,16,0)&"",VLOOKUP($A40,Questions!$A$2:$X$333,15,0)&""))) -> Based on the response to REQU-05 on the "START HERE" tab, this question does not apply to this product or service. | F40: =VLOOKUP($A40,'Institution Evaluation'!$A$56:$F$345,6,0)&""
A41: HIPA-09 | B41: =VLOOKUP($A41,Questions!$A$2:$X$333,2,0) -> Have you taken actions to mitigate the identified risks? | C41: N/A | E41: =IF($C$19='Auto Responses'!$J$4,'Auto Responses'!$A$7,IF($C41='Auto Responses'!$J$3,VLOOKUP($A41,Questions!$A$2:$X$333,17,0)&"",IF($C41='Auto Responses'!$J$4,VLOOKUP($A41,Questions!$A$2:$X$333,16,0)&"",VLOOKUP($A41,Questions!$A$2:$X$333,15,0)&""))) -> Based on the response to REQU-05 on the "START HERE" tab, this question does not apply to this product or service. | F41: =VLOOKUP($A41,'Institution Evaluation'!$A$56:$F$345,6,0)&""
A42: HIPA-10 | B42: =VLOOKUP($A42,Questions!$A$2:$X$333,2,0) -> Does your application require user and system administrator password changes at a frequency no greater than 90 days? | C42: N/A | E42: =IF($C$19='Auto Responses'!$J$4,'Auto Responses'!$A$7,IF($C42='Auto Responses'!$J$3,VLOOKUP($A42,Questions!$A$2:$X$333,17,0)&"",IF($C42='Auto Responses'!$J$4,VLOOKUP($A42,Questions!$A$2:$X$333,16,0)&"",VLOOKUP($A42,Questions!$A$2:$X$333,15,0)&""))) -> Based on the response to REQU-05 on the "START HERE" tab, this question does not apply to this product or service. | F42: =VLOOKUP($A42,'Institution Evaluation'!$A$56:$F$345,6,0)&""
A43: HIPA-11 | B43: =VLOOKUP($A43,Questions!$A$2:$X$333,2,0) -> Does your application require users to set their own password after an administrator reset or on first use of the account? | C43: N/A | E43: =IF($C$19='Auto Responses'!$J$4,'Auto Responses'!$A$7,IF($C43='Auto Responses'!$J$3,VLOOKUP($A43,Questions!$A$2:$X$333,17,0)&"",IF($C43='Auto Responses'!$J$4,VLOOKUP($A43,Questions!$A$2:$X$333,16,0)&"",VLOOKUP($A43,Questions!$A$2:$X$333,15,0)&""))) -> Based on the response to REQU-05 on the "START HERE" tab, this question does not apply to this product or service. | F43: =VLOOKUP($A43,'Institution Evaluation'!$A$56:$F$345,6,0)&""
A44: HIPA-12 | B44: =VLOOKUP($A44,Questions!$A$2:$X$333,2,0) -> Does your application lock out an account after a number of failed login attempts? | C44: N/A | E44: =IF($C$19='Auto Responses'!$J$4,'Auto Responses'!$A$7,IF($C44='Auto Responses'!$J$3,VLOOKUP($A44,Questions!$A$2:$X$333,17,0)&"",IF($C44='Auto Responses'!$J$4,VLOOKUP($A44,Questions!$A$2:$X$333,16,0)&"",VLOOKUP($A44,Questions!$A$2:$X$333,15,0)&""))) -> Based on the response to REQU-05 on the "START HERE" tab, this question does not apply to this product or service. | F44: =VLOOKUP($A44,'Institution Evaluation'!$A$56:$F$345,6,0)&""
... A60: HIPA-28 | B60: =VLOOKUP($A60,Questions!$A$2:$X$333,2,0) -> Are you willing to enter into a Business Associate Agreement (BAA)? | C60: N/A | E60: =IF($C$19='Auto Responses'!$J$4,'Auto Responses'!$A$7,IF($C60='Auto Responses'!$J$3,VLOOKUP($A60,Questions!$A$2:$X$333,17,0)&"",IF($C60='Auto Responses'!$J$4,VLOOKUP($A60,Questions!$A$2:$X$333,16,0)&"",VLOOKUP($A60,Questions!$A$2:$X$333,15,0)&""))) -> Based on the response to REQU-05 on the "START HERE" tab, this question does not apply to this product or service. | F60: =VLOOKUP($A60,'Institution Evaluation'!$A$56:$F$345,6,0)&""
A61: HIPA-29 | B61: =VLOOKUP($A61,Questions!$A$2:$X$333,2,0) -> Do your data backup and retention policies and practices meet HIPAA requirements? | C61: N/A | E61: =IF($C$19='Auto Responses'!$J$4,'Auto Responses'!$A$7,IF($C61='Auto Responses'!$J$3,VLOOKUP($A61,Questions!$A$2:$X$333,17,0)&"",IF($C61='Auto Responses'!$J$4,VLOOKUP($A61,Questions!$A$2:$X$333,16,0)&"",VLOOKUP($A61,Questions!$A$2:$X$333,15,0)&""))) -> Based on the response to REQU-05 on the "START HERE" tab, this question does not apply to this product or service. | F61: =VLOOKUP($A61,'Institution Evaluation'!$A$56:$F$345,6,0)&"" | G61: End Table Data
A62: =VLOOKUP(LEFT($A63,4),'Auto Responses'!$N$4:$O$38,2,0)&"" -> Payment Card Industry Data Security Standard (PCI DSS) | C62: Answer | D62: Additional Information | E62: Guidance | F62: Analyst Notes
A63: PCID-01 | B63: =VLOOKUP($A63,Questions!$A$2:$X$333,2,0) -> Do you have a current, executed within the past year, Attestation of Compliance (AoC) or Report on Compliance (RoC)?* | C63: N/A | E63: =IF($C$20='Auto Responses'!$J$4,'Auto Responses'!$A$8,IF($C63='Auto Responses'!$J$3,VLOOKUP($A63,Questions!$A$2:$X$333,17,0)&"",IF($C63='Auto Responses'!$J$4,VLOOKUP($A63,Questions!$A$2:$X$333,16,0)&"",VLOOKUP($A63,Questions!$A$2:$X$333,15,0)&""))) -> Based on the response to REQU-06 on the "START HERE" tab, this question does not apply to this product or service. | F63: =VLOOKUP($A63,'Institution Evaluation'!$A$56:$F$345,6,0)&""
A64: PCID-02 | B64: =VLOOKUP($A64,Questions!$A$2:$X$333,2,0) -> Is the application listed as an approved Payment Application Data Security Standard (PA-DSS) application?* | C64: N/A | E64: =IF($C$20='Auto Responses'!$J$4,'Auto Responses'!$A$8,IF($C64='Auto Responses'!$J$3,VLOOKUP($A64,Questions!$A$2:$X$333,17,0)&"",IF($C64='Auto Responses'!$J$4,VLOOKUP($A64,Questions!$A$2:$X$333,16,0)&"",VLOOKUP($A64,Questions!$A$2:$X$333,15,0)&""))) -> Based on the response to REQU-06 on the "START HERE" tab, this question does not apply to this product or service. | F64: =VLOOKUP($A64,'Institution Evaluation'!$A$56:$F$345,6,0)&""
A65: PCID-03 | B65: =VLOOKUP($A65,Questions!$A$2:$X$333,2,0) -> Does the system or solutions use a third party to collect, store, process, or transmit cardholder (payment/credit/debt card) data?* | C65: N/A | E65: =IF($C$20='Auto Responses'!$J$4,'Auto Responses'!$A$8,IF($C65='Auto Responses'!$J$3,VLOOKUP($A65,Questions!$A$2:$X$333,17,0)&"",IF($C65='Auto Responses'!$J$4,VLOOKUP($A65,Questions!$A$2:$X$333,16,0)&"",VLOOKUP($A65,Questions!$A$2:$X$333,15,0)&""))) -> Based on the response to REQU-06 on the "START HERE" tab, this question does not apply to this product or service. | F65: =VLOOKUP($A65,'Institution Evaluation'!$A$56:$F$345,6,0)&""
A66: PCID-04 | B66: =VLOOKUP($A66,Questions!$A$2:$X$333,2,0) -> Do your systems or solutions store, process, or transmit cardholder (payment/credit/debt card) data? | C66: N/A | E66: =IF($C$20='Auto Responses'!$J$4,'Auto Responses'!$A$8,IF($C66='Auto Responses'!$J$3,VLOOKUP($A66,Questions!$A$2:$X$333,17,0)&"",IF($C66='Auto Responses'!$J$4,VLOOKUP($A66,Questions!$A$2:$X$333,16,0)&"",VLOOKUP($A66,Questions!$A$2:$X$333,15,0)&""))) -> Based on the response to REQU-06 on the "START HERE" tab, this question does not apply to this product or service. | F66: =VLOOKUP($A66,'Institution Evaluation'!$A$56:$F$345,6,0)&""
A67: PCID-05 | B67: =VLOOKUP($A67,Questions!$A$2:$X$333,2,0) -> Are you compliant with the Payment Card Industry Data Security Standard (PCI DSS)? | C67: N/A | E67: =IF($C$20='Auto Responses'!$J$4,'Auto Responses'!$A$8,IF($C67='Auto Responses'!$J$3,VLOOKUP($A67,Questions!$A$2:$X$333,17,0)&"",IF($C67='Auto Responses'!$J$4,VLOOKUP($A67,Questions!$A$2:$X$333,16,0)&"",VLOOKUP($A67,Questions!$A$2:$X$333,15,0)&""))) -> Based on the response to REQU-06 on the "START HERE" tab, this question does not apply to this product or service. | F67: =VLOOKUP($A67,'Institution Evaluation'!$A$56:$F$345,6,0)&""
A68: PCID-06 | B68: =VLOOKUP($A68,Questions!$A$2:$X$333,2,0) -> Are you classified as a service provider? | C68: N/A | E68: =IF($C$20='Auto Responses'!$J$4,'Auto Responses'!$A$8,IF($C68='Auto Responses'!$J$3,VLOOKUP($A68,Questions!$A$2:$X$333,17,0)&"",IF($C68='Auto Responses'!$J$4,VLOOKUP($A68,Questions!$A$2:$X$333,16,0)&"",VLOOKUP($A68,Questions!$A$2:$X$333,15,0)&""))) -> Based on the response to REQU-06 on the "START HERE" tab, this question does not apply to this product or service. | F68: =VLOOKUP($A68,'Institution Evaluation'!$A$56:$F$345,6,0)&""
A69: PCID-07 | B69: =VLOOKUP($A69,Questions!$A$2:$X$333,2,0) -> Are you on the list of Visa approved service providers? | C69: N/A | E69: =IF($C$20='Auto Responses'!$J$4,'Auto Responses'!$A$8,IF($C69='Auto Responses'!$J$3,VLOOKUP($A69,Questions!$A$2:$X$333,17,0)&"",IF($C69='Auto Responses'!$J$4,VLOOKUP($A69,Questions!$A$2:$X$333,16,0)&"",VLOOKUP($A69,Questions!$A$2:$X$333,15,0)&""))) -> Based on the response to REQU-06 on the "START HERE" tab, this question does not apply to this product or service. | F69: =VLOOKUP($A69,'Institution Evaluation'!$A$56:$F$345,6,0)&""
A70: PCID-08 | B70: =VLOOKUP($A70,Questions!$A$2:$X$333,2,0) -> Are you classified as a merchant? If so, what level (1, 2, 3, 4)? | C70: N/A | E70: =IF($C$20='Auto Responses'!$J$4,'Auto Responses'!$A$8,IF($C70='Auto Responses'!$J$3,VLOOKUP($A70,Questions!$A$2:$X$333,17,0)&"",IF($C70='Auto Responses'!$J$4,VLOOKUP($A70,Questions!$A$2:$X$333,16,0)&"",VLOOKUP($A70,Questions!$A$2:$X$333,15,0)&""))) -> Based on the response to REQU-06 on the "START HERE" tab, this question does not apply to this product or service. | F70: =VLOOKUP($A70,'Institution Evaluation'!$A$56:$F$345,6,0)&""
A71: PCID-09 | B71: =VLOOKUP($A71,Questions!$A$2:$X$333,2,0) -> Describe the architecture employed by the system to verify and authorize credit card transactions. | C71: N/A | E71: =IF($C$20='Auto Responses'!$J$4,'Auto Responses'!$A$8,IF($C71='Auto Responses'!$J$3,VLOOKUP($A71,Questions!$A$2:$X$333,17,0)&"",IF($C71='Auto Responses'!$J$4,VLOOKUP($A71,Questions!$A$2:$X$333,16,0)&"",VLOOKUP($A71,Questions!$A$2:$X$333,15,0)&""))) -> Based on the response to REQU-06 on the "START HERE" tab, this question does not apply to this product or service. | F71: =VLOOKUP($A71,'Institution Evaluation'!$A$56:$F$345,6,0)&""
A72: PCID-10 | B72: =VLOOKUP($A72,Questions!$A$2:$X$333,2,0) -> What payment processors/gateways does the system support? | C72: N/A | E72: =IF($C$20='Auto Responses'!$J$4,'Auto Responses'!$A$8,IF($C72='Auto Responses'!$J$3,VLOOKUP($A72,Questions!$A$2:$X$333,17,0)&"",IF($C72='Auto Responses'!$J$4,VLOOKUP($A72,Questions!$A$2:$X$333,16,0)&"",VLOOKUP($A72,Questions!$A$2:$X$333,15,0)&""))) -> Based on the response to REQU-06 on the "START HERE" tab, this question does not apply to this product or service. | F72: =VLOOKUP($A72,'Institution Evaluation'!$A$56:$F$345,6,0)&""
A73: PCID-11 | B73: =VLOOKUP($A73,Questions!$A$2:$X$333,2,0) -> Can the application be installed in a PCI DSS–compliant manner? | C73: N/A | E73: =IF($C$20='Auto Responses'!$J$4,'Auto Responses'!$A$8,IF($C73='Auto Responses'!$J$3,VLOOKUP($A73,Questions!$A$2:$X$333,17,0)&"",IF($C73='Auto Responses'!$J$4,VLOOKUP($A73,Questions!$A$2:$X$333,16,0)&"",VLOOKUP($A73,Questions!$A$2:$X$333,15,0)&""))) -> Based on the response to REQU-06 on the "START HERE" tab, this question does not apply to this product or service. | F73: =VLOOKUP($A73,'Institution Evaluation'!$A$56:$F$345,6,0)&""
A74: PCID-12 | B74: =VLOOKUP($A74,Questions!$A$2:$X$333,2,0) -> Include documentation describing the system's abilities to comply with the PCI DSS and any features or capabilities of the system that must be added or changed in order to operate in compliance with the standards. | C74: N/A | E74: =IF($C$20='Auto Responses'!$J$4,'Auto Responses'!$A$8,IF($C74='Auto Responses'!$J$3,VLOOKUP($A74,Questions!$A$2:$X$333,17,0)&"",IF($C74='Auto Responses'!$J$4,VLOOKUP($A74,Questions!$A$2:$X$333,16,0)&"",VLOOKUP($A74,Questions!$A$2:$X$333,15,0)&""))) -> Based on the response to REQU-06 on the "START HERE" tab, this question does not apply to this product or service. | F74: =VLOOKUP($A74,'Institution Evaluation'!$A$56:$F$345,6,0)&"" | G74: End Table Data
A75: =VLOOKUP(LEFT($A76,4),'Auto Responses'!$N$4:$O$38,2,0)&"" -> On-Premises Data Solutions | C75: Answer | D75: Additional Information | E75: Guidance | F75: Analyst Notes
A76: OPEM-01 | B76: =VLOOKUP($A76,Questions!$A$2:$X$333,2,0) -> Do you support role-based access control (RBAC) for system administrators? | C76: N/A | E76: =IF($C$21='Auto Responses'!$J$4,'Auto Responses'!$A$9,IF($C76='Auto Responses'!$J$3,VLOOKUP($A76,Questions!$A$2:$X$333,17,0)&"",IF($C76='Auto Responses'!$J$4,VLOOKUP($A76,Questions!$A$2:$X$333,16,0)&"",VLOOKUP($A76,Questions!$A$2:$X$333,15,0)&""))) -> Based on the response to REQU-07 on the "START HERE" tab, this question does not apply to this product or service. | F76: =VLOOKUP($A76,'Institution Evaluation'!$A$56:$F$345,6,0)&""
A77: OPEM-02 | B77: =VLOOKUP($A77,Questions!$A$2:$X$333,2,0) -> Can your employees access customer systems remotely? | C77: N/A | E77: =IF($C$21='Auto Responses'!$J$4,'Auto Responses'!$A$9,IF($C77='Auto Responses'!$J$3,VLOOKUP($A77,Questions!$A$2:$X$333,17,0)&"",IF($C77='Auto Responses'!$J$4,VLOOKUP($A77,Questions!$A$2:$X$333,16,0)&"",VLOOKUP($A77,Questions!$A$2:$X$333,15,0)&""))) -> Based on the response to REQU-07 on the "START HERE" tab, this question does not apply to this product or service. | F77: =VLOOKUP($A77,'Institution Evaluation'!$A$56:$F$345,6,0)&""
A78: OPEM-03 | B78: =VLOOKUP($A78,Questions!$A$2:$X$333,2,0) -> Can you provide overall system and/or application architecture diagrams including a full description of the data communications architecture for all components of the system? | C78: N/A | E78: =IF($C$21='Auto Responses'!$J$4,'Auto Responses'!$A$9,IF($C78='Auto Responses'!$J$3,VLOOKUP($A78,Questions!$A$2:$X$333,17,0)&"",IF($C78='Auto Responses'!$J$4,VLOOKUP($A78,Questions!$A$2:$X$333,16,0)&"",VLOOKUP($A78,Questions!$A$2:$X$333,15,0)&""))) -> Based on the response to REQU-07 on the "START HERE" tab, this question does not apply to this product or service. | F78: =VLOOKUP($A78,'Institution Evaluation'!$A$56:$F$345,6,0)&""
A79: OPEM-04 | B79: =VLOOKUP($A79,Questions!$A$2:$X$333,2,0) -> Do you require remote management of the system? | C79: N/A | E79: =IF($C$21='Auto Responses'!$J$4,'Auto Responses'!$A$9,IF($C79='Auto Responses'!$J$3,VLOOKUP($A79,Questions!$A$2:$X$333,17,0)&"",IF($C79='Auto Responses'!$J$4,VLOOKUP($A79,Questions!$A$2:$X$333,16,0)&"",VLOOKUP($A79,Questions!$A$2:$X$333,15,0)&""))) -> Based on the response to REQU-07 on the "START HERE" tab, this question does not apply to this product or service. | F79: =VLOOKUP($A79,'Institution Evaluation'!$A$56:$F$345,6,0)&""
A80: OPEM-05 | B80: =VLOOKUP($A80,Questions!$A$2:$X$333,2,0) -> If you answered "yes" to OPEM-04, are your remote actions and changes logged or otherwise visible to the campus? | C80: N/A | E80: =IF($C$21='Auto Responses'!$J$4,'Auto Responses'!$A$9,IF($C80='Auto Responses'!$J$3,VLOOKUP($A80,Questions!$A$2:$X$333,17,0)&"",IF($C80='Auto Responses'!$J$4,VLOOKUP($A80,Questions!$A$2:$X$333,16,0)&"",IF($C80='Auto Responses'!$J$5,VLOOKUP($A80,Questions!$A$2:$X$333,18,0)&"",VLOOKUP($A80,Questions!$A$2:$X$333,15,0)&"")))) -> Based on the response to REQU-07 on the "START HERE" tab, this question does not apply to this product or service. | F80: =VLOOKUP($A80,'Institution Evaluation'!$A$56:$F$345,6,0)&""
A81: OPEM-06 | B81: =VLOOKUP($A81,Questions!$A$2:$X$333,2,0) -> If you maintain remote access to the system, will you handle data in a FERPA-compliant manner? | C81: N/A | E81: =IF($C$21='Auto Responses'!$J$4,'Auto Responses'!$A$9,IF($C81='Auto Responses'!$J$3,VLOOKUP($A81,Questions!$A$2:$X$333,17,0)&"",IF($C81='Auto Responses'!$J$4,VLOOKUP($A81,Questions!$A$2:$X$333,16,0)&"",IF($C81='Auto Responses'!$J$5,VLOOKUP($A81,Questions!$A$2:$X$333,18,0)&"",VLOOKUP($A81,Questions!$A$2:$X$333,15,0)&"")))) -> Based on the response to REQU-07 on the "START HERE" tab, this question does not apply to this product or service. | F81: =VLOOKUP($A81,'Institution Evaluation'!$A$56:$F$345,6,0)&""
A82: OPEM-07 | B82: =VLOOKUP($A82,Questions!$A$2:$X$333,2,0) -> Do you support campus status monitoring through SNMPv3 or other means? | C82: N/A | E82: =IF($C$21='Auto Responses'!$J$4,'Auto Responses'!$A$9,IF($C82='Auto Responses'!$J$3,VLOOKUP($A82,Questions!$A$2:$X$333,17,0)&"",IF($C82='Auto Responses'!$J$4,VLOOKUP($A82,Questions!$A$2:$X$333,16,0)&"",VLOOKUP($A82,Questions!$A$2:$X$333,15,0)&""))) -> Based on the response to REQU-07 on the "START HERE" tab, this question does not apply to this product or service. | F82: =VLOOKUP($A82,'Institution Evaluation'!$A$56:$F$345,6,0)&""
A83: OPEM-08 | B83: =VLOOKUP($A83,Questions!$A$2:$X$333,2,0) -> Describe or provide a reference to any other safeguards used to monitor for malicious activity. | C83: N/A | E83: =IF($C$21='Auto Responses'!$J$4,'Auto Responses'!$A$9,IF($C83='Auto Responses'!$J$3,VLOOKUP($A83,Questions!$A$2:$X$333,17,0)&"",IF($C83='Auto Responses'!$J$4,VLOOKUP($A83,Questions!$A$2:$X$333,16,0)&"",VLOOKUP($A83,Questions!$A$2:$X$333,15,0)&""))) -> Based on the response to REQU-07 on the "START HERE" tab, this question does not apply to this product or service. | F83: =VLOOKUP($A83,'Institution Evaluation'!$A$56:$F$345,6,0)&""
A84: OPEM-09 | B84: =VLOOKUP($A84,Questions!$A$2:$X$333,2,0) -> Describe how long your organization has conducted business in this area. | C84: N/A | E84: =IF($C$21='Auto Responses'!$J$4,'Auto Responses'!$A$9,IF($C84='Auto Responses'!$J$3,VLOOKUP($A84,Questions!$A$2:$X$333,17,0)&"",IF($C84='Auto Responses'!$J$4,VLOOKUP($A84,Questions!$A$2:$X$333,16,0)&"",VLOOKUP($A84,Questions!$A$2:$X$333,15,0)&""))) -> Based on the response to REQU-07 on the "START HERE" tab, this question does not apply to this product or service. | F84: =VLOOKUP($A84,'Institution Evaluation'!$A$56:$F$345,6,0)&""
A85: OPEM-10 | B85: =VLOOKUP($A85,Questions!$A$2:$X$333,2,0) -> Do you have existing higher education customers? | C85: N/A | E85: =IF($C$21='Auto Responses'!$J$4,'Auto Responses'!$A$9,IF($C85='Auto Responses'!$J$3,VLOOKUP($A85,Questions!$A$2:$X$333,17,0)&"",IF($C85='Auto Responses'!$J$4,VLOOKUP($A85,Questions!$A$2:$X$333,16,0)&"",VLOOKUP($A85,Questions!$A$2:$X$333,15,0)&""))) -> Based on the response to REQU-07 on the "START HERE" tab, this question does not apply to this product or service. | F85: =VLOOKUP($A85,'Institution Evaluation'!$A$56:$F$345,6,0)&"" | G85: End Table Data
A86: Copyright © 2025 EDUCAUSE
A88: =#REF! -> #REF!
A89: =#REF! -> #REF!
A90: =#REF! -> #REF!
A91: =#REF! -> #REF!
A92: =#REF! -> #REF!
A93: =#REF! -> #REF!
A94: =#REF! -> #REF!

Sheet AI
A1: Cells contained in this worksheet may contain cells with dropdown lists as well as autopopulated formulas.
A2: HECVAT Solution Provider Response - AI | F2: ='Auto Responses'!$A$36 -> Version 4.1.6
A3: Date Completed | B3: 46282 | C3: ='START HERE'!$C$3 -> 0
A4: Instructions for Solution Providers
A5: =HLOOKUP($A$4,'Auto Responses'!$D$2:$D$8,2,0)&"" -> 1. Complete the "Start Here" tab and review the "Required Questions" guidance to find the other sections are required for your product or service.
A6: =HLOOKUP($A$4,'Auto Responses'!$D$2:$D$8,3,0)&"" -> 2. Complete the "Organization" tab and the applicable questions in each of the next 5 tabs (Product through Privacy) that apply, based on your answers to the "Required Questions."
A7: =HLOOKUP($A$4,'Auto Responses'!$D$2:$D$8,4,0)&"" -> 3. Guidance in column E may change based on your answers to prompt details in "Additional Information." If leaving an answer blank, you must also state why in "Additional Information".
A8: =HLOOKUP($A$4,'Auto Responses'!$D$2:$D$8,5,0)&"" -> 4. DO NOT complete any fields in the "Evaluation" sheets or the "Analyst Notes" column.
A9: =HLOOKUP($A$4,'Auto Responses'!$D$2:$D$8,6,0)&"" -> 5. Return the completed file to institutions.
A10: =HLOOKUP($A$4,'Auto Responses'!$D$2:$D$8,7,0)&"" -> * Denotes critical questions. Critical questions are those deemed most important to institutions by higher education volunteers.
A11: =HLOOKUP($A$4,'Auto Responses'!$D$2:$D$9,8,0)&"" -> For full instructions, please visit educause.edu/HECVAT
A12: =VLOOKUP(LEFT($A13,4),'Auto Responses'!$N$4:$O$38,2,0)&"" -> General Information | C12: Answer
A13: GNRL-01 | B13: =VLOOKUP($A13,Questions!$A$2:$X$333,2,0)&"" -> Solution Provider Name | C13: =VLOOKUP($A13,'START HERE'!$A$13:$C$21,3,0)&"" -> SmartPLS GmbH
A14: GNRL-02 | B14: =VLOOKUP($A14,Questions!$A$2:$X$333,2,0)&"" -> Solution Name | C14: =VLOOKUP($A14,'START HERE'!$A$13:$C$21,3,0)&"" -> SmartPLS 4.1.1.9 (SmartPLS Desktop)
A15: GNRL-03 | B15: =VLOOKUP($A15,Questions!$A$2:$X$333,2,0)&"" -> Solution Description | C15: =VLOOKUP($A15,'START HERE'!$A$13:$C$21,3,0)&"" -> SmartPLS is a desktop software application for Partial Least Squares Structural Equation Modeling (PLS-SEM) and related multivariate statistical methods. It is used primarily by academic researchers, and increasingly by business analysts, to develop and test theoretical models using survey and other quantitative data.
A16: GNRL-08 | B16: =VLOOKUP($A16,Questions!$A$2:$X$333,2,0)&"" -> Country of Company Headquarters | C16: =VLOOKUP($A16,'START HERE'!$A$13:$C$21,3,0)&"" -> Germany
A17: =VLOOKUP(LEFT($A18,4),'Auto Responses'!$N$4:$O$38,2,0)&"" -> Required Questions | C17: Answer | D17: Additional Information | E17: Guidance | F17: Analyst Notes
A18: REQU-04 | B18: =VLOOKUP($A18,Questions!$A$2:$X$333,2,0) -> Does your solution have AI features, or are there plans to implement AI features in the next 12 months? | C18: =VLOOKUP($A18,'START HERE'!$A$23:$F$36,3,0)&"" -> No | D18: =VLOOKUP($A18,'START HERE'!$A$23:$F$36,4,0)&"" -> SmartPLS Desktop has no AI or machine-learning features, and none are planned in the next 12 months. | E18: =IF($C18='Auto Responses'!$J$3,VLOOKUP($A18,Questions!$A$2:$X$333,17,0)&"",IF($C18='Auto Responses'!$J$4,VLOOKUP($A18,Questions!$A$2:$X$333,16,0)&"",VLOOKUP($A18,Questions!$A$2:$X$333,15,0)&"")) -> DO NOT complete the Artificial Intelligence (AI) worksheet | F18: =VLOOKUP($A18,'Institution Evaluation'!$A$56:$F$345,6,0)&"" | G18: End Table Data
A19: =VLOOKUP(LEFT($A20,4),'Auto Responses'!$N$4:$O$38,2,0)&"" -> AI Qualifying Questions | C19: Answer | D19: Additional Information | E19: Guidance | F19: Analyst Notes
A20: AIQU-01 | B20: =VLOOKUP($A20,Questions!$A$2:$X$333,2,0) -> Does your solution leverage machine learning (ML) or do you plan to do so in the next 12 months? | C20: No | E20: =IF($C$18='Auto Responses'!$J$4,'Auto Responses'!$A$6,IF($C20='Auto Responses'!$J$3,VLOOKUP($A20,Questions!$A$2:$X$333,17,0)&"",IF($C20='Auto Responses'!$J$4,VLOOKUP($A20,Questions!$A$2:$X$333,16,0)&"",VLOOKUP($A20,Questions!$A$2:$X$333,15,0)&""))) -> Based on the response to REQU-04 on the "START HERE" tab, this question does not apply to this product or service. | F20: =VLOOKUP($A20,'Institution Evaluation'!$A$56:$F$345,6,0)&""
A21: AIQU-02 | B21: =VLOOKUP($A21,Questions!$A$2:$X$333,2,0) -> Does your solution leverage a large language model (LLM) or do you plan to do so in the next 12 months? | C21: No | E21: =IF($C$18='Auto Responses'!$J$4,'Auto Responses'!$A$6,IF($C21='Auto Responses'!$J$3,VLOOKUP($A21,Questions!$A$2:$X$333,17,0)&"",IF($C21='Auto Responses'!$J$4,VLOOKUP($A21,Questions!$A$2:$X$333,16,0)&"",VLOOKUP($A21,Questions!$A$2:$X$333,15,0)&""))) -> Based on the response to REQU-04 on the "START HERE" tab, this question does not apply to this product or service. | F21: =VLOOKUP($A21,'Institution Evaluation'!$A$56:$F$345,6,0)&"" | G21: End Table Data
A22: =VLOOKUP(LEFT($A23,4),'Auto Responses'!$N$4:$O$38,2,0)&"" -> General AI Questions | C22: Answer | D22: Additional Information | E22: Guidance | F22: Analyst Notes
A23: AIGN-01 | B23: =VLOOKUP($A23,Questions!$A$2:$X$333,2,0) -> Does your solution have an AI risk model when developing or implementing your solution's AI model?* | C23: N/A | E23: =IF($C$18='Auto Responses'!$J$4,'Auto Responses'!$A$6,IF($C23='Auto Responses'!$J$3,VLOOKUP($A23,Questions!$A$2:$X$333,17,0)&"",IF($C23='Auto Responses'!$J$4,VLOOKUP($A23,Questions!$A$2:$X$333,16,0)&"",VLOOKUP($A23,Questions!$A$2:$X$333,15,0)&""))) -> Based on the response to REQU-04 on the "START HERE" tab, this question does not apply to this product or service. | F23: =VLOOKUP($A23,'Institution Evaluation'!$A$56:$F$345,6,0)&""
A24: AIGN-02 | B24: =VLOOKUP($A24,Questions!$A$2:$X$333,2,0) -> Can your solution's AI features be disabled by tenant and/or user?* | C24: N/A | E24: =IF($C$18='Auto Responses'!$J$4,'Auto Responses'!$A$6,IF($C24='Auto Responses'!$J$3,VLOOKUP($A24,Questions!$A$2:$X$333,17,0)&"",IF($C24='Auto Responses'!$J$4,VLOOKUP($A24,Questions!$A$2:$X$333,16,0)&"",IF($C24='Auto Responses'!$J$5,VLOOKUP($A24,Questions!$A$2:$X$333,18,0)&"",VLOOKUP($A24,Questions!$A$2:$X$333,15,0)&"")))) -> Based on the response to REQU-04 on the "START HERE" tab, this question does not apply to this product or service. | F24: =VLOOKUP($A24,'Institution Evaluation'!$A$56:$F$345,6,0)&""
A25: AIGN-03 | B25: =VLOOKUP($A25,Questions!$A$2:$X$333,2,0) -> Have your staff completed responsible AI training?* | C25: N/A | E25: =IF($C$18='Auto Responses'!$J$4,'Auto Responses'!$A$6,IF($C25='Auto Responses'!$J$3,VLOOKUP($A25,Questions!$A$2:$X$333,17,0)&"",IF($C25='Auto Responses'!$J$4,VLOOKUP($A25,Questions!$A$2:$X$333,16,0)&"",VLOOKUP($A25,Questions!$A$2:$X$333,15,0)&""))) -> Based on the response to REQU-04 on the "START HERE" tab, this question does not apply to this product or service. | F25: =VLOOKUP($A25,'Institution Evaluation'!$A$56:$F$345,6,0)&""
A26: AIGN-04 | B26: =VLOOKUP($A26,Questions!$A$2:$X$333,2,0) -> Please describe the capabilities of your solution's AI features. | C26: N/A | E26: =IF($C$18='Auto Responses'!$J$4,'Auto Responses'!$A$6,IF($C26='Auto Responses'!$J$3,VLOOKUP($A26,Questions!$A$2:$X$333,17,0)&"",IF($C26='Auto Responses'!$J$4,VLOOKUP($A26,Questions!$A$2:$X$333,16,0)&"",VLOOKUP($A26,Questions!$A$2:$X$333,15,0)&""))) -> Based on the response to REQU-04 on the "START HERE" tab, this question does not apply to this product or service. | F26: =VLOOKUP($A26,'Institution Evaluation'!$A$56:$F$345,6,0)&""
A27: AIGN-05 | B27: =VLOOKUP($A27,Questions!$A$2:$X$333,2,0) -> Does your solution support business rules to protect sensitive data from being ingested by the AI model? | C27: N/A | E27: =IF($C$18='Auto Responses'!$J$4,'Auto Responses'!$A$6,IF($C27='Auto Responses'!$J$3,VLOOKUP($A27,Questions!$A$2:$X$333,17,0)&"",IF($C27='Auto Responses'!$J$4,VLOOKUP($A27,Questions!$A$2:$X$333,16,0)&"",VLOOKUP($A27,Questions!$A$2:$X$333,15,0)&""))) -> Based on the response to REQU-04 on the "START HERE" tab, this question does not apply to this product or service. | F27: =VLOOKUP($A27,'Institution Evaluation'!$A$56:$F$345,6,0)&"" | G27: End Table Data
A28: =VLOOKUP(LEFT($A29,4),'Auto Responses'!$N$4:$O$38,2,0)&"" -> AI Policy | C28: Answer | D28: Additional Information | E28: Guidance | F28: Analyst Notes
A29: AIPL-01 | B29: =VLOOKUP($A29,Questions!$A$2:$X$333,2,0) -> Are your AI developer's policies, processes, procedures, and practices across the organization related to the mapping, measuring, and managing of AI risks conspicuously posted, unambiguous, and implemented effectively?* | C29: N/A | E29: =IF($C$18='Auto Responses'!$J$4,'Auto Responses'!$A$6,IF($C29='Auto Responses'!$J$3,VLOOKUP($A29,Questions!$A$2:$X$333,17,0)&"",IF($C29='Auto Responses'!$J$4,VLOOKUP($A29,Questions!$A$2:$X$333,16,0)&"",VLOOKUP($A29,Questions!$A$2:$X$333,15,0)&""))) -> Based on the response to REQU-04 on the "START HERE" tab, this question does not apply to this product or service. | F29: =VLOOKUP($A29,'Institution Evaluation'!$A$56:$F$345,6,0)&""
A30: AIPL-02 | B30: =VLOOKUP($A30,Questions!$A$2:$X$333,2,0) -> Have you identified and measured AI risks?* | C30: N/A | E30: =IF($C$18='Auto Responses'!$J$4,'Auto Responses'!$A$6,IF($C30='Auto Responses'!$J$3,VLOOKUP($A30,Questions!$A$2:$X$333,17,0)&"",IF($C30='Auto Responses'!$J$4,VLOOKUP($A30,Questions!$A$2:$X$333,16,0)&"",VLOOKUP($A30,Questions!$A$2:$X$333,15,0)&""))) -> Based on the response to REQU-04 on the "START HERE" tab, this question does not apply to this product or service. | F30: =VLOOKUP($A30,'Institution Evaluation'!$A$56:$F$345,6,0)&""
A31: AIPL-03 | B31: =VLOOKUP($A31,Questions!$A$2:$X$333,2,0) -> In the event of an incident, can your solution's AI features be disabled in a timely manner?* | C31: N/A | E31: =IF($C$18='Auto Responses'!$J$4,'Auto Responses'!$A$6,IF($C31='Auto Responses'!$J$3,VLOOKUP($A31,Questions!$A$2:$X$333,17,0)&"",IF($C31='Auto Responses'!$J$4,VLOOKUP($A31,Questions!$A$2:$X$333,16,0)&"",VLOOKUP($A31,Questions!$A$2:$X$333,15,0)&""))) -> Based on the response to REQU-04 on the "START HERE" tab, this question does not apply to this product or service. | F31: =VLOOKUP($A31,'Institution Evaluation'!$A$56:$F$345,6,0)&""
A32: AIPL-04 | B32: =VLOOKUP($A32,Questions!$A$2:$X$333,2,0) -> If disabled because of an incident, can your solution's AI features be re-enabled in a timely manner?* | C32: N/A | E32: =IF($C$18='Auto Responses'!$J$4,'Auto Responses'!$A$6,IF($C$31='Auto Responses'!$J$4,'Auto Responses'!$A$27,IF($C32='Auto Responses'!$J$3,VLOOKUP($A32,Questions!$A$2:$X$333,17,0)&"",IF($C32='Auto Responses'!$J$4,VLOOKUP($A32,Questions!$A$2:$X$333,16,0)&"",IF($C32='Auto Responses'!$J$5,VLOOKUP($A32,Questions!$A$2:$X$333,18,0)&"",VLOOKUP($A32,Questions!$A$2:$X$333,15,0)&""))))) -> Based on the response to REQU-04 on the "START HERE" tab, this question does not apply to this product or service. | F32: =VLOOKUP($A32,'Institution Evaluation'!$A$56:$F$345,6,0)&""
A33: AIPL-05 | B33: =VLOOKUP($A33,Questions!$A$2:$X$333,2,0) -> Do you have documented technical and procedural processes to address potential negative impacts of AI as described by the AI Risk Management Framework (RMF)? | C33: N/A | E33: =IF($C$18='Auto Responses'!$J$4,'Auto Responses'!$A$6,IF($C33='Auto Responses'!$J$3,VLOOKUP($A33,Questions!$A$2:$X$333,17,0)&"",IF($C33='Auto Responses'!$J$4,VLOOKUP($A33,Questions!$A$2:$X$333,16,0)&"",VLOOKUP($A33,Questions!$A$2:$X$333,15,0)&""))) -> Based on the response to REQU-04 on the "START HERE" tab, this question does not apply to this product or service. | F33: =VLOOKUP($A33,'Institution Evaluation'!$A$56:$F$345,6,0)&"" | G33: End Table Data
A34: =VLOOKUP(LEFT($A35,4),'Auto Responses'!$N$4:$O$38,2,0)&"" -> AI Data Security | C34: Answer | D34: Additional Information | E34: Guidance | F34: Analyst Notes
A35: AISC-01 | B35: =VLOOKUP($A35,Questions!$A$2:$X$333,2,0) -> If sensitive data is introduced to your solution's AI model, can the data be removed from the AI model by request?* | C35: N/A | E35: =IF($C$18='Auto Responses'!$J$4,'Auto Responses'!$A$6,IF($C$31='Auto Responses'!$J$4,'Auto Responses'!$A$27,IF($C35='Auto Responses'!$J$3,VLOOKUP($A35,Questions!$A$2:$X$333,17,0)&"",IF($C35='Auto Responses'!$J$4,VLOOKUP($A35,Questions!$A$2:$X$333,16,0)&"",IF($C35='Auto Responses'!$J$5,VLOOKUP($A35,Questions!$A$2:$X$333,18,0)&"",VLOOKUP($A35,Questions!$A$2:$X$333,15,0)&""))))) -> Based on the response to REQU-04 on the "START HERE" tab, this question does not apply to this product or service. | F35: =VLOOKUP($A35,'Institution Evaluation'!$A$56:$F$345,6,0)&""
A36: AISC-02 | B36: =VLOOKUP($A36,Questions!$A$2:$X$333,2,0) -> Is user input data used to influence your solution's AI model?* | C36: N/A | E36: =IF($C$18='Auto Responses'!$J$4,'Auto Responses'!$A$6,IF($C36='Auto Responses'!$J$3,VLOOKUP($A36,Questions!$A$2:$X$333,17,0)&"",IF($C36='Auto Responses'!$J$4,VLOOKUP($A36,Questions!$A$2:$X$333,16,0)&"",VLOOKUP($A36,Questions!$A$2:$X$333,15,0)&""))) -> Based on the response to REQU-04 on the "START HERE" tab, this question does not apply to this product or service. | F36: =VLOOKUP($A36,'Institution Evaluation'!$A$56:$F$345,6,0)&""
A37: AISC-03 | B37: =VLOOKUP($A37,Questions!$A$2:$X$333,2,0) -> Do you provide logging for your solution's AI feature(s) that includes user, date, and action taken?* | C37: N/A | E37: =IF($C$18='Auto Responses'!$J$4,'Auto Responses'!$A$6,IF($C37='Auto Responses'!$J$3,VLOOKUP($A37,Questions!$A$2:$X$333,17,0)&"",IF($C37='Auto Responses'!$J$4,VLOOKUP($A37,Questions!$A$2:$X$333,16,0)&"",VLOOKUP($A37,Questions!$A$2:$X$333,15,0)&""))) -> Based on the response to REQU-04 on the "START HERE" tab, this question does not apply to this product or service. | F37: =VLOOKUP($A37,'Institution Evaluation'!$A$56:$F$345,6,0)&""
A38: AISC-04 | B38: =VLOOKUP($A38,Questions!$A$2:$X$333,2,0) -> Please describe how you validate user inputs. | C38: N/A | E38: =IF($C$18='Auto Responses'!$J$4,'Auto Responses'!$A$6,IF($C38='Auto Responses'!$J$3,VLOOKUP($A38,Questions!$A$2:$X$333,17,0)&"",IF($C38='Auto Responses'!$J$4,VLOOKUP($A38,Questions!$A$2:$X$333,16,0)&"",VLOOKUP($A38,Questions!$A$2:$X$333,15,0)&""))) -> Based on the response to REQU-04 on the "START HERE" tab, this question does not apply to this product or service. | F38: =VLOOKUP($A38,'Institution Evaluation'!$A$56:$F$345,6,0)&""
A39: AISC-05 | B39: =VLOOKUP($A39,Questions!$A$2:$X$333,2,0) -> Do you plan for and mitigate supply-chain risk related to your AI features? | C39: N/A | E39: =IF($C$18='Auto Responses'!$J$4,'Auto Responses'!$A$6,IF($C39='Auto Responses'!$J$3,VLOOKUP($A39,Questions!$A$2:$X$333,17,0)&"",IF($C39='Auto Responses'!$J$4,VLOOKUP($A39,Questions!$A$2:$X$333,16,0)&"",VLOOKUP($A39,Questions!$A$2:$X$333,15,0)&""))) -> Based on the response to REQU-04 on the "START HERE" tab, this question does not apply to this product or service. | F39: =VLOOKUP($A39,'Institution Evaluation'!$A$56:$F$345,6,0)&"" | G39: End Table Data
A40: =VLOOKUP(LEFT($A41,4),'Auto Responses'!$N$4:$O$38,2,0)&"" -> AI Machine Learning | C40: Answer | D40: Additional Information | E40: Guidance | F40: Analyst Notes
A41: AIML-01 | B41: =VLOOKUP($A41,Questions!$A$2:$X$333,2,0) -> Do you separate ML training data from your ML solution data?* | C41: N/A | E41: =IF($C$18='Auto Responses'!$J$4,'Auto Responses'!$A$6,IF($C$20='Auto Responses'!$J$4,'Auto Responses'!$A$10,IF($C41='Auto Responses'!$J$3,VLOOKUP($A41,Questions!$A$2:$X$333,17,0)&"",IF($C41='Auto Responses'!$J$4,VLOOKUP($A41,Questions!$A$2:$X$333,16,0)&"",VLOOKUP($A41,Questions!$A$2:$X$333,15,0)&"")))) -> Based on the response to REQU-04 on the "START HERE" tab, this question does not apply to this product or service. | F41: =VLOOKUP($A41,'Institution Evaluation'!$A$56:$F$345,6,0)&""
A42: AIML-02 | B42: =VLOOKUP($A42,Questions!$A$2:$X$333,2,0) -> Do you authenticate and verify your ML model's feedback?* | C42: N/A | E42: =IF($C$18='Auto Responses'!$J$4,'Auto Responses'!$A$6,IF($C$20='Auto Responses'!$J$4,'Auto Responses'!$A$10,IF($C42='Auto Responses'!$J$3,VLOOKUP($A42,Questions!$A$2:$X$333,17,0)&"",IF($C42='Auto Responses'!$J$4,VLOOKUP($A42,Questions!$A$2:$X$333,16,0)&"",VLOOKUP($A42,Questions!$A$2:$X$333,15,0)&"")))) -> Based on the response to REQU-04 on the "START HERE" tab, this question does not apply to this product or service. | F42: =VLOOKUP($A42,'Institution Evaluation'!$A$56:$F$345,6,0)&""
A43: AIML-03 | B43: =VLOOKUP($A43,Questions!$A$2:$X$333,2,0) -> Is your ML training data vetted, validated, and verified before training the solution's AI model? | C43: N/A | E43: =IF($C$18='Auto Responses'!$J$4,'Auto Responses'!$A$6,IF($C$20='Auto Responses'!$J$4,'Auto Responses'!$A$10,IF($C43='Auto Responses'!$J$3,VLOOKUP($A43,Questions!$A$2:$X$333,17,0)&"",IF($C43='Auto Responses'!$J$4,VLOOKUP($A43,Questions!$A$2:$X$333,16,0)&"",VLOOKUP($A43,Questions!$A$2:$X$333,15,0)&"")))) -> Based on the response to REQU-04 on the "START HERE" tab, this question does not apply to this product or service. | F43: =VLOOKUP($A43,'Institution Evaluation'!$A$56:$F$345,6,0)&""
A44: AIML-04 | B44: =VLOOKUP($A44,Questions!$A$2:$X$333,2,0) -> Is your ML training data monitored and audited? | C44: N/A | E44: =IF($C$18='Auto Responses'!$J$4,'Auto Responses'!$A$6,IF($C$20='Auto Responses'!$J$4,'Auto Responses'!$A$10,IF($C44='Auto Responses'!$J$3,VLOOKUP($A44,Questions!$A$2:$X$333,17,0)&"",IF($C44='Auto Responses'!$J$4,VLOOKUP($A44,Questions!$A$2:$X$333,16,0)&"",VLOOKUP($A44,Questions!$A$2:$X$333,15,0)&"")))) -> Based on the response to REQU-04 on the "START HERE" tab, this question does not apply to this product or service. | F44: =VLOOKUP($A44,'Institution Evaluation'!$A$56:$F$345,6,0)&""
A45: AIML-05 | B45: =VLOOKUP($A45,Questions!$A$2:$X$333,2,0) -> Have you limited access to your ML training data to only staff with an explicit business need? | C45: N/A | E45: =IF($C$18='Auto Responses'!$J$4,'Auto Responses'!$A$6,IF($C$20='Auto Responses'!$J$4,'Auto Responses'!$A$10,IF($C45='Auto Responses'!$J$3,VLOOKUP($A45,Questions!$A$2:$X$333,17,0)&"",IF($C45='Auto Responses'!$J$4,VLOOKUP($A45,Questions!$A$2:$X$333,16,0)&"",VLOOKUP($A45,Questions!$A$2:$X$333,15,0)&"")))) -> Based on the response to REQU-04 on the "START HERE" tab, this question does not apply to this product or service. | F45: =VLOOKUP($A45,'Institution Evaluation'!$A$56:$F$345,6,0)&""
A46: AIML-06 | B46: =VLOOKUP($A46,Questions!$A$2:$X$333,2,0) -> Have you implemented adversarial training or other model defense mechanisms to protect your ML-related features? | C46: N/A | E46: =IF($C$18='Auto Responses'!$J$4,'Auto Responses'!$A$6,IF($C$20='Auto Responses'!$J$4,'Auto Responses'!$A$10,IF($C46='Auto Responses'!$J$3,VLOOKUP($A46,Questions!$A$2:$X$333,17,0)&"",IF($C46='Auto Responses'!$J$4,VLOOKUP($A46,Questions!$A$2:$X$333,16,0)&"",VLOOKUP($A46,Questions!$A$2:$X$333,15,0)&"")))) -> Based on the response to REQU-04 on the "START HERE" tab, this question does not apply to this product or service. | F46: =VLOOKUP($A46,'Institution Evaluation'!$A$56:$F$345,6,0)&""
A47: AIML-07 | B47: =VLOOKUP($A47,Questions!$A$2:$X$333,2,0) -> Do you make your ML model transparent through documentation and log inputs and outputs? | C47: N/A | E47: =IF($C$18='Auto Responses'!$J$4,'Auto Responses'!$A$6,IF($C$20='Auto Responses'!$J$4,'Auto Responses'!$A$10,IF($C47='Auto Responses'!$J$3,VLOOKUP($A47,Questions!$A$2:$X$333,17,0)&"",IF($C47='Auto Responses'!$J$4,VLOOKUP($A47,Questions!$A$2:$X$333,16,0)&"",VLOOKUP($A47,Questions!$A$2:$X$333,15,0)&"")))) -> Based on the response to REQU-04 on the "START HERE" tab, this question does not apply to this product or service. | F47: =VLOOKUP($A47,'Institution Evaluation'!$A$56:$F$345,6,0)&""
A48: AIML-08 | B48: =VLOOKUP($A48,Questions!$A$2:$X$333,2,0) -> Do you watermark your ML training data? | C48: N/A | E48: =IF($C$18='Auto Responses'!$J$4,'Auto Responses'!$A$6,IF($C$20='Auto Responses'!$J$4,'Auto Responses'!$A$10,IF($C48='Auto Responses'!$J$3,VLOOKUP($A48,Questions!$A$2:$X$333,17,0)&"",IF($C48='Auto Responses'!$J$4,VLOOKUP($A48,Questions!$A$2:$X$333,16,0)&"",VLOOKUP($A48,Questions!$A$2:$X$333,15,0)&"")))) -> Based on the response to REQU-04 on the "START HERE" tab, this question does not apply to this product or service. | F48: =VLOOKUP($A48,'Institution Evaluation'!$A$56:$F$345,6,0)&"" | G48: End Table Data
A49: =VLOOKUP(LEFT($A50,4),'Auto Responses'!$N$4:$O$38,2,0)&"" -> AI Large Language Model (LLM) | C49: Answer | D49: Additional Information | E49: Guidance | F49: Analyst Notes
A50: AILM-01 | B50: =VLOOKUP($A50,Questions!$A$2:$X$333,2,0) -> Do you limit your solution's LLM privileges by default?* | C50: N/A | E50: =IF($C$18='Auto Responses'!$J$4,'Auto Responses'!$A$6,IF($C$21='Auto Responses'!$J$4,'Auto Responses'!$A$11,IF($C50='Auto Responses'!$J$3,VLOOKUP($A50,Questions!$A$2:$X$333,17,0)&"",IF($C50='Auto Responses'!$J$4,VLOOKUP($A50,Questions!$A$2:$X$333,16,0)&"",VLOOKUP($A50,Questions!$A$2:$X$333,15,0)&"")))) -> Based on the response to REQU-04 on the "START HERE" tab, this question does not apply to this product or service. | F50: =VLOOKUP($A50,'Institution Evaluation'!$A$56:$F$345,6,0)&""
A51: AILM-02 | B51: =VLOOKUP($A51,Questions!$A$2:$X$333,2,0) -> Is your LLM training data vetted, validated, and verified before training the solution's AI model?* | C51: N/A | E51: =IF($C$18='Auto Responses'!$J$4,'Auto Responses'!$A$6,IF($C$21='Auto Responses'!$J$4,'Auto Responses'!$A$11,IF($C51='Auto Responses'!$J$3,VLOOKUP($A51,Questions!$A$2:$X$333,17,0)&"",IF($C51='Auto Responses'!$J$4,VLOOKUP($A51,Questions!$A$2:$X$333,16,0)&"",VLOOKUP($A51,Questions!$A$2:$X$333,15,0)&"")))) -> Based on the response to REQU-04 on the "START HERE" tab, this question does not apply to this product or service. | F51: =VLOOKUP($A51,'Institution Evaluation'!$A$56:$F$345,6,0)&""
A52: AILM-03 | B52: =VLOOKUP($A52,Questions!$A$2:$X$333,2,0) -> Do any actions taken by your solution's LLM features or plugins require human intervention?* | C52: N/A | E52: =IF($C$18='Auto Responses'!$J$4,'Auto Responses'!$A$6,IF($C$21='Auto Responses'!$J$4,'Auto Responses'!$A$11,IF($C52='Auto Responses'!$J$3,VLOOKUP($A52,Questions!$A$2:$X$333,17,0)&"",IF($C52='Auto Responses'!$J$4,VLOOKUP($A52,Questions!$A$2:$X$333,16,0)&"",VLOOKUP($A52,Questions!$A$2:$X$333,15,0)&"")))) -> Based on the response to REQU-04 on the "START HERE" tab, this question does not apply to this product or service. | F52: =VLOOKUP($A52,'Institution Evaluation'!$A$56:$F$345,6,0)&""
A53: AILM-04 | B53: =VLOOKUP($A53,Questions!$A$2:$X$333,2,0) -> Do you limit multiple LLM model plugins being called as part of a single input?* | C53: N/A | E53: =IF($C$18='Auto Responses'!$J$4,'Auto Responses'!$A$6,IF($C$21='Auto Responses'!$J$4,'Auto Responses'!$A$11,IF($C53='Auto Responses'!$J$3,VLOOKUP($A53,Questions!$A$2:$X$333,17,0)&"",IF($C53='Auto Responses'!$J$4,VLOOKUP($A53,Questions!$A$2:$X$333,16,0)&"",VLOOKUP($A53,Questions!$A$2:$X$333,15,0)&"")))) -> Based on the response to REQU-04 on the "START HERE" tab, this question does not apply to this product or service. | F53: =VLOOKUP($A53,'Institution Evaluation'!$A$56:$F$345,6,0)&""
A54: AILM-05 | B54: =VLOOKUP($A54,Questions!$A$2:$X$333,2,0) -> Do you limit your solution's LLM resource use per request, per step, and per action? | C54: N/A | E54: =IF($C$18='Auto Responses'!$J$4,'Auto Responses'!$A$6,IF($C$21='Auto Responses'!$J$4,'Auto Responses'!$A$11,IF($C54='Auto Responses'!$J$3,VLOOKUP($A54,Questions!$A$2:$X$333,17,0)&"",IF($C54='Auto Responses'!$J$4,VLOOKUP($A54,Questions!$A$2:$X$333,16,0)&"",VLOOKUP($A54,Questions!$A$2:$X$333,15,0)&"")))) -> Based on the response to REQU-04 on the "START HERE" tab, this question does not apply to this product or service. | F54: =VLOOKUP($A54,'Institution Evaluation'!$A$56:$F$345,6,0)&""
A55: AILM-06 | B55: =VLOOKUP($A55,Questions!$A$2:$X$333,2,0) -> Do you leverage LLM model tuning or other model validation mechanisms? | C55: N/A | E55: =IF($C$18='Auto Responses'!$J$4,'Auto Responses'!$A$6,IF($C$21='Auto Responses'!$J$4,'Auto Responses'!$A$11,IF($C55='Auto Responses'!$J$3,VLOOKUP($A55,Questions!$A$2:$X$333,17,0)&"",IF($C55='Auto Responses'!$J$4,VLOOKUP($A55,Questions!$A$2:$X$333,16,0)&"",VLOOKUP($A55,Questions!$A$2:$X$333,15,0)&"")))) -> Based on the response to REQU-04 on the "START HERE" tab, this question does not apply to this product or service. | F55: =VLOOKUP($A55,'Institution Evaluation'!$A$56:$F$345,6,0)&"" | G55: End Table Data
A56: Copyright © 2025 EDUCAUSE | E56: End of worksheet
A59: =#REF! -> #REF!
A60: =#REF! -> #REF!
A61: =#REF! -> #REF!
A62: =#REF! -> #REF!
A63: =#REF! -> #REF!
A64: =#REF! -> #REF!
A65: =#REF! -> #REF!

Sheet Privacy
A1: Cells contained in this worksheet may contain cells with dropdown lists as well as autopopulated formulas.
A2: HECVAT Solution Provider Response - Privacy | F2: ='Auto Responses'!$A$36 -> Version 4.1.6
A3: Date Completed | B3: 46282 | C3: ='START HERE'!$C$3 -> 0
A4: Instructions for Solution Providers
A5: =HLOOKUP($A$4,'Auto Responses'!$D$2:$D$8,2,0)&"" -> 1. Complete the "Start Here" tab and review the "Required Questions" guidance to find the other sections are required for your product or service.
A6: =HLOOKUP($A$4,'Auto Responses'!$D$2:$D$8,3,0)&"" -> 2. Complete the "Organization" tab and the applicable questions in each of the next 5 tabs (Product through Privacy) that apply, based on your answers to the "Required Questions."
A7: =HLOOKUP($A$4,'Auto Responses'!$D$2:$D$8,4,0)&"" -> 3. Guidance in column E may change based on your answers to prompt details in "Additional Information." If leaving an answer blank, you must also state why in "Additional Information".
A8: =HLOOKUP($A$4,'Auto Responses'!$D$2:$D$8,5,0)&"" -> 4. DO NOT complete any fields in the "Evaluation" sheets or the "Analyst Notes" column.
A9: =HLOOKUP($A$4,'Auto Responses'!$D$2:$D$8,6,0)&"" -> 5. Return the completed file to institutions.
A10: =HLOOKUP($A$4,'Auto Responses'!$D$2:$D$8,7,0)&"" -> * Denotes critical questions. Critical questions are those deemed most important to institutions by higher education volunteers.
A11: =HLOOKUP($A$4,'Auto Responses'!$D$2:$D$9,8,0)&"" -> For full instructions, please visit educause.edu/HECVAT
A12: =VLOOKUP(LEFT($A13,4),'Auto Responses'!$N$4:$O$38,2,0)&"" -> General Information | C12: Answer
A13: GNRL-01 | B13: =VLOOKUP($A13,Questions!$A$2:$X$333,2,0)&"" -> Solution Provider Name | C13: =VLOOKUP($A13,'START HERE'!$A$13:$C$21,3,0)&"" -> SmartPLS GmbH
A14: GNRL-02 | B14: =VLOOKUP($A14,Questions!$A$2:$X$333,2,0)&"" -> Solution Name | C14: =VLOOKUP($A14,'START HERE'!$A$13:$C$21,3,0)&"" -> SmartPLS 4.1.1.9 (SmartPLS Desktop)
A15: GNRL-03 | B15: =VLOOKUP($A15,Questions!$A$2:$X$333,2,0)&"" -> Solution Description | C15: =VLOOKUP($A15,'START HERE'!$A$13:$C$21,3,0)&"" -> SmartPLS is a desktop software application for Partial Least Squares Structural Equation Modeling (PLS-SEM) and related multivariate statistical methods. It is used primarily by academic researchers, and increasingly by business analysts, to develop and test theoretical models using survey and other quantitative data.
A16: GNRL-08 | B16: =VLOOKUP($A16,Questions!$A$2:$X$333,2,0)&"" -> Country of Company Headquarters | C16: =VLOOKUP($A16,'START HERE'!$A$13:$C$21,3,0)&"" -> Germany
A17: GNRL-09 | B17: =VLOOKUP($A17,Questions!$A$2:$X$333,2,0)&"" -> Employee Work Locations (all) | C17: =VLOOKUP($A17,'START HERE'!$A$13:$C$21,3,0)&"" -> Germany, Norway
A18: =VLOOKUP(LEFT($A19,4),'Auto Responses'!$N$4:$O$38,2,0)&"" -> Required Questions | C18: Answer | D18: Additional Information | E18: Guidance | F18: Analyst Notes
A19: REQU-04 | B19: =VLOOKUP($A19,Questions!$A$2:$X$333,2,0) -> Does your solution have AI features, or are there plans to implement AI features in the next 12 months? | C19: =VLOOKUP($A19,'START HERE'!$A$23:$F$36,3,0)&"" -> No | D19: =VLOOKUP($A19,'START HERE'!$A$23:$F$36,4,0)&"" -> SmartPLS Desktop has no AI or machine-learning features, and none are planned in the next 12 months. | E19: =IF($C19='Auto Responses'!$J$3,VLOOKUP($A19,Questions!$A$2:$X$333,17,0)&"",IF($C19='Auto Responses'!$J$4,VLOOKUP($A19,Questions!$A$2:$X$333,16,0)&"",VLOOKUP($A19,Questions!$A$2:$X$333,15,0)&"")) -> DO NOT complete the Artificial Intelligence (AI) worksheet | F19: =VLOOKUP($A19,'START HERE'!$A$23:$F$36,6,0)&""
A20: REQU-05 | B20: =VLOOKUP($A20,Questions!$A$2:$X$333,2,0) -> Does your solution process protected health information (PHI) or any data covered by the Health Insurance Portability and Accountability Act (HIPAA)? | C20: =VLOOKUP($A20,'START HERE'!$A$23:$F$36,3,0)&"" -> No | D20: =VLOOKUP($A20,'START HERE'!$A$23:$F$36,4,0)&"" -> SmartPLS does not process protected health information or other HIPAA-covered data. | E20: =IF($C20='Auto Responses'!$J$3,VLOOKUP($A20,Questions!$A$2:$X$333,17,0)&"",IF($C20='Auto Responses'!$J$4,VLOOKUP($A20,Questions!$A$2:$X$333,16,0)&"",VLOOKUP($A20,Questions!$A$2:$X$333,15,0)&"")) -> DO NOT complete the HIPAA section in the Case-Specific worksheet | F20: =VLOOKUP($A20,'START HERE'!$A$23:$F$36,6,0)&""
A21: REQU-06 | B21: =VLOOKUP($A21,Questions!$A$2:$X$333,2,0) -> Is the solution designed to process, store, or transmit credit card information? | C21: =VLOOKUP($A21,'START HERE'!$A$23:$F$36,3,0)&"" -> No | D21: =VLOOKUP($A21,'START HERE'!$A$23:$F$36,4,0)&"" -> License purchases are processed by our payment service provider, Adyen; SmartPLS does not itself store, process, or transmit cardholder data. | E21: =IF($C21='Auto Responses'!$J$3,VLOOKUP($A21,Questions!$A$2:$X$333,17,0)&"",IF($C21='Auto Responses'!$J$4,VLOOKUP($A21,Questions!$A$2:$X$333,16,0)&"",VLOOKUP($A21,Questions!$A$2:$X$333,15,0)&"")) -> DO NOT complete the PCI-DSS section in the Case-Specific worksheet | F21: =VLOOKUP($A21,'START HERE'!$A$23:$F$36,6,0)&""
A22: REQU-08 | B22: =VLOOKUP($A22,Questions!$A$2:$X$333,2,0) -> Does your solution have access to personal or institutional data? | C22: =VLOOKUP($A22,'START HERE'!$A$23:$F$36,3,0)&"" -> Yes | D22: =VLOOKUP($A22,'START HERE'!$A$23:$F$36,4,0)&"" -> SmartPLS has access to limited personal data used for license administration (name, email, institution) and optional anonymized usage/crash telemetry. It does not have access to institutional research data, which remains on the customer’s own device at all times. | E22: =IF($C22='Auto Responses'!$J$3,VLOOKUP($A22,Questions!$A$2:$X$333,17,0)&"",IF($C22='Auto Responses'!$J$4,VLOOKUP($A22,Questions!$A$2:$X$333,16,0)&"",VLOOKUP($A22,Questions!$A$2:$X$333,15,0)&"")) -> DO complete the Privacy tab | F22: =VLOOKUP($A22,'START HERE'!$A$23:$F$36,6,0)&"" | G22: End Table Data
A23: =VLOOKUP(LEFT($A24,4),'Auto Responses'!$N$4:$O$38,2,0)&"" -> General Privacy | C23: Answer | D23: Additional Information | E23: Guidance | F23: Analyst Notes
A24: PRGN-01 | B24: =VLOOKUP($A24,Questions!$A$2:$X$333,2,0) -> Does your solution process FERPA-related data? | C24: No | D24: SmartPLS does not process FERPA-covered US education records; any research/institutional data a customer analyzes stays entirely on their own device. | E24: =IF($C24='Auto Responses'!$J$3,VLOOKUP($A24,Questions!$A$2:$X$333,17,0)&"",IF($C24='Auto Responses'!$J$4,VLOOKUP($A24,Questions!$A$2:$X$333,16,0)&"",VLOOKUP($A24,Questions!$A$2:$X$333,15,0)&"")) -> FERPA-related data includes any data maintained by (or on behalf of) the institution that is directly related to an identifiable student. | F24: =VLOOKUP($A24,'Privacy Analyst Evaluation'!$A$46:$F$120,6,0)&""
A25: PRGN-02 | B25: =VLOOKUP($A25,Questions!$A$2:$X$333,2,0) -> Does your solution process GDPR-related or PIPL-related data? | C25: Yes | D25: As an EU-based company, SmartPLS GmbH is subject to and processes data under the GDPR (e.g., license-holder contact information). | E25: =IF($C25='Auto Responses'!$J$3,VLOOKUP($A25,Questions!$A$2:$X$333,17,0)&"",IF($C25='Auto Responses'!$J$4,VLOOKUP($A25,Questions!$A$2:$X$333,16,0)&"",VLOOKUP($A25,Questions!$A$2:$X$333,15,0)&"")) -> Provide documentation of any processes or policies that address compliance with GDPR and/or PIPL as appropriate. | F25: =VLOOKUP($A25,'Privacy Analyst Evaluation'!$A$46:$F$120,6,0)&""
A26: PRGN-03 | B26: =VLOOKUP($A26,Questions!$A$2:$X$333,2,0) -> Does your solution process personal data regulated by state law(s) (e.g., CCPA)? | C26: No | E26: =IF($C26='Auto Responses'!$J$3,VLOOKUP($A26,Questions!$A$2:$X$333,17,0)&"",IF($C26='Auto Responses'!$J$4,VLOOKUP($A26,Questions!$A$2:$X$333,16,0)&"",VLOOKUP($A26,Questions!$A$2:$X$333,15,0)&"")) | F26: =VLOOKUP($A26,'Privacy Analyst Evaluation'!$A$46:$F$120,6,0)&""
A27: PRGN-04 | B27: =VLOOKUP($A27,Questions!$A$2:$X$333,2,0) -> Does your solution process user-provided data that may contain regulated information? | C27: No | D27: SmartPLS only collects basic license-administration contact details (name, email, institution); it does not otherwise receive user-provided data containing regulated categories of information. | E27: =IF($C27='Auto Responses'!$J$3,VLOOKUP($A27,Questions!$A$2:$X$333,17,0)&"",IF($C27='Auto Responses'!$J$4,VLOOKUP($A27,Questions!$A$2:$X$333,16,0)&"",VLOOKUP($A27,Questions!$A$2:$X$333,15,0)&"")) | F27: =VLOOKUP($A27,'Privacy Analyst Evaluation'!$A$46:$F$120,6,0)&""
A28: PRGN-05 | B28: =VLOOKUP($A28,Questions!$A$2:$X$333,2,0) -> Web Link to Product/Service Privacy Notice | C28: https://smartpls.com/privacy | E28: =IF($C28='Auto Responses'!$J$3,VLOOKUP($A28,Questions!$A$2:$X$333,17,0)&"",IF($C28='Auto Responses'!$J$4,VLOOKUP($A28,Questions!$A$2:$X$333,16,0)&"",VLOOKUP($A28,Questions!$A$2:$X$333,15,0)&"")) -> If multiple notices are implicated, provide all that apply. If any other documents are incorporated by reference, provide them as well. | F28: =VLOOKUP($A28,'Privacy Analyst Evaluation'!$A$46:$F$120,6,0)&"" | G28: End Table Data
A29: =VLOOKUP(LEFT($A30,4),'Auto Responses'!$N$4:$O$38,2,0)&"" -> Privacy-Specific Company Details | C29: Answer | D29: Additional Information | E29: Guidance | F29: Analyst Notes
A30: PCOM-01 | B30: =VLOOKUP($A30,Questions!$A$2:$X$333,2,0) -> Have you had a personal data breach in the past three years that involved reporting to a governmental agency, notice to individuals (including voluntary notice), or notice to another organization or institution?* | C30: No | E30: =IF($C30='Auto Responses'!$J$3,VLOOKUP($A30,Questions!$A$2:$X$333,17,0)&"",IF($C30='Auto Responses'!$J$4,VLOOKUP($A30,Questions!$A$2:$X$333,16,0)&"",VLOOKUP($A30,Questions!$A$2:$X$333,15,0)&"")) | F30: =VLOOKUP($A30,'Privacy Analyst Evaluation'!$A$46:$F$120,6,0)&""
A31: PCOM-02 | B31: =VLOOKUP($A31,Questions!$A$2:$X$333,2,0) -> Use this area to share information about your privacy practices that will assist those who are assessing your company data privacy program.* | C31: SmartPLS GmbH collects the minimum personal data necessary to administer software licenses (name, email address, institution) and, optionally, anonymized usage/crash telemetry. No institutional research data is ever transmitted to or processed by SmartPLS, since SmartPLS Desktop runs entirely on the customer’s own device. All license and telemetry data is held on EU-based servers, and payment data is handled exclusively by our PCI DSS-compliant payment provider, Adyen. | E31: =IF($C31='Auto Responses'!$J$3,VLOOKUP($A31,Questions!$A$2:$X$333,17,0)&"",IF($C31='Auto Responses'!$J$4,VLOOKUP($A31,Questions!$A$2:$X$333,16,0)&"",VLOOKUP($A31,Questions!$A$2:$X$333,15,0)&"")) -> Share any additional details that would help data privacy analysts assess your solution. | F31: =VLOOKUP($A31,'Privacy Analyst Evaluation'!$A$46:$F$120,6,0)&""
A32: PCOM-03 | B32: =VLOOKUP($A32,Questions!$A$2:$X$333,2,0) -> Have you had any violations of your internal privacy policies or violations of applicable privacy law in the past 36 months? | C32: No | D32: No violations of internal privacy policies or applicable privacy law in the past 36 months. | E32: =IF($C32='Auto Responses'!$J$3,VLOOKUP($A32,Questions!$A$2:$X$333,17,0)&"",IF($C32='Auto Responses'!$J$4,VLOOKUP($A32,Questions!$A$2:$X$333,16,0)&"",VLOOKUP($A32,Questions!$A$2:$X$333,15,0)&"")) | F32: =VLOOKUP($A32,'Privacy Analyst Evaluation'!$A$46:$F$120,6,0)&""
A33: PCOM-04 | B33: =VLOOKUP($A33,Questions!$A$2:$X$333,2,0) -> Do you have a dedicated data privacy staff or office? | C33: No | E33: =IF($C33='Auto Responses'!$J$3,VLOOKUP($A33,Questions!$A$2:$X$333,17,0)&"",IF($C33='Auto Responses'!$J$4,VLOOKUP($A33,Questions!$A$2:$X$333,16,0)&"",VLOOKUP($A33,Questions!$A$2:$X$333,15,0)&"")) -> Describe who is responsible for data privacy, including department, size, talents, resources, etc. | F33: =VLOOKUP($A33,'Privacy Analyst Evaluation'!$A$46:$F$120,6,0)&"" | G33: End Table Data
A34: =VLOOKUP(LEFT($A35,4),'Auto Responses'!$N$4:$O$38,2,0)&"" -> Privacy-Specific Documentation | C34: Answer | D34: Additional Information | E34: Guidance | F34: Analyst Notes
A35: PDOC-01 | B35: =VLOOKUP($A35,Questions!$A$2:$X$333,2,0) -> If you have completed a SOC 2 audit, does it include the Privacy Trust Service Principle? | C35: N/A | D35: SmartPLS GmbH has not completed a SOC 2 audit (see DOCU-03). | E35: =IF($C35='Auto Responses'!$J$3,VLOOKUP($A35,Questions!$A$2:$X$333,17,0)&"",IF($C35='Auto Responses'!$J$4,VLOOKUP($A35,Questions!$A$2:$X$333,16,0)&"",IF($C35='Auto Responses'!$J$5,VLOOKUP($A35,Questions!$A$2:$X$333,18,0)&"",VLOOKUP($A35,Questions!$A$2:$X$333,15,0)&""))) -> Please explain why this does not apply to your organization, product or service. | F35: =VLOOKUP($A35,'Privacy Analyst Evaluation'!$A$46:$F$120,6,0)&""
A36: PDOC-02 | B36: =VLOOKUP($A36,Questions!$A$2:$X$333,2,0) -> Do you conform with a specific industry-standard privacy framework (e.g., NIST Privacy Framework, GDPR, ISO 27701)? | C36: Yes | D36: SmartPLS GmbH operates in conformance with the EU General Data Protection Regulation (GDPR) as its governing privacy framework. | E36: =IF($C36='Auto Responses'!$J$3,VLOOKUP($A36,Questions!$A$2:$X$333,17,0)&"",IF($C36='Auto Responses'!$J$4,VLOOKUP($A36,Questions!$A$2:$X$333,16,0)&"",IF($C36='Auto Responses'!$J$5,VLOOKUP($A36,Questions!$A$2:$X$333,18,0)&"",VLOOKUP($A36,Questions!$A$2:$X$333,15,0)&""))) -> Indicate which framework(s) are followed; provide documentation on how your organization conforms to your chosen framework(s) and indicate current certification levels, where appropriate. | F36: =VLOOKUP($A36,'Privacy Analyst Evaluation'!$A$46:$F$120,6,0)&""
A37: PDOC-03 | B37: =VLOOKUP($A37,Questions!$A$2:$X$333,2,0) -> Does your employee onboarding and offboarding policy include training of employees on information security and data privacy? | C37: No | E37: =IF($C37='Auto Responses'!$J$3,VLOOKUP($A37,Questions!$A$2:$X$333,17,0)&"",IF($C37='Auto Responses'!$J$4,VLOOKUP($A37,Questions!$A$2:$X$333,16,0)&"",IF($C37='Auto Responses'!$J$5,VLOOKUP($A37,Questions!$A$2:$X$333,18,0)&"",VLOOKUP($A37,Questions!$A$2:$X$333,15,0)&""))) -> Please provide any plans to develop and implement appropriate employee training as part of onboarding and offboarding. If no plans currently exist, please provide information on any compensating measures your organization takes to address this issue. | F37: =VLOOKUP($A37,'Privacy Analyst Evaluation'!$A$46:$F$120,6,0)&"" | G37: End Table Data
A38: =VLOOKUP(LEFT($A39,4),'Auto Responses'!$N$4:$O$38,2,0)&"" -> Privacy of Third Parties | C38: Answer | D38: Additional Information | E38: Guidance | F38: Analyst Notes
A39: PTHP-01 | B39: =VLOOKUP($A39,Questions!$A$2:$X$333,2,0) -> Do you have contractual agreements with third parties that require them to maintain standards and to comply with all regulatory requirements?* | C39: Yes | D39: Standard data processing agreements are in place with processors handling any personal data on our behalf (e.g., hosting and payment providers), requiring them to comply with applicable regulatory requirements. | E39: =IF($C39='Auto Responses'!$J$3,VLOOKUP($A39,Questions!$A$2:$X$333,17,0)&"",IF($C39='Auto Responses'!$J$4,VLOOKUP($A39,Questions!$A$2:$X$333,16,0)&"",IF($C39='Auto Responses'!$J$5,VLOOKUP($A39,Questions!$A$2:$X$333,18,0)&"",VLOOKUP($A39,Questions!$A$2:$X$333,15,0)&""))) -> Provide a summary of the contractual language used and your processes for ensuring appropriate language is regularly reviewed and is included in both new and renewed agreements. | F39: =VLOOKUP($A39,'Privacy Analyst Evaluation'!$A$46:$F$120,6,0)&""
